 Dungeon Crawl Stone Soup version 0.31-a0-1057-g70f3316 (webtiles) character file.

Game seed: 4012180742066967759

5129388 Wizard1ke the Purifying Ogre (level 27, 1634/1634 HPs)
             Began as an Ogre Earth Elementalist on Oct 29, 2023.
             Was a High Priest of Elyvilon.
             Escaped with the Orb
             ... and 12 runes on Nov 19, 2023!
             The game lasted 15:01:31 (291413 turns).

Wizard1ke the Purifying Ogre (OgEE)               Turns: 291413, Time: 15:01:32

Health: 1634/1634  AC: 49    Str: 18    XL:     27
Magic:  94/94      EV: 22    Int: 47    God:    Elyvilon [*****.]
Gold:   27874      SH: 38    Dex: 13    Spells: 0/80 levels left

rFire   + . .        w - +3 Elemental Staff {ele, rElec rF+ rC+ AC+3}
rCold   + . .        Y - +8 tower shield {AC+3}
rNeg    + . .        B - melded +13 gold dragon scales of Impermeability {rPois rF+ rC+ Str+4 Int+2 Dex-5}
rPois   ∞            y - +2 hat of the Bear Spirit {Spirit, Bear, *Rage Will++}
rElec   +            A - +1 cloak of Modern Wonder {Harm +Inv rElec}
rCorr   +            (gloves unavailable)
SInv    .            (boots unavailable)
Will    ++++.        b - dreamshard necklace {Acrobat *Dream} Stlth
                     j - ring of Diav {rPois Int+7 Dex+3}
HPRegen 2.92/turn    E - ring of Cytz {rCorr MP+9 Int+6 Dex+3}
MPRegen 0.54/turn

%: random rage (20%), harm (+30% outgoing, +20% incoming), acrobat, guardian
spirit
@: berserking, divinely vigorous, statue-form, hasted, studying 2 skills
A: slow and powerful, torment resistance 1, boosted hp, large, unfitting armour,
(tough skin 1), horns 2, large bone plates 2, clever 2, robust 3, (shaggy fur 1)
0: Orb of Zot
}: 12/15 runes: decaying, slimy, silver, iron, obsidian, abyssal, demonic,
glowing, magical, fiery, dark, gossamer
a: Begin Untransformation, Renounce Religion, Evoke Invisibility, Purification,
Heal Other, Heal Self, Divine Vigour


You escaped.
You worshipped Elyvilon.
Elyvilon was extremely pleased with you.
You were a living statue of rough stone.
You visited 16 branches of the dungeon, and saw 71 of its levels.
You visited Pandemonium 4 times, and saw 113 of its levels.
You visited the Abyss 8 times.
You completed 7 ziggurats, and saw 189 of their levels.
You also visited: Gauntlet and Wizlab.

You collected 192214 gold pieces.
You spent 5311 gold pieces at shops.
You donated 25821 gold pieces to Zin.
You paid 133208 gold pieces to Gozag.

Inventory:

Hand Weapons
 w - the +3 Elemental Staff (weapon) {ele, rElec rF+ rC+ AC+3}
   (You found it on level 10 of a ziggurat)

   AC+3:      It affects your AC (+3).
   rF+:       It protects you from fire.
   rC+:       It protects you from cold.
   rElec:     It insulates you from electricity.
 V - the +8 demon trident "Rift" {distort, reach+}
   (You found it on level 24 of a ziggurat)

   Elyvilon disapproves of the use of such an item.
Missiles
 v - 9 throwing nets
 R - 15 silver javelins
Armour
 h - the -2 hat of the Alchemist {rElec rPois rF+ rC+ rN+ Will+ rMut rCorr}
   (You found it on level 14 of a ziggurat)

   rF+:       It protects you from fire.
   rC+:       It protects you from cold.
   rElec:     It insulates you from electricity.
   rPois:     It protects you from poison rN+: It protects you from negative
   energy.
   Will+:     It increases your willpower.
   rCorr:     It protects you from acid and corrosion.
   rMut:      It protects you from mutation.
 y - the +2 hat of the Bear Spirit (worn) {Spirit, Bear, *Rage Will++}
   (You found it on level 14 of a ziggurat)

   Bear:      Going berserk makes the wearer exceptionally tough, and they are
   slowed for a shorter time afterward.
   Will++:    It greatly increases your willpower.
   *Rage:     It berserks you when you make melee attacks (+20% chance).
 A - the +1 cloak of Modern Wonder (worn) {Harm +Inv rElec}
   (You found it in a wizard's laboratory)

   rElec:     It insulates you from electricity.
   +Inv:      It lets you turn invisible.
   Harm:      It increases damage dealt and taken.
 B - the +13 gold dragon scales of Impermeability (melded) {rPois rF+ rC+ Str+4 Int+2 Dex-5}
   (You acquired it on level 18 of a ziggurat)

   Str+4:     It affects your strength (+4).
   Int+2:     It affects your intelligence (+2).
   Dex-5:     It affects your dexterity (-5).
   rF+:       It protects you from fire.
   rC+:       It protects you from cold.
   rPois:     It protects you from poison
 Y - a +8 tower shield of protection (worn)
Jewellery
 b - the dreamshard necklace (around neck) {Acrobat *Dream}
   (You found it on level 16 of a ziggurat)

   [amulet of the acrobat]

   *Dream:    It absorbs a single lethal wound into itself, holding its wearer
   just short of death and releasing dream-creatures to guard them.
   Acrobat:   It increases your evasion while moving and waiting.
 j - the ring of Diav (left fist) {rPois Int+7 Dex+3}
   (You found it on level 21 of a ziggurat)

   [ring of poison resistance]

   Int+7:     It affects your intelligence (+7).
   Dex+3:     It affects your dexterity (+3).
   rPois:     It protects you from poison
 o - the ring of Ettut {rC+ Will+ rCorr Str+5}
   (You found it in Pandemonium)

   [ring of willpower]

   Str+5:     It affects your strength (+5).
   rC+:       It protects you from cold.
   Will+:     It increases your willpower.
   rCorr:     It protects you from acid and corrosion.
 E - the ring of Cytz (right fist) {rCorr MP+9 Int+6 Dex+3}
   (You found it on level 27 of a ziggurat)

   [ring of magical power]

   Int+6:     It affects your intelligence (+6).
   Dex+3:     It affects your dexterity (+3).
   MP+9:      It affects your magic capacity (+9).
   rCorr:     It protects you from acid and corrosion.
 U - the ring of the Middle {Will+ rCorr MP+9}
   (You found it on level 5 of the Pits of Slime)

   [ring of resist corrosion]

   Will+:     It increases your willpower.
   MP+9:      It affects your magic capacity (+9).
   rCorr:     It protects you from acid and corrosion.
Talismans
 c - a talisman of death
 k - a granite talisman (active)
Wands
 d - a wand of mindburst (439)
 t - a wand of roots (547)
 F - a wand of digging (201)
 S - a wand of light (335)
Scrolls
 l - 26 scrolls of fear
 n - 176 scrolls of teleportation
 p - 42 scrolls of vulnerability
 q - 13 scrolls of enchant armour
 z - 25 scrolls of poison
 C - a scroll of torment
 D - 67 scrolls of blinking
 I - 54 scrolls of immolation
 K - 3 scrolls of summoning
 Q - 69 scrolls of revelation
 T - 101 scrolls of fog
Potions
 a - 34 potions of heal wounds
 e - 63 potions of curing
 g - 11 potions of attraction
 i - 9 potions of brilliance
 m - 17 potions of magic
 s - 73 potions of haste
 u - 27 potions of cancellation
 x - 7 potions of enlightenment
 G - 5 potions of might
 H - 6 potions of berserk rage {!q}
 J - 13 potions of resistance
 M - 115 potions of mutation
 N - 18 potions of lignification
 W - 9 potions of invisibility
 Z - 12 potions of ambrosia
Miscellaneous
 f - a lightning rod (4/4)
 r - a phial of floods
 L - a +7 figurine of a ziggurat
 O - a tin of tremorstones (2/2)
 P - a phantom mirror


   Skills:
 O Level 27 Fighting
 O Level 27 Short Blades
 O Level 27 Long Blades
 O Level 27 Axes
 O Level 27 Maces & Flails
 O Level 27 Polearms
 O Level 27 Staves
 O Level 27 Ranged Weapons
 O Level 27 Throwing
 O Level 27 Armour
 O Level 27 Dodging
 O Level 27 Stealth
 O Level 27 Shields
 O Level 27 Unarmed Combat
 O Level 27 Spellcasting
 O Level 27 Conjurations
 O Level 27 Hexes
 O Level 27 Summonings
 O Level 27 Necromancy
 O Level 27 Translocations
 O Level 27 Transmutations
 O Level 27 Fire Magic
 O Level 27 Ice Magic
 O Level 27 Air Magic
 O Level 27 Earth Magic
 O Level 27 Poison Magic
 O Level 27 Invocations
 O Level 27 Evocations
 O Level 27 Shapeshifting


You couldn't memorise any spells.
You knew the following spells:

 Your Spells              Type           Power      Damage    Failure   Level
a - Death's Door          Necr           71%        N/A       1%          9
b - Passwall              Tmut/Erth      100%       N/A       0%          2
d - Brom's Barrelling Bo  Conj/Erth      100%       2d11      0%          4
e - Petrify               Tmut/Erth      100%       N/A       0%          4
f - Flame Wave            Conj/Fire      100%       2d21      0%          4
g - Orb of Destruction    Conj           71%        9d16      0%          7
h - Apportation           Tloc           100%       N/A       0%          1
i - Bombard               Conj/Erth      84%        9d13      0%          6
j - Shatter               Erth           84%        3d61*     1%          9
k - Ignition              Fire           84%        3d22      1%          8
l - Vhi's Electric Charg  Tloc/Air       100%       N/A       0%          4
m - Chain Lightning       Conj/Air       84%        3d112     1%          9
n - Blink                 Tloc           100%       N/A       0%          2
o - Fire Storm            Conj/Fire      84%        8d21      1%          9
p - Sublimation of Blood  Necr           100%       N/A       0%          2

Your spell library contained the following spells:

 Spells                   Type           Power      Damage    Failure   Level
 Foxfire                  Conj/Fire      100%       2x1d9     0%          1
 Freeze                   Ice            100%       1d10      0%          1
 Kiss of Death            Conj/Necr      100%       2d13      0%          1
 Magic Dart               Conj           100%       1d8       0%          1
 Necrotise                Necr           100%       1d9       0%          1
 Sandblast                Erth           100%       2d20      0%          1
 Shock                    Conj/Air       100%       1d9       0%          1
 Slow                     Hex            100%       N/A       0%          1
 Sting                    Tmut/Pois      100%       1d8       0%          1
 Summon Small Mammal      Summ           100%       N/A       0%          1
 Call Imp                 Summ           100%       N/A       0%          2
 Cigotuvi's Dreadful Rot  Necr/Pois/Air  100%       N/A       0%          2
 Ensorcelled Hibernation  Hex/Ice        100%       N/A       0%          2
 Jinxbite                 Hex            100%       N/A       0%          2
 Lesser Beckoning         Tloc           100%       N/A       0%          2
 Momentum Strike          Conj/Tloc      100%       3d10      0%          2
 Poisonous Vapours        Pois/Air       100%       N/A       0%          2
 Scorch                   Fire           100%       2d9       0%          2
 Searing Ray              Conj           100%       2d8       0%          2
 Static Discharge         Conj/Air       100%       3-8/arc   0%          2
 Wereblood                Tmut           100%       N/A       0%          2
 Call Canine Familiar     Summ           100%       N/A       0%          3
 Confusing Touch          Hex            100%       N/A       0%          3
 Dazzling Flash           Conj/Hex       100%       N/A       0%          3
 Frozen Ramparts          Ice            100%       1d16      0%          3
 Gell's Gravitas          Tloc           100%       N/A       0%          3
 Hailstorm                Conj/Ice       100%       3d20      0%          3
 Ignite Poison            Fire/Tmut/Pois 100%       N/A       0%          3
 Inner Flame              Hex/Fire       100%       N/A       0%          3
 Mephitic Cloud           Conj/Pois/Air  100%       N/A       0%          3
 Ozocubu's Armour         Ice            100%       N/A       0%          3
 Sigil of Binding         Hex            100%       N/A       0%          3
 Stone Arrow              Conj/Erth      100%       3d13      0%          3
 Summon Guardian Golem    Hex/Summ       100%       N/A       0%          3
 Swiftness                Air            100%       N/A       0%          3
 Teleport Other           Tloc           100%       N/A       0%          3
 Tukima's Dance           Hex            100%       N/A       0%          3
 Vampiric Draining        Necr           100%       2d13      0%          3
 Volatile Blastmotes      Fire/Tloc      100%       2d18      0%          3
 Airstrike                Air            84%        2d(13-29) 0%          4
 Anguish                  Hex/Necr       71%        N/A       0%          4
 Animate Armour           Summ/Erth      100%       N/A       0%          4
 Animate Dead             Necr           100%       N/A       0%          4
 Cause Fear               Hex            71%        N/A       0%          4
 Dimensional Bullseye     Hex/Tloc       71%        N/A       0%          4
 Dispel Undead            Necr           100%       3d31      0%          4
 Fulminant Prism          Conj/Hex       71%        3d30      0%          4
 Iskenderun's Mystic Bla  Conj/Tloc      100%       2d19      0%          4
 Leda's Liquefaction      Hex/Erth       84%        N/A       0%          4
 Manifold Assault         Tloc           100%       N/A       0%          4
 Olgreb's Toxic Radiance  Pois           100%       N/A       0%          4
 Passage of Golubria      Tloc           100%       N/A       0%          4
 Sticky Flame             Conj/Fire      100%       2d11      0%          4
 Summon Ice Beast         Ice/Summ       100%       N/A       0%          4
 Summon Lightning Spire   Summ/Air       100%       N/A       0%          4
 Agony                    Necr           100%       N/A       0%          5
 Alistair's Intoxication  Tmut/Pois      95%        N/A       0%          5
 Arcjolt                  Conj/Air       84%        1d94      0%          5
 Borgnjor's Vile Clutch   Necr/Erth      84%        N/A       0%          5
 Fireball                 Conj/Fire      84%        3d31      0%          5
 Freezing Cloud           Conj/Ice/Air   98%        6-21      0%          5
 Irradiate                Conj/Tmut      71%        3d35      0%          5
 Iskenderun's Battlesphe  Conj           100%       2d15      0%          5
 Lee's Rapid Deconstruct  Erth           84%        3d37*     0%          5
 Metabolic Englaciation   Hex/Ice        84%        N/A       0%          5
 Silence                  Hex/Air        84%        N/A       0%          5
 Summon Forest            Summ/Tloc      71%        N/A       0%          5
 Summon Mana Viper        Hex/Summ       100%       N/A       0%          5
 Yara's Violent Unravell  Hex/Tmut       71%        3d26      0%          5
 Conjure Ball Lightning   Conj/Air       84%        3x3d32    0%          6
 Death Channel            Necr           71%        N/A       0%          6
 Dispersal                Tloc           71%        N/A       0%          6
 Eringya's Noxious Bog    Tmut/Pois      71%        4d6       0%          6
 Plasma Beam              Fire/Air       98%        2x1d117   0%          6
 Simulacrum               Ice/Necr       84%        N/A       0%          6
 Starburst                Conj/Fire      84%        6d21      0%          6
 Summon Cactus Giant      Summ           71%        N/A       0%          6
 Enfeeble                 Hex            71%        N/A       0%          7
 Haunt                    Necr/Summ      71%        N/A       0%          7
 Malign Gateway           Summ/Tloc      71%        N/A       0%          7
 Monstrous Menagerie      Summ           71%        N/A       0%          7
 Ozocubu's Refrigeration  Ice            84%        4d26      0%          7
 Spellforged Servitor     Conj/Summ      71%        N/A       0%          7
 Summon Hydra             Summ           71%        N/A       0%          7
 Borgnjor's Revivificati  Necr           71%        N/A       1%          8
 Discord                  Hex            71%        N/A       1%          8
 Disjunction              Tloc           71%        N/A       1%          8
 Infestation              Necr           71%        N/A       1%          8
 Lehudib's Crystal Spear  Conj/Erth      84%        10d19     1%          8
 Maxwell's Capacitive Co  Air            84%        ∞         1%          8
 Summon Horrible Things   Summ           71%        N/A       1%          8
 Dragon's Call            Summ           71%        N/A       1%          9
 Polar Vortex             Ice            84%        12d11*    1%          9


Dungeon Overview and Level Annotations

Branches:
Dungeon (15/15)            Temple (1/1) D:6            Lair (5/5) D:10
  Swamp (4/4) Lair:2       Spider (4/4) Lair:2        Slime (5/5) Lair:4
    Orc (2/2) D:11            Elf (3/3) Orc:2        Vaults (5/5) D:13
  Crypt (3/3) Vaults:2       Tomb (0/3) Crypt:3      Depths (4/4) D:15
   Hell (visited)             Dis (7/7) Hell            Geh (7/7) Hell
    Coc (2/7) Hell            Tar (0/7) Hell            Zot (5/5) Depths:4
 WizLab (visited)         Gauntlet (visited)

Altars:
Ashenzari
Cheibriados
Dithmenos
Elyvilon
Fedhas
Gozag
Hepliaklqana
Kikubaaqudgha
Makhleb
Nemelex Xobeh
Okawaru
Qazlal
Ru
Sif Muna
Trog
Uskayaw
Vehumet
Wu Jian
Xom
Yredelemnul
Zin
The Shining One
Jiyva

Shops:
D:14 (   Orc:2 [?   Elf:1 =[[((   Elf:3 (   Vaults:1 [   Vaults:2 !
Vaults:3 !*   Vaults:4 *   Depths:2 ?(   Depths:3 :==

Portals:
Hell: Depths:1 Depths:2 Depths:3 Depths:4
Abyss: Depths:3
Pandemonium: Depths:2 Depths:3 Depths:4

Annotations:
Lair:2 3 runed translucent doors, exclusion: 3 doors, Paihy's ghost, journeyman NaCj
Slime:5 Royal Jelly
Elf:2 3 runed translucent doors, exclusion: 3 doors
Vaults:5 !vaults warning!vaults warning
Crypt:1 2 transporters
Depths:1 exclusions: Tzitzimitl and 4 more exclusions


Innate Abilities, Weirdness & Mutations

You are a living statue of rough stone.
Your actions are slow, but your melee attacks are powerful.
You are resistant to unholy torment.
Your maximum health is greatly increased.
Your equipment is partially melded.
You are too large for most types of armour.
You are immune to poison.
((You have tough skin. (AC +1)))
You have a pair of horns on your head.
You are mostly covered in large bone plates. (SH +6)
Your mind is very acute. (Int +8, Str/Dex -2)
You are extremely robust. (+30% HP)
((You are covered in fur. (AC +1)))


Message History

The bolt of lightning hits the sun demon!!
The sun demon resists.
The sun demon is heavily wounded.
You start resting.
A sun demon comes into view.
You feel a surge of power! Lightning arcs from your hands!
The bolt of lightning hits the sun demon!!!
The sun demon resists.
You kill the sun demon!
You feel a surge of power! Lightning arcs from your hands!
The bolt of lightning hits the sun demon!!!
The sun demon resists.
You kill the sun demon!
The bolt of lightning hits you. You resist. Magic courses through your body.
Magic courses through your body.
You feel yourself speed up.
You start removing your armour.
You continue taking off the -2 hat of the Alchemist {rElec rPois rF+ rC+ rN+ Will+ rMut rCorr}. x4
HP restored.
You finish taking off the -2 hat of the Alchemist {rElec rPois rF+ rC+ rN+ Will+ rMut rCorr}.
You start putting on your armour.
You continue putting on the +2 hat of the Bear Spirit {Spirit, Bear, *Rage Will++}. x5
You finish putting on the +2 hat of the Bear Spirit {Spirit, Bear, *Rage Will++}.
You feel your power drawn to a protective spirit.
You begin transforming.
You continue transforming. x3
You turn into a living statue of rough stone.
The +13 gold dragon scales of Impermeability {rPois rF+ rC+ Str+4 Int+2 Dex-5} melds into your body.
You feel much better.
You feel much better.
You feel much better.
You feel much better.
You feel much better.
You feel much better. Elyvilon grants you divine vigour.
Really quaff
H - 7 potions of berserk rage {!q}?
A red film seems to cover your vision as you go berserk!
You feel yourself moving faster!
You feel mighty!
You feel a strong urge to attack something.
You have escaped!

#))#"['#+.'#...#......# #
####.###.###.#.....###.####
#.##['#+.'#+.+#).v.........
####.####[###)###..#........##
##.##..###?'#!!'#...##........#
###...#)..####∩###=#.###.........
.............#∩}/"[#...'..)......
###...##.######.=.######.........
##.###.# ##8## ##.......# ### #.#
#### ##.....## ####.######.#
##...## #........##.# ##'##
#.##.###.##.# #.# #....# #.##.#
#.# #.#### #.##.############.##
#.# #.##...............###
#.######.######.....##.......


There were no monsters in sight!

Vanquished Creatures
  Cerebov (Pan)
  Asmodeus (Geh:7)
  Ignacio (Pan)
  The ghost of PurpleRed the Archmage, a legendary DEDe of Vehumet (Zig:24)
  Gloorx Vloq (Pan)
  The ghost of Atufasha the Petrodigitator, a legendary DDBr of Makhleb (Zig:24)
  The ghost of Atufasha the Petrodigitator, a legendary DDBr of Makhleb (Zig:24)
  The ghost of Giukefig the Petrodigitator, a legendary DDBr of Makhleb (Zig:24)
  The ghost of Giukefig the Petrodigitator, a legendary DDBr of Makhleb (Zig:24)
  the Serpent of Hell (Dis:7)
  Mnoleg (Pan)
  Lom Lobon (Pan)
  A seraph (Pan)
  Dispater (Dis:7)
  81 dread liches
  The ghost of Jinaptea the Conqueror, a legendary DDFi of Makhleb (Zig:24)
  The ghost of Hytegor the Cursed, a legendary GnEE of Ashenzari (Zig:24)
  The ghost of Hytegor the Cursed, a legendary GnEE of Ashenzari (Zig:24)
  85 ancient liches
  Mennas (Pan)
  The ghost of Anyleklu the Spawn of Chaos, a legendary HOFi of Makhleb (Zig:24)
  The ghost of Zacaty the Axe Maniac, a legendary MiFi of Gozag (Zig:24)
  The ghost of Zacaty the Axe Maniac, a legendary MiFi of Gozag (Zig:24)
  Mara (Swamp:3)
  The ghost of Obydaxko the Annihilator, a legendary DECj of Vehumet (Zig:24)
  The ghost of Obydaxko the Annihilator, a legendary DECj of Vehumet (Zig:24)
  The ghost of Obydaxko the Annihilator, a legendary DECj of Vehumet (Zig:24)
  Khufu (Crypt:2)
  65 orbs of fire
  The ghost of Boycipp the Conqueror, a legendary DsFi of Makhleb (Zig:24)
  The ghost of Boycipp the Conqueror, a legendary DsFi of Makhleb (Zig:24)
  The ghost of Woumy the Conqueror, a legendary GnFi of Makhleb (Zig:24)
  The ghost of Boycipp the Conqueror, a legendary DsFi of Makhleb (Zig:24)
  The ghost of Boycipp the Conqueror, a legendary DsFi of Makhleb (Zig:24)
  The ghost of Siupsuvve the Slayer, a veteran MiBe of Trog (Zig:24)
  The ghost of Pyfud Mepa the Armataur Blade, a legendary AtFi of Cheibriados (Zig:24)
  The ghost of Kinoajidouf the Axe Maniac, a master HOBe of Trog (Zig:24)
  The ghost of Kinoajidouf the Axe Maniac, a master HOBe of Trog (Zig:24)
  The ghost of Yxuenos the Conqueror, a legendary DsFi of Makhleb (Zig:24)
  48 juggernauts
  The ghost of Obrefem the Slayer, a legendary HaHu of Okawaru (Zig:24)
  59 royal mummies
  The ghost of Ciucila the Archmage, a veteran DEHW of Vehumet (Zig:24)
  The ghost of Ciucila the Archmage, a veteran DEHW of Vehumet (Zig:24)
  The ghost of Fiusean the Slayer, a veteran MiBe of Trog (Zig:24)
  The ghost of Fiusean the Slayer, a veteran MiBe of Trog (Zig:24)
  The ghost of Fiusean the Slayer, a veteran MiBe of Trog (Zig:24)
  74 Killer Klowns
  Frederick (Vaults:4)
  Vv (Crypt:2)
  Parghit (Depths:4)
  57 shard shrikes
  Bai Suzhen (Depths:2)
  Margery (Crypt:2)
  110 caustic shrikes
  The ghost of Waphaim the Skinwalker, a veteran DsDe of Gozag (Zig:24)
  Xtahua (Crypt:1)
  4 curse toes
  Geryon (Hell)
  A golden dragon (shapeshifter) (Zig:10)
  134 golden dragons
  the Enchantress (Depths:3)
  34 profane servitors
  Jory (Vaults:4)
  89 bone dragons
  49 pearl dragons
  Norris (Vaults:1)
  101 iron giants
  23 doom hounds
  208 pandemonium lords
  136 Brimstone Fiends
  109 Tzitzimimeh
  91 hellephants
  An iron giant (shapeshifter) (Zig:23)
  7 electric golems
  137 tentacled monstrosities
  185 Ice Fiends
  A walking crystal tome (Abyss:4)
  230 Hell Sentinels
  58 liches
  20 tainted leviathans
  29 sphinxes
  50 deep elf blademasters
  2 walking earthen tomes
  109 searing wretches
  28 Orb Guardians
  A walking divine tome (Depths:4)
  141 acid blobs
  A sphinx (shapeshifter) (Zig:18)
  87 titans
  4 quicksilver dragons (shapeshifter)
  31 quicksilver dragons
  108 ancient champions
  190 Executioners
  Murray (Hell)
  111 deep elf master archers
  2 eldritch tentacles (WizLab)
  A kraken (Abyss:3)
  Frances (Swamp:1)
  76 tentacled starspawn
  25 storm dragons
  10 thorn hunters
  A storm dragon (shapeshifter) (Zig:18)
  79 revenants
  26 shadow dragons
  Kirke (Swamp:3)
  9 death cobs
  43 azure jellies
  40 tengu reavers
  2 azure jellies (shapeshifter)
  46 rockslimes
  4 fenstrider witches (shapeshifter)
  89 narguns
  4 shadow dragons (shapeshifter)
  92 fire giants
  46 daevas
  An emperor scorpion (shapeshifter) (Zig:18)
  A frost giant (shapeshifter) (Vaults:5)
  59 frost giants
  34 deep elf sorcerers
  5 fire giants (shapeshifter)
  207 emperor scorpions
  6 fenstrider witches
  156 nagarajas
  139 demonspawn warmongers
  82 draconian knights
  57 draconian monks
  378 balrugs
  75 draconian scorchers
  34 vault wardens
  40 iron dragons
  2 iron dragons (shapeshifter)
  A caustic shrike zombie (Abyss:1)
  3 juggernaut zombies
  98 quicksilver elementals
  9 ghouls
  54 draconian shifters
  2 shard shrike simulacra
  A ghost moth (shapeshifter) (Zig:21)
  294 ghost moths
  8 deep elf elementalists
  36 ironbound preservers
  55 draconian stormcallers
  63 curse skulls
  138 demonspawn corrupters
  89 war gargoyles
  33 angels
  190 cacodemons
  3 broodmothers (shapeshifter)
  88 orc warlords
  6 ironbound thunderhulks
  2 juggernaut skeletons (Zig:20)
  87 very ugly things
  4 stone giants (shapeshifter)
  93 draconian annihilators
  A caustic shrike skeleton (Zig:14)
  A starflower (Abyss:3)
  34 ophanim
  20 formless jellyfish
  161 demonspawn blood saints
  2 elemental wellsprings
  115 stone giants
  46 quicksilver oozes
  34 broodmothers
  A spriggan defender (Depths:3)
  45 vampire knights
  33 white draconians
  182 reapers
  61 deep elf demonologists
  11 putrid mouths
  195 demonspawn black suns
  4 formless jellyfish (shapeshifter)
  32 eleionomae
  A rockslime zombie (Crypt:1)
  29 apis
  6 eleionomae (shapeshifter)
  35 green draconians
  7 dire elephants (shapeshifter)
  51 yellow draconians
  49 spark wasps
  33 black draconians
  46 red draconians
  16 bennus
  2 bunyips (shapeshifter)
  145 lorocyprocas
  The ghost of Hug the Fighter, a journeyman VSBr of Uskayaw (Orc:1)
  29 dire elephants
  28 bunyips
  39 purple draconians
  107 wendigos
  89 deep elf annihilators
  2 minotaurs
  243 green deaths
  35 deep elf death magi
  61 eidola
  33 ettins
  236 blizzard demons
  104 iron golems
  An ettin (shapeshifter) (Zig:16)
  A quicksilver dragon zombie (Zig:20)
  8 merfolk impalers
  14 jiangshi
  52 mummy priests
  15 crystal guardians
  2 entropy weavers (shapeshifter)
  77 deep elf high priests
  A spectral quicksilver dragon (Zig:18)
  52 fire dragons
  69 yaktaur captains
  3 spriggan zombies
  41 merfolk javelineers
  Josephine (Orc:1)
  2 spectral shadow dragons (Zig:18)
  145 hydras
  293 entropy weavers
  A great orb of eyes (shapeshifter) (Zig:21)
  90 shambling mangroves
  6 caustic shrike simulacra
  36 jorogumos
  17 ice dragons
  3 peacekeepers (Vaults:4)
  32 vault guards
  12 ironbound frosthearts
  21 great orbs of eyes
  84 hell beasts
  3 merfolk avatars
  6 juggernaut simulacra
  120 salamander tyrants
  21 rakshasas
  14 ogre magi
  27 spriggan air magi
  27 ghost crabs
  2 sphinx zombies
  15 anacondas
  A catoblepas (shapeshifter) (Zig:18)
  3 death knights
  A jorogumo (shapeshifter) (Zig:10)
  7 spriggan skeletons
  51 centaur warriors
  An alligator (shapeshifter) (Zig:19)
  8 alligator snapping turtles
  A spectral sphinx (Zig:6)
  33 alligators
  2 boulder beetles (shapeshifter)
  142 dancing weapons
  24 two-headed ogres
  18 catoblepae
  11 death yaks
  54 radroaches
  2 fenstrider witch skeletons
  2 anacondas (shapeshifter)
  33 death scarabs
  38 satyrs
  41 boulder beetles
  3 alligator snapping turtles (shapeshifter)
  15 stokers
  A satyr (shapeshifter) (Zig:17)
  28 merfolk aquamancers
  24 naga warriors
  3 radroaches (shapeshifter)
  53 hell hogs
  2 sphinx skeletons
  5 titan zombies
  Urug (Orc:2)
  10 deep troll shamans
  5 tengu warriors
  234 demonic crawlers
  60 vampire magi
  90 orc high priests
  12 deep troll earth magi
  2 two-headed ogres (shapeshifter)
  8 spriggan berserkers
  36 shock serpents
  77 thrashing horrors
  5 holy swine (Pan)
  Sonja (Orc:2)
  8 occultists
  5 shock serpents (shapeshifter)
  65 naga sharpshooters
  A titan skeleton (Crypt:3)
  451 sun demons
  328 soul eaters
  3 storm dragon zombies
  87 wretched stars
  77 deep elf knights
  64 crystal echidnas
  2 fire crabs (shapeshifter)
  3 skysharks (shapeshifter)
  21 hell knights
  6 iron trolls (shapeshifter)
  35 shadow wraiths
  Amaemon (Lair:1)
  180 sixfirhies
  88 pharaoh ants
  13 salamander mystics
  A death drake (shapeshifter) (Zig:23)
  30 fire crabs
  An iron giant zombie (Crypt:3)
  16 spatial maelstroms
  5 skysharks
  41 iron trolls
  3 storm dragon skeletons
  2 deep trolls (shapeshifter) (Zig:16)
  23 goliath frogs
  A bunyip zombie (Crypt:3)
  24 sun moths
  17 skeletal warriors
  39 cherubim
  69 death drakes
  3 quicksilver dragon simulacra
  5 golden dragon zombies
  4 sea snakes (shapeshifter)
  3 sea snakes
  95 swamp dragons
  85 deep trolls
  2 glowing orange brains (shapeshifter)
  126 shadow demons
  2 orb spiders (shapeshifter)
  An anaconda zombie (Abyss:2)
  27 ironbound convokers
  39 spriggan druids
  12 naga ritualists
  16 glowing orange brains
  6 lindwurms (shapeshifter)
  39 flayed ghosts
  5 spriggan simulacra
  87 steelbarb worms
  7 swamp dragons (shapeshifter)
  15 arcanists
  34 orc knights
  19 obsidian statues
  17 bog bodies
  A golden dragon skeleton (Zig:20)
  A steelbarb worm (shapeshifter) (Zig:1)
  21 orange crystal statues
  A bunyip skeleton (Abyss:2)
  74 deep elf archers
  A shadow dragon zombie (Zig:20)
  240 orb spiders
  24 necromancers
  4 anaconda skeletons
  5 lindwurms
  2 harpies (shapeshifter)
  51 phantasmal warriors
  8 mana vipers
  5 tengu zombies
  128 deep elf zephyrmancers
  4 iron dragon zombies
  2 frost giant zombies (Zig:9)
  63 orc sorcerers
  5 shadow dragon skeletons
  6 sphinx simulacra
  148 wolf spiders
  12 salamanders
  25 shining eyes
  3 fauns (shapeshifter)
  36 fauns
  A tengu skeleton (Zig:21)
  131 deep elf pyromancers
  3 mana vipers (shapeshifter) (Zig:19)
  5 wolf spiders (shapeshifter)
  74 ugly things
  4 moths of wrath (shapeshifter)
  31 harpies
  A stone giant zombie (Crypt:1)
  3 fire giant zombies
  A manticore (shapeshifter) (Zig:19)
  30 will-o-the-wisps
  A shining eye (shapeshifter) (Zig:16)
  36 guardian serpents
  149 moths of wrath
  21 oklob plants (Zig:18)
  8 manticores
  A salamander (shapeshifter) (Zig:18)
  43 cyclopes
  10 worldbinders
  52 apocalypse crabs
  41 rust devils
  A dire elephant zombie (Abyss:1)
  2 iron dragon skeletons
  4 elephants (shapeshifter)
  4 guardian serpents (shapeshifter)
  3 merfolk sirens (Zig:12)
  5 elephants
  11 fire giant skeletons (Crypt:3)
  55 naga magi
  39 vault sentinels
  2 black mambas (shapeshifter)
  2 water nymphs (shapeshifter)
  An eye of devastation (shapeshifter) (Zig:21)
  4 torpor snails (shapeshifter)
  Joseph (D:9)
  18 ice statues
  399 smoke demons
  4 titan simulacra
  21 water nymphs
  95 black mambas
  26 cane toads
  An elephant slug zombie (Crypt:2)
  12 gargoyles
  18 eyes of devastation
  185 orange demons
  A cane toad (shapeshifter) (Zig:21)
  13 molten gargoyles
  200 torpor snails
  A dire elephant skeleton (Crypt:1)
  2 alligator snapping turtle zombies
  A shock serpent skeleton (Crypt:1)
  5 storm dragon simulacra
  2 centaur skeletons (Abyss:1)
  A catoblepas zombie (Abyss:1)
  A yellow draconian zombie (Crypt:2)
  28 efreet
  199 hellions
  21 rime drakes
  4 komodo dragons (shapeshifter)
  25 komodo dragons
  41 yaktaurs
  A kobold demonologist (Abyss:1)
  22 freezing wraiths
  A yaktaur (shapeshifter) (Zig:18)
  6 tengu conjurers
  An anaconda simulacrum (Coc:1)
  An unseen horror (Abyss:4)
  6 golden dragon simulacra
  An iron giant simulacrum (Coc:1)
  A spark wasp simulacrum (Zig:11)
  177 tormentors
  66 ancient zymes
  100 guardian mummies
  A queen bee (shapeshifter) (D:14)
  2 unseen horror skeletons (Crypt:1)
  2 harpy zombies
  34 merfolk
  2 trolls (shapeshifter)
  51 red devils
  151 hellwings
  29 meliai
  55 ice devils
  63 trolls
  9 bloated husks
  A merfolk (shapeshifter) (Zig:21)
  169 hornets
  6 polar bears
  2 tengu simulacra
  3 wind drakes (shapeshifter)
  A shadow dragon simulacrum (Zig:11)
  Prince Ribbit (D:9)
  2 tarantellas (shapeshifter)
  93 tarantellas
  7 wind drakes
  9 dream sheep
  7 snapping turtles
  A hydra skeleton (Crypt:3)
  20 tyrant leeches
  8 glass eyes (shapeshifter)
  2 raiju (shapeshifter)
  27 blink frogs
  A blink frog (shapeshifter) (Zig:13)
  2 fire giant simulacra (Zig:11)
  30 glass eyes
  A death drake skeleton (Crypt:1)
  2 iron dragon simulacra
  62 raiju
  4 stone giant simulacra
  345 large abominations
  2 harpy skeletons
  3 snapping turtles (shapeshifter)
  3 slime creatures (shapeshifter)
  113 jumping spiders
  3 jumping spiders (shapeshifter)
  212 slime creatures
  81 culicivoras
  2 shapeshifters
  35 spriggans
  54 flying skulls
  7 vampires
  31 air elementals
  A centaur simulacrum (Hell)
  3 naga simulacra
  47 water elementals
  9 shadows
  345 ynoxinuls
  73 yaks
  2 dire elephant simulacra (Coc:2)
  2 spriggans (shapeshifter)
  24 wraiths
  An ettin skeleton (Vaults:1)
  A yak (shapeshifter) (D:15)
  5 fire dragon skeletons (Crypt:3)
  46 fire elementals
  39 ushabtiu
  3 basilisks
  176 neqoxecs
  147 starcursed masses
  7 wyverns
  A black mamba skeleton (Pan)
  22 golden eyes
  288 chaos spawn
  A hog (shapeshifter) (Zig:17)
  Eustachio (D:4)
  7 fire bats
  4 steam dragons
  140 redbacks
  12 vampire mosquitoes
  An alligator snapping turtle simulacrum (Hell)
  59 wargs
  2 redbacks (shapeshifter)
  17 nagas
  4 swamp worms (shapeshifter)
  43 water moccasins
  3 spatial vortices (Zig:22)
  6 acid dragons
  2 glowing shapeshifter zombies
  3 human zombies
  Menkaure (D:7)
  8 harpy simulacra
  15 swamp worms
  Duvessa (D:4)
  64 small abominations
  8 glowing shapeshifter skeletons
  39 hell hounds
  A hydra simulacrum (Hell)
  5 naga skeletons
  A water moccasin (shapeshifter) (Zig:21)
  A faun skeleton (Crypt:2)
  A demonspawn skeleton (Crypt:2)
  201 orc warriors
  14 ice beasts
  An ice beast (shapeshifter) (Depths:4)
  11 swamp drakes
  A swamp drake (shapeshifter) (Abyss:1)
  A fire dragon simulacrum (Coc:1)
  2 swamp dragon zombies
  A dream sheep zombie (Crypt:2)
  2 ettin simulacra
  2 black bears (D:7)
  A sky beast (D:6)
  11 wolves
  A manticore skeleton (Crypt:1)
  8 boggarts
  19 centaurs
  100 ogres
  A wolf (shapeshifter) (Vaults:5)
  A phantom (D:6)
  A hog skeleton (Crypt:1)
  A rime drake zombie (Crypt:2)
  5 kobold brigands
  A komodo dragon zombie (Crypt:2)
  13 bullfrogs
  2 scorpions (D:5)
  A human simulacrum (Zig:12)
  3 gnoll sergeants
  A human skeleton (Vaults:1)
  A scorpion (shapeshifter) (Zig:24)
  2 glowing shapeshifter simulacra (Zig:27)
  A komodo dragon skeleton (Crypt:1)
  28 earth elementals
  9 wights
  Dowan (D:4)
  10 killer bees (D:9)
  A killer bee (shapeshifter) (Vaults:5)
  8 electric eels
  A polar bear skeleton (Crypt:1)
  A howler monkey (D:12)
  15 crimson imps
  4 centaur zombies
  6 hounds
  6 quasits
  A cerulean imp (Pan)
  42 orc priests
  42 jellies
  8 iron imps
  2 gnoll boudas
  A scorpion zombie (D:6)
  6 lightning spires
  52 orc wizards
  11 hell rats
  A killer bee zombie (D:6)
  An ogre zombie (D:6)
  A boggart simulacrum (D:14)
  5 hound zombies (D:6)
  169 mummies
  A howler monkey zombie (D:6)
  A swamp drake zombie (Crypt:2)
  15 gnolls
  A river rat (shapeshifter) (Abyss:1)
  3 adders
  3 adders (shapeshifter) (Abyss:1)
  4 shadow imps
  11 white imps
  18 ufetubi
  2 adder zombies (D:6)
  A jelly zombie (Crypt:1)
  71 orcs
  An orc (shapeshifter) (Abyss:1)
  6 ball pythons
  5 bats
  6 endoplasms
  5 giant cockroaches
  A goblin (shapeshifter) (Abyss:1)
  3 goblins
  2 hobgoblins
  4 jackals (D:2)
  A quokka (D:1)
  2 frilled lizards
  A jackal zombie (Crypt:1)
  30 kobolds
  A kobold skeleton (Crypt:2)
  An orc zombie (Crypt:1)
  A rat (D:2)
  5 ball lightnings (Pan)
  5 creeping infernos
  A fire vortex (Zig:24)
  A lurking horror (Abyss:1)
  37 starspawn tentacles
  4 tentacles (Abyss:3)
21495 creatures vanquished.

Vanquished Creatures (collateral kills)
  An orb of fire (Zot:5)
  A juggernaut (shapeshifter) (Vaults:5)
  2 Brimstone Fiends (Pan)
  3 tentacled monstrosities
  A quicksilver dragon (Zot:1)
  A draconian knight (Zot:1)
  A fire giant (Vaults:5)
  Louise (Spider:4)
  A balrug (Pan)
  A war gargoyle (Vaults:5)
  A black draconian (Zot:1)
  A yellow draconian (Zot:1)
  Snorg (Orc:1)
  An ettin (Vaults:5)
  5 vault guards (Vaults:5)
  2 soul eaters (Pan)
  2 sun demons (Pan)
  2 sixfirhies (Pan)
  A smoke demon (Pan)
  A vault sentinel (Vaults:5)
  An orange demon (Pan)
  An ice devil (Pan)
  2 tormentors (Pan)
  A red devil (Pan)
  4 large abominations (Pan)
  A yak (Lair:5)
  2 chaos spawn (Pan)
  A hydra simulacrum (Coc:2)
  A water moccasin (D:6)
  A jelly (Pan)
  9 boulders
54 creatures vanquished.

Vanquished Creatures (others)
  2 pandemonium lords (Zig:17)
  A Tzitzimitl (Zig:26)
  2 tentacled monstrosities
  A tentacled starspawn (WizLab)
  An eldritch tentacle (Pan)
  An Executioner (Zig:11)
  A tengu reaver (Zig:19)
  A draconian knight (Zig:19)
  2 ghost moths
  An emperor scorpion (Spider:4)
  A very ugly thing (WizLab)
  4 cacodemons (Zig:24)
  A demonspawn blood saint (Pan)
  2 lorocyprocas (Pan)
  A dire elephant (Vaults:2)
  A black draconian (Zig:16)
  2 bunyips
  A spark wasp (Depths:2)
  A blizzard demon (Zig:24)
  A green death (Zig:26)
  2 shambling mangroves
  A hydra (Zig:20)
  A great orb of eyes (Abyss:3)
  A juggernaut simulacrum (Zig:18)
  A hell beast (Zig:26)
  A catoblepas (Lair:5)
  An occultist (Pan)
  A spriggan berserker (Depths:2)
  3 soul eaters
  A sixfirhy (Zig:24)
  A pharaoh ant (Spider:4)
  A goliath frog (Swamp:2)
  A spriggan druid (Swamp:4)
  A naga ritualist (Zig:23)
  4 glowing orange brains
  A death drake (Zig:20)
  A spriggan simulacrum (Zig:18)
  A deep elf zephyrmancer (Elf:1)
  A shining eye (Abyss:4)
  A mana viper (shapeshifter) (Zig:17)
  A salamander (Zig:23)
  2 wolf spiders (Spider:4)
  A will-o-the-wisp (Zig:15)
  A torpor snail (Spider:3)
  A black mamba (Lair:5)
  An apocalypse crab (Zig:17)
  3 large abominations (Pan)
  13 smoke demons
  An eye of devastation (Abyss:1)
  3 hellions
  3 tormentors (Zig:24)
  2 hornets
  A meliai (shapeshifter) (Abyss:4)
  2 bloated husks
  A harpy skeleton (Pan)
  A tarantella (Spider:4)
  A slime creature (Abyss:4)
  2 jumping spiders
  A spriggan (Swamp:2)
  A slime creature (shapeshifter) (Zig:20)
  7 ynoxinuls (Pan)
  A culicivora (Spider:4)
  A golden eye (shapeshifter) (Abyss:1)
  A hog (shapeshifter) (Abyss:4)
  An air elemental (Elf:1)
  A yak (shapeshifter) (Abyss:4)
  5 neqoxecs
  4 water elementals
  5 golden eyes
  6 humans (Swamp:4)
  8 chaos spawn
  2 redbacks
  A vampire mosquito (Zig:20)
  A naga zombie (Abyss:3)
  A water moccasin (Lair:1)
  An ice beast (shapeshifter) (Abyss:1)
  A sky beast (shapeshifter) (Abyss:4)
  A black bear (shapeshifter) (Abyss:3)
  A bullfrog (shapeshifter) (Abyss:1)
  A small abomination (Abyss:1)
  594 jellies
  An electric eel (D:15)
  An orc priest (Orc:2)
  An iron imp (Abyss:1)
  A killer bee zombie (D:6)
  A shadow imp (Abyss:1)
  An ufetubus (Abyss:1)
  An endoplasm (shapeshifter) (Abyss:1)
  A ball python (shapeshifter) (Abyss:1)
  A frilled lizard (shapeshifter) (Abyss:1)
  9 ball lightnings
  19 boulders
  239 fire vortices
  28 foxfires
  2 lurking horrors
  33 starspawn tentacles
1079 creatures vanquished.

Grand Total: 22628 creatures vanquished

Notes
Turn   | Place    | Note
-------+----------+-------------------------------------------
     0 | D:1      | Wizard1ke the Ogre Earth Elementalist began the quest for
                  | the Orb.
     0 | D:1      | Reached XP level 1. HP: 16/16 MP: 3/3
   245 | D:1      | Reached skill level 1 in Transmutations
   453 | D:1      | Reached XP level 2. HP: 17/24 MP: 0/5
  1333 | D:2      | Learned a level 2 spell: Passwall
  1541 | D:2      | Reached XP level 3. HP: 31/31 MP: 5/7
  2107 | D:2      | Reached skill level 1 in Fighting
  2295 | D:3      | Reached XP level 4. HP: 41/41 MP: 6/9
  2647 | D:3      | Learned a level 3 spell: Stone Arrow
  2797 | D:3      | Reached XP level 5. HP: 45/50 MP: 5/10
  3783 | D:4      | Noticed Duvessa
  3783 | D:4      | Noticed Dowan
  3887 | D:4      | Noticed Eustachio
  4092 | D:4      | Found an iron altar of Okawaru.
  4260 | D:4      | Identified the +1 leather armour "Sotiffug" {Rampage rElec
                  | rC+++ Int-4}
  4895 | D:4      | Killed Eustachio
  4896 | D:4      | Reached XP level 6. HP: 61/61 MP: 8/12
  4945 | D:5      | Entered Level 5 of the Dungeon
  5534 | D:5      | Reached XP level 7. HP: 43/67 MP: 1/13
  6062 | D:5      | Reached skill level 5 in Conjurations
  6499 | D:5      | Reached XP level 8. HP: 68/75 MP: 8/15
  6552 | D:6      | Reached skill level 5 in Spellcasting
  6620 | D:6      | Found a basalt altar of Yredelemnul.
  6622 | D:6      | Found the +9 staff of Olgreb {rPois∞}
  6626 | D:6      | Noticed a flying skull
  6935 | D:6      | Killed a flying skull
  6936 | D:6      | Reached skill level 5 in Earth Magic
  8168 | D:6      | Reached XP level 9. HP: 77/81 MP: 1/18
  8389 | D:6      | Found a staircase to the Ecumenical Temple.
  8396 | Temple   | Entered the Ecumenical Temple
  8428 | Temple   | Became a worshipper of Elyvilon the Healer
  8536 | Temple   | Learned a level 4 spell: Brom's Barrelling Boulder
  8979 | D:7      | Noticed Menkaure
  8981 | D:7      | Killed Menkaure
  9234 | D:7      | Reached * piety under Elyvilon
 10931 | D:8      | Reached ** piety under Elyvilon
 11141 | D:8      | Reached XP level 10. HP: 90/91 MP: 15/22
 11413 | D:8      | Learned a level 4 spell: Petrify
 11699 | D:9      | Noticed Prince Ribbit
 11705 | D:9      | Killed Prince Ribbit
 11706 | D:9      | Reached skill level 1 in Invocations
 11717 | D:9      | Reached skill level 1 in Evocations
 11894 | D:9      | Noticed a two-headed ogre
 11912 | D:9      | Killed a two-headed ogre
 11913 | D:9      | Reached skill level 5 in Fighting
 12439 | D:9      | Noticed Joseph
 12556 | D:9      | Killed Joseph
 12774 | D:10     | Entered Level 10 of the Dungeon
 13145 | D:10     | Reached *** piety under Elyvilon
 13193 | D:10     | Reached skill level 5 in Invocations
 13434 | D:10     | Reached XP level 11. HP: 100/111 MP: 13/23
 13883 | D:10     | Found a staircase to the Lair.
 13884 | D:10     | Noticed a two-headed ogre
 13890 | D:10     | Killed a two-headed ogre
 14134 | D:10     | Identified the +10 dagger "Tuajoace" {spect, rPois}
 14338 | D:10     | Found a shadowy altar of Dithmenos.
 14957 | D:11     | Found a staircase to the Orcish Mines.
 15824 | D:11     | Noticed a two-headed ogre
 15838 | D:11     | Killed a two-headed ogre
 16015 | D:11     | Noticed a boulder beetle
 16023 | D:11     | Killed a boulder beetle
 17111 | D:11     | Reached **** piety under Elyvilon
 17257 | Lair:1   | Entered Level 1 of the Lair of Beasts
 17294 | Lair:1   | Reached skill level 10 in Conjurations
 17373 | Lair:1   | Reached skill level 10 in Earth Magic
 17382 | Lair:1   | Reached XP level 12. HP: 99/119 MP: 0/24
 18428 | Lair:1   | Noticed Amaemon
 18435 | Lair:1   | Killed Amaemon
 19006 | Lair:1   | Reached ***** piety under Elyvilon
 19061 | Lair:1   | Reached skill level 1 in Shields
 19875 | Lair:2   | Identified the +7 hand axe of Ehetzuixt {freeze, MP+9
                  | Stlth+}
 21160 | Lair:2   | Noticed Paihy's ghost (journeyman NaCj)
 21164 | Lair:2   | Noticed an eight-headed hydra
 21188 | Lair:2   | Noticed a boulder beetle
 21193 | Lair:2   | Killed a boulder beetle
 21201 | Lair:2   | Pacified an eight-headed hydra
 21334 | Lair:2   | Reached XP level 13. HP: 127/127 MP: 24/25
 21546 | Lair:2   | Found a runed translucent gate.
 21546 | Lair:2   | Found a runed translucent gate.
 21546 | Lair:2   | Found a runed translucent gate.
 21723 | Lair:2   | Found a hole to the Spider Nest.
 21730 | Lair:2   | Reached skill level 5 in Shields
 21877 | Lair:2   | Found a staircase to the Swamp.
 24134 | Lair:4   | Found a staircase to the Slime Pits.
 24173 | Lair:4   | Found a gate leading to a gauntlet.
 24249 | Gauntlet | Entered a Gauntlet
 24249 | Gauntlet | Found a transporter.
 24249 | Gauntlet | Found a transporter.
 24251 | Gauntlet | Found a transporter.
 24253 | Gauntlet | Found a transporter.
 24254 | Gauntlet | Found a transporter.
 24257 | Gauntlet | Found a transporter.
 24260 | Gauntlet | Noticed a blizzard demon
 24267 | Gauntlet | Found a transporter.
 24271 | Gauntlet | Found a transporter.
 24273 | Gauntlet | Found a transporter.
 24280 | Gauntlet | Found a transporter.
 24291 | Gauntlet | Found a transporter.
 24395 | Gauntlet | Found a transporter.
 24480 | Gauntlet | Identified the ring "Lasymast" {rC++ Int+6}
 24735 | Gauntlet | Identified the ring of Okuguh {+Blink rC+ rN+ Stlth+}
 24779 | Gauntlet | Identified the +0 ring mail of the Equator {Int+2}
 24925 | Gauntlet | Noticed a minotaur
 24931 | Gauntlet | Killed a minotaur
 25117 | Lair:4   | Reached skill level 10 in Shields
 26812 | Lair:5   | Entered Level 5 of the Lair of Beasts
 26822 | Lair:5   | Reached XP level 14. HP: 136/136 MP: 17/26
 26953 | Lair:4   | Learned a level 4 spell: Flame Wave
 27950 | Lair:5   | Reached ****** piety under Elyvilon
 28213 | Lair:5   | Reached skill level 10 in Spellcasting
 29839 | Lair:5   | Reached skill level 10 in Invocations
 30544 | D:4      | Killed Dowan
 30547 | D:4      | Killed Duvessa
 32000 | D:12     | Identified the +3 mace of the Known World {elec, rPois rN+
                  | Will++ Int-2}
 33272 | D:13     | Found a gate to the Vaults.
 33544 | Orc:1    | Entered Level 1 of the Orcish Mines
 33566 | Orc:1    | Noticed Josephine
 33618 | Orc:1    | Killed Josephine
 33877 | Orc:1    | Noticed Hug's ghost (journeyman VSBr)
 33900 | Orc:1    | Found a transporter.
 34074 | Orc:1    | Reached XP level 15. HP: 143/143 MP: 28/29
 34700 | Orc:1    | Found a transporter.
 34885 | Orc:2    | Entered Level 2 of the Orcish Mines
 34885 | Orc:2    | Found a staircase to the Elven Halls.
 35024 | Orc:2    | Noticed Snorg
 35434 | Orc:2    | Noticed Urug
 35463 | Orc:1    | Killed Snorg
 35818 | Orc:2    | Killed Urug
 36411 | Orc:2    | Noticed Sonja
 36425 | Orc:2    | Killed Sonja
 38379 | Orc:2    | Found Vaagifaj's Antique Armour Boutique.
 38379 | Orc:2    | Found Kaawiqos's Magic Scroll Shoppe.
 38383 | Orc:2    | Found Qeesauma's Armour Boutique.
 38383 | Orc:2    | Found Tuczait's Magic Scroll Shoppe.
 38397 | Orc:2    | Bought a scroll of enchant armour for 97 gold pieces
 38397 | Orc:2    | Bought a scroll of poison for 52 gold pieces
 38397 | Orc:2    | Bought a scroll of teleportation for 39 gold pieces
 38397 | Orc:2    | Bought a scroll of poison for 52 gold pieces
 38397 | Orc:2    | Bought a scroll of revelation for 97 gold pieces
 38397 | Orc:2    | Bought a scroll of revelation for 97 gold pieces
 38397 | Orc:2    | Bought a scroll of identify for 26 gold pieces
 38397 | Orc:2    | Bought a scroll of teleportation for 39 gold pieces
 38401 | Orc:2    | Bought a scroll of teleportation for 39 gold pieces
 38401 | Orc:2    | Bought a scroll of teleportation for 39 gold pieces
 38401 | Orc:2    | Bought a scroll of fear for 52 gold pieces
 38401 | Orc:2    | Bought a scroll of blinking for 97 gold pieces
 38401 | Orc:2    | Bought a scroll of teleportation for 39 gold pieces
 38401 | Orc:2    | Bought a scroll of identify for 26 gold pieces
 38401 | Orc:2    | Bought a scroll of blinking for 97 gold pieces
 39484 | D:14     | Found a hide-covered altar of Uskayaw.
 39543 | D:14     | Identified 2 scrolls of acquirement
 39563 | D:14     | Acquired the ring of the Ego {rElec rF++ Int+6}
 39918 | D:14     | Found Qanorune's Antique Weapon Emporium.
 40035 | D:15     | Entered Level 15 of the Dungeon
 41816 | D:15     | Found a staircase to the Depths.
 41973 | D:15     | Noticed a frost giant
 41994 | D:15     | Killed a frost giant
 42224 | D:15     | Reached XP level 16. HP: 144/152 MP: 15/30
 44149 | Swamp:1  | Entered Level 1 of the Swamp
 44414 | Spider:1 | Entered Level 1 of the Spider Nest
 46089 | Spider:1 | Reached skill level 15 in Conjurations
 46089 | Spider:1 | Reached skill level 15 in Earth Magic
 47680 | Spider:2 | Reached skill level 10 in Fighting
 49191 | Spider:2 | You fall into a shaft and drop 1 floor!
 49548 | Swamp:1  | Noticed a tentacled monstrosity
 49570 | Swamp:1  | Killed a tentacled monstrosity
 50812 | Swamp:1  | Reached XP level 17. HP: 136/171 MP: 13/31
 52212 | Swamp:2  | Noticed Frances
 52480 | Swamp:1  | Killed Frances
 55023 | Swamp:4  | Entered Level 4 of the Swamp
 55300 | Swamp:4  | Noticed Mara
 55309 | Swamp:4  | Noticed Wizard1ke's illusion
 57495 | Swamp:4  | Noticed Wizard1ke's illusion
 57639 | Swamp:4  | Noticed Wizard1ke's illusion
 57887 | Swamp:3  | Noticed Wizard1ke's illusion
 57955 | Swamp:3  | Noticed Wizard1ke's illusion
 58079 | Swamp:3  | Noticed Wizard1ke's illusion
 58305 | Swamp:3  | Noticed Wizard1ke's illusion
 58528 | Swamp:3  | Noticed Wizard1ke's illusion
 58538 | Swamp:3  | Killed Mara
 58687 | Swamp:4  | Noticed Kirke
 58770 | Swamp:3  | Killed Kirke
 58868 | Swamp:4  | Noticed the 27-headed Lernaean hydra
 58874 | Swamp:4  | Pacified the 27-headed Lernaean hydra
 58875 | Swamp:4  | Reached XP level 18. HP: 98/182 MP: 27/32
 59044 | Swamp:4  | Noticed a tentacled monstrosity
 59405 | Swamp:4  | Got a decaying rune of Zot
 59964 | Swamp:4  | Killed a tentacled monstrosity
 60930 | Vaults:1 | Entered Level 1 of the Vaults
 63537 | Spider:3 | Gained mutation: Your magical capacity is low. (-10% MP)
                  | [mutagenic glow]
 63539 | Spider:2 | Lost mutation: Your magical capacity is low. (-10% MP)
                  | [potion of mutation]
 63539 | Spider:2 | Gained mutation: Armour fits poorly on your strangely
                  | shaped body. [potion of mutation]
 63539 | Spider:2 | Gained mutation: You are clumsy. (Dex -2) [potion of
                  | mutation]
 63539 | Spider:2 | Gained mutation: You have large cloven feet. [potion of
                  | mutation]
 63539 | Spider:2 | Gained mutation: Your flesh is heat resistant. (rF+)
                  | [potion of mutation]
 64059 | Spider:3 | Identified the +10 trident of the Volcano {protect, Will+}
 64225 | Spider:4 | Entered Level 4 of the Spider Nest
 65711 | Spider:4 | Noticed Louise
 65753 | Spider:4 | Killed Louise
 69182 | Spider:4 | Reached XP level 19. HP: 189/189 MP: 19/33
 71770 | Vaults:1 | Noticed Norris
 72005 | Vaults:1 | Identified the +0 mace "Gorph" {freeze, rF+}
 72906 | Spider:4 | Got a gossamer rune of Zot
 73169 | WizLab   | Identified the "Cyt Zodoegot"
 73169 | Depths:2 | Identified the "Qipsein"
 73169 | Depths:2 | Identified the of Jeohy
 73169 | Elf:1    | Identified the "Panlehol"
 73169 | Elf:1    | Entered Level 1 of the Elven Halls
 73441 | Elf:1    | Acquired the scarf "Rokyec" {harm, Regen+}
 73541 | Elf:1    | Found Gaon's Antique Armour Shop.
 73542 | Elf:1    | Found Cuizufog's Antique Weapon Shop.
 74546 | Elf:1    | Found Aladal's Jewellery Shoppe.
 74556 | Elf:1    | Bought an amulet of magic regeneration for 450 gold pieces
 75044 | Elf:1    | Found Foloq's Armour Shop.
 75047 | Elf:1    | Found Xyximn's Antique Weapon Shop.
 75106 | Elf:1    | Bought a translucent scarf for 290 gold pieces
 75106 | Elf:1    | Identified the scarf "Fidel" {+Inv, Harm Drain rElec} (You
                  | bought it in a shop on level 1 of the Elven Halls)
 75613 | Elf:2    | Paralysed by an air elemental for 1 turns
 75712 | Elf:2    | Paralysed by an air elemental for 1 turns
 75716 | Elf:1    | Paralysed by an air elemental for 1 turns
 77029 | Elf:2    | Found a runed translucent gate.
 77030 | Elf:2    | Found a runed translucent gate.
 77030 | Elf:2    | Found a runed translucent gate.
 77059 | Elf:3    | Identified the "Kicir"
 77059 | Elf:3    | Identified the "Pedwiklinih"
 77059 | Elf:3    | Entered Level 3 of the Elven Halls
 78655 | Elf:3    | Found Pomyw's Antique Weapon Emporium.
 79010 | Elf:3    | Identified the +3 long sword of Okawaru's Grace {freeze,
                  | rPois Str-5 Int+9}
 80141 | Elf:3    | Identified the +10 short sword "Xeffeanavu" {drain, Will+}
 80161 | Elf:3    | Identified the +3 mace of Zibet {holy, Drain Dex+4}
 80161 | Elf:3    | Identified the ring "Ylefodesk" {rF+ Dex+3 Slay+4}
 80183 | Elf:2    | Reached XP level 20. HP: 170/198 MP: 13/34
 80382 | Elf:3    | Identified the staff "Heneosk" {rF+ rCorr Earth}
 80382 | Elf:3    | Identified the +4 flail of the Priest {pain, rElec rCorr
                  | Str+7 Int-5}
 82065 | Elf:3    | Learned a level 7 spell: Orb of Destruction
 82134 | Elf:3    | Identified the staff of Honesty {rElec rPois Poison}
 82341 | Orc:1    | Killed Hug's ghost
 82707 | Vaults:1 | Killed Norris
 84153 | Vaults:1 | Found Foleh's Armour Emporium.
 84160 | Vaults:1 | Bought a +1 hat for 198 gold pieces
 84488 | Vaults:1 | Paralysed by a formless jellyfish for 1 turns
 85017 | Vaults:2 | Found a magical portal.
 85030 | WizLab   | Entered The Roulette of Golubria
 85030 | WizLab   | Found a transporter.
 85038 | WizLab   | Found a corrupted altar of Lugonu.
 85074 | WizLab   | Found a corrupted altar of Lugonu.
 85194 | WizLab   | Found a transporter.
 85271 | WizLab   | Found a corrupted altar of Lugonu.
 85373 | WizLab   | Found a transporter.
 85417 | WizLab   | Found a transporter.
 85488 | WizLab   | Found a transporter.
 85489 | WizLab   | Found a transporter.
 85491 | WizLab   | Found a corrupted altar of Lugonu.
 85504 | WizLab   | Found a corrupted altar of Lugonu.
 85536 | WizLab   | Found a transporter.
 85536 | WizLab   | Found a transporter.
 85579 | WizLab   | Found a transporter.
 85579 | WizLab   | Found a transporter.
 85661 | WizLab   | Found a transporter.
 85661 | WizLab   | Found a transporter.
 85661 | WizLab   | Found a corrupted altar of Lugonu.
 85667 | WizLab   | Found a transporter.
 85667 | WizLab   | Found a transporter.
 85957 | WizLab   | Identified the +0 cloak "Dagguats" {Rampage Regen+ Str+4
                  | Dex+3 Slay-6}
 85981 | WizLab   | Identified the +1 cloak of Modern Wonder {Harm +Inv rElec}
 85999 | WizLab   | Found a transporter.
 85999 | WizLab   | Found a transporter.
 86050 | WizLab   | Found a transporter.
 86050 | WizLab   | Found a transporter.
 86210 | WizLab   | Found a transporter.
 86850 | Vaults:2 | Found Zybbipp's Distillery.
 86859 | Vaults:2 | Bought a potion of resistance for 140 gold pieces
 86859 | Vaults:2 | Bought a potion of lignification for 42 gold pieces
 86859 | Vaults:2 | Bought a potion of heal wounds for 70 gold pieces
 86859 | Vaults:2 | Bought a potion of haste for 140 gold pieces
 86859 | Vaults:2 | Bought a potion of magic for 112 gold pieces
 86859 | Vaults:2 | Bought a potion of cancellation for 112 gold pieces
 86893 | Vaults:2 | Noticed a bone dragon
 86960 | Vaults:2 | Killed a bone dragon
 86962 | Vaults:2 | Reached XP level 21. HP: 215/215 MP: 4/35
 87059 | Vaults:2 | Found a staircase to the Crypt.
 87320 | Vaults:2 | Reached skill level 5 in Evocations
 87530 | Vaults:2 | Reached skill level 15 in Fighting
 89363 | Vaults:3 | Found Bampakk's Distillery.
 89523 | Vaults:3 | Found Puptoss's Assorted Antiques.
 91154 | Vaults:3 | Bought a potion of mutation for 160 gold pieces
 91154 | Vaults:3 | Bought a potion of lignification for 60 gold pieces
 91154 | Vaults:3 | Bought a potion of mutation for 160 gold pieces
 91154 | Vaults:3 | Bought a potion of cancellation for 160 gold pieces
 91154 | Vaults:3 | Bought a potion of haste for 200 gold pieces
 91154 | Vaults:3 | Bought a potion of lignification for 60 gold pieces
 92437 | Vaults:4 | Identified the +2 leather armour of the Special Lives {Fly
                  | rElec Stlth+}
 92658 | Vaults:4 | Identified the +2 demon whip of the Endless Expanse
                  | {freeze, +Blink rElec rF+ rC-}
 92798 | Vaults:4 | Noticed Jory
 92829 | Vaults:4 | Killed Jory
 93206 | Vaults:4 | Reached XP level 22. HP: 236/236 MP: 6/36
 93949 | Vaults:4 | Noticed Frederick
 94067 | Vaults:4 | Found Weodaoc's General Store.
 94150 | Vaults:4 | Bought a scroll of poison for 64 gold pieces
 94150 | Vaults:4 | Bought a potion of haste for 160 gold pieces
 95011 | Vaults:4 | Killed Frederick
 95129 | Vaults:4 | Reached skill level 15 in Shields
 95657 | Depths:1 | Entered Level 1 of the Depths
 95879 | Depths:1 | Found a glowing silver altar of Zin.
 95879 | Depths:1 | Found a white marble altar of Elyvilon.
 95879 | Depths:1 | Found a glowing golden altar of the Shining One.
 96685 | Depths:1 | Found a white marble altar of Elyvilon.
 96685 | Depths:1 | Found a glowing golden altar of the Shining One.
 96685 | Depths:1 | Found a glowing silver altar of Zin.
 97605 | Depths:1 | Found a gateway to Hell.
 97650 | Depths:1 | Learned a level 1 spell: Apportation
 97785 | Depths:2 | Found a one-way gate leading to the halls of Pandemonium.
 97787 | Depths:2 | Found a one-way gateway to a ziggurat.
 97869 | Depths:2 | Found Fuabeef's Magic Scroll Shop.
 97877 | Depths:2 | Noticed Bai Suzhen
 98256 | Depths:2 | Killed Bai Suzhen
 98442 | Depths:2 | Bought a scroll of teleportation for 69 gold pieces
 98442 | Depths:2 | Bought a scroll of blinking for 172 gold pieces
 98442 | Depths:2 | Bought a scroll of summoning for 218 gold pieces
 98442 | Depths:2 | Found Osirehon's Antique Weapon Shop.
 98575 | Depths:2 | Found a hide-covered altar of Uskayaw.
 99317 | Depths:2 | Noticed a golden dragon
 99370 | Depths:2 | Killed a golden dragon
 99371 | Depths:2 | Reached XP level 23. HP: 231/247 MP: 13/37
101094 | Depths:3 | Found Votuo's Jewellery Boutique.
101097 | Depths:3 | Found Musa's Book Emporium.
101098 | Depths:3 | Found Houwk's Jewellery Boutique.
101104 | Depths:3 | Bought a book of the Earth for 576 gold pieces
101111 | Depths:3 | Learned a level 6 spell: Bombard
101689 | Depths:3 | Found a one-way gate to the infinite horrors of the Abyss.
102331 | Depths:3 | Noticed the Enchantress
102530 | Depths:3 | Killed the Enchantress
102548 | Depths:3 | Identified the +4 flail of Ydorr {spect, rF+}
102749 | Depths:3 | Identified the +7 halberd of Peytur {heavy, rPois rC+
                  | Dex+3}
102928 | Depths:4 | Entered Level 4 of the Depths
104422 | Depths:4 | Noticed a golden dragon
104429 | Depths:4 | Killed a golden dragon
104744 | Depths:4 | Found a gate to the Realm of Zot.
106178 | Vaults:1 | Reached XP level 24. HP: 256/256 MP: 9/37
106522 | Vaults:5 | Entered Level 5 of the Vaults
106620 | Vaults:5 | Identified the +7 long sword of Intuition {flame, rF+
                  | Str+3}
106880 | Vaults:5 | Identified the ring "Peafant" {rPois rC+ Will++ Dex+3}
106949 | Vaults:5 | Identified the +8 chain mail "Kiamn" {rF+ Str+2 Int+2}
107025 | Vaults:5 | Learned a level 9 spell: Shatter
107155 | Vaults:5 | Noticed a juggernaut
107163 | Vaults:5 | Killed a juggernaut
107504 | Vaults:5 | Identified the +7 broad axe of Wecs {heavy, rPois rN+ Int+3
                  | Dex+3}
108634 | Vaults:5 | Identified the +4 orcbow "Puymeh" {drain, rElec rPois}
109864 | Vaults:5 | Identified the orb "Jinoimm" {*Rage, Dex+5 Stlth+}
109865 | Vaults:5 | Identified the +1 plate armour "Cuzuoxy" {+Inv rElec rC-
                  | MP+9}
109867 | Vaults:5 | Got a silver rune of Zot
109870 | Vaults:5 | Identified the staff "Diyleu" {rElec Will+ Str+3 Dex+2 Air}
109898 | Vaults:5 | Identified the +1 hat "Koni" {rC+}
110782 | Zot:1    | Entered Level 1 of the Realm of Zot
111092 | Zot:1    | Noticed Parghit
111257 | Depths:4 | Killed Parghit
111497 | Depths:4 | Reached XP level 25. HP: 208/258 MP: 27/37
113456 | Zot:1    | Acquired a book of Fire
113470 | Zot:2    | Noticed an orb of fire
113478 | Zot:1    | Gained mutation: Your natural rate of healing is unusually
                  | fast. [an orb of fire]
113479 | Zot:1    | Gained mutation: You are frail. (-10% HP) [an orb of fire]
113487 | Zot:1    | Gained mutation: Your spells are a little easier to cast,
                  | but a little less powerful. [an orb of fire]
113489 | Zot:1    | Killed an orb of fire
113629 | Zot:1    | Lost mutation: Armour fits poorly on your strangely shaped
                  | body. [potion of mutation]
113629 | Zot:1    | Lost mutation: You have large cloven feet. [potion of
                  | mutation]
113629 | Zot:1    | Lost mutation: Your spells are a little easier to cast, but
                  | a little less powerful. [potion of mutation]
113629 | Zot:1    | Lost mutation: You are frail. (-10% HP) [potion of
                  | mutation]
113997 | Zot:2    | Noticed a Killer Klown
114433 | Zot:2    | Killed a Killer Klown
115494 | Zot:3    | Identified the of Dumo
115710 | Zot:3    | Noticed a dread lich
115752 | Zot:3    | Noticed a dread lich
115997 | Zot:3    | Noticed a dread lich
116014 | Zot:3    | Killed a dread lich
116127 | Zot:3    | Identified the +5 war axe "Feh Ops" {flame, rF+ Dex+4
                  | Stlth+}
116427 | Zot:2    | Killed a dread lich
116428 | Zot:2    | Reached skill level 15 in Spellcasting
116428 | Zot:2    | Reached XP level 26. HP: 283/291 MP: 16/42
116473 | Zot:2    | Killed a dread lich
117116 | Zot:4    | Noticed a Killer Klown
117186 | Zot:4    | Noticed a Killer Klown
117188 | Zot:4    | Killed a Killer Klown
117542 | Zot:4    | Killed a Killer Klown
119015 | Zot:4    | Identified the +1 rapier of Feschuiw {venom, Will+ Stlth+}
119116 | Zot:4    | Identified the staff "Koanew" {Int+3 Conj}
119136 | Zot:4    | Identified the +11 orcbow of Darkness {freeze, Dex+3}
119235 | Zot:5    | Entered Level 5 of the Realm of Zot
119664 | Zot:5    | Noticed a dread lich
119667 | Zot:5    | Killed a dread lich
119720 | Zot:5    | Noticed a dread lich
119772 | Zot:5    | Killed a dread lich
119928 | Zot:5    | Noticed an ancient lich
119930 | Zot:5    | Killed an ancient lich
119984 | Zot:5    | Noticed an orb of fire
120061 | Zot:5    | Noticed an orb of fire
120132 | Zot:5    | Gained mutation: Your mind is acute. (Int +4, Str/Dex -1)
                  | [an orb of fire]
120134 | Zot:4    | Killed an orb of fire
120218 | Zot:5    | Killed an orb of fire
120420 | Zot:5    | Noticed a dread lich
120423 | Zot:5    | Killed a dread lich
120611 | Zot:5    | Noticed a Killer Klown
120615 | Zot:5    | Killed a Killer Klown
120616 | Zot:5    | Reached XP level 27. HP: 312/312 MP: 5/45
120901 | Zot:5    | Noticed an ancient lich
120903 | Zot:5    | Killed an ancient lich
120977 | Zot:5    | Noticed an orb of fire
120990 | Zot:5    | Killed an orb of fire
121170 | Zot:5    | Noticed a dread lich
121172 | Zot:5    | Killed a dread lich
121269 | Zot:5    | Noticed an orb of fire
121273 | Zot:5    | Killed an orb of fire
121474 | Zot:5    | Noticed an ancient lich
121476 | Zot:5    | Killed an ancient lich
121608 | Zot:5    | Noticed a dread lich
121610 | Zot:5    | Killed a dread lich
122394 | Temple   | Fell from the grace of Elyvilon
122394 | Temple   | Became a worshipper of Gozag Ym Sagoz the Greedy
122637 | Dis:7    | Identified the of Qola
122637 | Dis:7    | Identified the "Ethywoz"
122637 | Dis:7    | Identified the of Leprugiu
122637 | Dis:7    | Identified the "Kuigg"
122637 | Zig:1    | Entered Level 1 of a ziggurat
122752 | Zig:2    | Entered Level 2 of a ziggurat
122767 | Zig:3    | Entered Level 3 of a ziggurat
122775 | Zig:3    | Identified the ring "Gicoep" {+Blink Dex+5 SInv}
122807 | Zig:4    | Entered Level 4 of a ziggurat
122835 | Zig:5    | Entered Level 5 of a ziggurat
122838 | Zig:5    | Found the +3 pair of gauntlets of War {Slay+5}
122874 | Zig:5    | Identified the +1 scale mail "Qeezem" {Int+2}
122878 | Zig:6    | Entered Level 6 of a ziggurat
122880 | Zig:6    | Noticed a royal mummy
122887 | Zig:6    | Killed a royal mummy
122972 | Zig:7    | Entered Level 7 of a ziggurat
122976 | Zig:7    | Noticed a royal mummy
122977 | Zig:7    | Noticed a royal mummy
122978 | Zig:7    | Noticed a royal mummy
122981 | Zig:7    | Killed a royal mummy
122982 | Zig:7    | Killed a royal mummy
122982 | Zig:7    | Killed a royal mummy
123037 | Zig:7    | Acquired the staff of Putrescence {rF+ Will+ rCorr Fire}
123038 | Zig:7    | Acquired 816 gold pieces
123047 | Zig:7    | Identified the +6 halberd of the Harvest {freeze, Will+
                  | Dex+5}
123057 | Zig:7    | Identified the +7 spear "Nuugac" {vamp, rC+}
123064 | Zig:8    | Identified the of Xuhot
123064 | Zig:8    | Entered Level 8 of a ziggurat
123090 | Zig:8    | Identified the ring "Mahaido" {Fly rElec Will+ Int+6 Dex-3}
123115 | Zig:9    | Entered Level 9 of a ziggurat
123121 | Zig:9    | Noticed Qivves the pandemonium lord
123128 | Zig:9    | Killed Qivves the pandemonium lord
123169 | Zig:9    | Identified the staff of Basuawewij {rPois rC+ rCorr Earth}
123181 | Zig:10   | Identified the "Foframis"
123181 | Zig:10   | Entered Level 10 of a ziggurat
123189 | Zig:10   | Noticed a dread lich
123189 | Zig:10   | Noticed a dread lich
123191 | Zig:10   | Killed a dread lich
123191 | Zig:10   | Killed a dread lich
123206 | Zig:10   | Identified the ring "Innuklorr" {rCorr Dex+3}
123210 | Zig:10   | Acquired 960 gold pieces
123234 | Zig:11   | Identified the of Coafunaew
123234 | Zig:11   | Identified the of Ipam
123234 | Zig:11   | Entered Level 11 of a ziggurat
123241 | Zig:11   | Found the +8 trishula "Condemnation" {holy, anguish, *Noise
                  | Fly rN+}
123243 | Zig:11   | Noticed a dread lich
123243 | Zig:11   | Noticed an ancient lich
123245 | Zig:11   | Killed a dread lich
123247 | Zig:11   | Killed an ancient lich
123262 | Zig:11   | Identified the amulet of Hiuxuraq {Faith Str+3 Slay+2}
123353 | Zig:12   | Entered Level 12 of a ziggurat
123517 | Zig:12   | Identified the amulet "Opsuof Qidi" {Reflect Rampage MP-9
                  | Str+2 SH+5}
123519 | Zig:12   | Identified the amulet of Taqotepp {Spirit rN+ Int+3}
123614 | Zig:13   | Entered Level 13 of a ziggurat
123623 | Zig:13   | Found the +8 frozen axe "Frostbite" {freeze, freezing
                  | cloud, *Noise Fly rC+}
123624 | Zig:13   | Noticed an ancient lich
123635 | Zig:13   | Upgraded the game from 0.31-a0-977-gc230f8e to
                  | 0.31-a0-978-g1e14348
123635 | Zig:13   | Killed an ancient lich
123674 | Zig:13   | Identified the +3 leather armour "Sastru" {rF+ Slay+2}
123675 | Zig:13   | Identified the +6 flail of Beyond {holy, rPois rF+ Dex+2
                  | Stlth+}
123812 | Zig:13   | Identified the +0 robe of Decompression {+Inv rPois}
123815 | Zig:14   | Entered Level 14 of a ziggurat
123852 | Zig:14   | Identified the ring "Iqecuabb" {rC+ Int+3}
123859 | Zig:14   | Identified the +6 short sword "Xeagesel" {freeze, Int+3}
123932 | Zig:15   | Identified the "Josi"
123932 | Zig:15   | Entered Level 15 of a ziggurat
123966 | Zig:15   | Identified the +2 pair of boots of Limited Liability {rN+}
123977 | Zig:15   | Identified the amulet of the Ageless Gods {Acrobat rN+
                  | Str+3 Int-3}
124107 | Zig:16   | Entered Level 16 of a ziggurat
124115 | Zig:16   | Paralysed by an air elemental for 1 turns
124120 | Zig:16   | Reached skill level 10 in Shapeshifting
124247 | Zig:16   | Found the dreamshard necklace {Acrobat *Dream}
124296 | Zig:16   | Identified the +0 leather armour of the Cockroach {rN+
                  | Str+2}
124302 | Zig:16   | Identified the ring of Raitwo {Ice Str+4 Int+2}
124325 | Zig:17   | Entered Level 17 of a ziggurat
124377 | Zig:17   | Identified the +4 ring mail of Birdsong {-Cast rN+ Str+4
                  | Stlth+}
124379 | Zig:17   | Identified the amulet "Nuafaare" {Spirit rN+ Will+ rCorr
                  | SInv}
124536 | Zig:17   | Identified the +8 short sword of Friendship {drain, rF+ rN+
                  | Dex-2 Stlth+}
124596 | Zig:18   | Identified the of Haimn
124596 | Zig:18   | Entered Level 18 of a ziggurat
124609 | Zig:18   | Paralysed by a wendigo for 1 turns
124610 | Zig:18   | Noticed an ancient lich
124613 | Zig:18   | Killed an ancient lich
124720 | Zig:18   | Identified the staff "Otoqol" {rElec rC- rN++ Str+4 Air}
124730 | Zig:18   | Identified the +11 scimitar of Qubyfipp {freeze, *Rage
                  | Str+3 Int+3}
124732 | Zig:18   | Identified the +8 plate armour "Cecanuok" {Will+ Dex+2}
124733 | Zig:18   | Identified the +4 pair of boots of an ossuary {rN+ SInv}
124883 | Zig:19   | Identified the "Ecaczuaw"
124883 | Zig:19   | Identified the "Coprapi"
124883 | Zig:19   | Entered Level 19 of a ziggurat
124898 | Zig:19   | Noticed an ancient lich
124900 | Zig:19   | Killed an ancient lich
124901 | Zig:19   | Reached skill level 15 in Shapeshifting
124928 | Zig:19   | Identified the ring of Symmetry {rElec rPois Int+2 Dex-2}
124941 | Zig:19   | Identified the +8 flail of Living Indomitability {heavy,
                  | rF+}
125090 | Zig:20   | Entered Level 20 of a ziggurat
125100 | Zig:20   | Noticed Qaheh the pandemonium lord
125107 | Zig:20   | Killed Qaheh the pandemonium lord
125112 | Zig:20   | Noticed Vizopsau the pandemonium lord
125113 | Zig:20   | Noticed Zoypnum the pandemonium lord
125123 | Zig:20   | Killed Zoypnum the pandemonium lord
125125 | Zig:20   | Noticed Wocla the pandemonium lord
125131 | Zig:20   | Killed Vizopsau the pandemonium lord
125135 | Zig:20   | Killed Wocla the pandemonium lord
125142 | Zig:20   | Noticed Leseocs the pandemonium lord
125147 | Zig:20   | Noticed Koxecysk the pandemonium lord
125156 | Zig:20   | Noticed Miruc the pandemonium lord
125174 | Zig:20   | Noticed Taistraes the pandemonium lord
125182 | Zig:21   | Entered Level 21 of a ziggurat
125212 | Zig:21   | Noticed a royal mummy
125219 | Zig:21   | Killed a royal mummy
125220 | Zig:21   | Noticed a royal mummy
125230 | Zig:21   | Noticed a royal mummy
125233 | Zig:21   | Killed a royal mummy
125233 | Zig:21   | Killed a royal mummy
125234 | Zig:21   | Noticed a royal mummy
125246 | Zig:21   | Killed a royal mummy
125246 | Zig:21   | Noticed a royal mummy
125252 | Zig:21   | Killed a royal mummy
125282 | Zig:21   | Noticed a royal mummy
125283 | Zig:21   | Noticed a royal mummy
125292 | Zig:21   | Killed a royal mummy
125292 | Zig:21   | Killed a royal mummy
125299 | Zig:21   | Noticed a royal mummy
125302 | Zig:21   | Noticed a royal mummy
125306 | Zig:21   | Killed a royal mummy
125306 | Zig:21   | Killed a royal mummy
125313 | Zig:21   | Noticed a royal mummy
125323 | Zig:21   | Killed a royal mummy
125640 | Zig:21   | Acquired 557 gold pieces
125641 | Zig:21   | Identified the "Juss" (You acquired it on level 21 of a
                  | ziggurat)
125641 | Zig:21   | Acquired 1091 gold pieces
125659 | Zig:21   | Identified the staff "Arcanum" {rElec rC+ Int+3 Dex+2 Air}
125677 | Zig:21   | Identified the +0 ring mail of the Crypt {Drain rN+ Str+4}
125682 | Zig:22   | Identified the "Ymmiurgh"
125682 | Zig:22   | Identified the "Faem"
125682 | Zig:22   | Identified the "Jonavol"
125682 | Zig:22   | Entered Level 22 of a ziggurat
125917 | Zig:22   | Identified the +8 hand axe of Weoloubb {freeze, rN+}
125918 | Zig:22   | Identified the +3 scimitar "Vawemub" {heavy, rPois rF-
                  | Stlth+}
125919 | Zig:22   | Identified the +8 arbalest of Might {drain, rN+++ Int-3
                  | Dex+7}
126006 | Zig:22   | Identified the +1 short sword of Punishment {spect, rN+}
126015 | Zig:23   | Entered Level 23 of a ziggurat
126036 | Zig:23   | Reached skill level 15 in Invocations
126279 | Zig:23   | Identified the staff of Ylontay {rPois rF+ MP+9 Int+6 Dex+2
                  | Poison}
126432 | Zig:23   | Identified the +0 plate armour of Dull Mirth {rF+ Dex+2}
126440 | Zig:24   | Identified the "Tetsiuro"
126440 | Zig:24   | Entered Level 24 of a ziggurat
126463 | Zig:24   | Noticed Niwiw the pandemonium lord
126483 | Zig:24   | Killed Niwiw the pandemonium lord
126987 | Zig:24   | Identified the +7 shortbow of Non Obstante Veredicto
                  | {heavy, Int+2 Stlth+}
126993 | Zig:24   | Identified the +1 robe "Loucsi" {Fly rF+}
126996 | Zig:24   | Identified the ring "Fuph" {Drain rPois rF+ Str+6 Dex-4}
126997 | Zig:24   | Identified the +0 leather armour of Minor Irritation {rF+
                  | rN+ MP+9}
127047 | Zig:25   | Identified the of Duwas
127047 | Zig:25   | Identified the "Cyseorchu"
127047 | Zig:25   | Entered Level 25 of a ziggurat
127064 | Zig:25   | Gained mutation: You are very clumsy. (Dex -4) [a
                  | cacodemon]
127066 | Zig:25   | Gained mutation: Armour fits poorly on your strangely
                  | shaped body. [a cacodemon]
127066 | Zig:25   | Gained mutation: You are frail. (-10% HP) [a cacodemon]
127066 | Zig:25   | Noticed Atopto the pandemonium lord
127073 | Zig:25   | Killed Atopto the pandemonium lord
127525 | Zig:25   | Gained mutation: You are very frail. (-20% HP) [a
                  | cacodemon]
127669 | Zig:25   | Identified the ring "Lefaaffu" {rCorr Str+2 Int+6 SInv}
127675 | Zig:25   | Identified the +0 broad axe "Juub" {freeze, rElec rN++
                  | Str-2 Int+2}
127683 | Zig:25   | Identified the +10 great sword of the Hummingbird {heavy,
                  | MP+9 Str-4 Dex+5 Stlth+}
127709 | Zig:25   | Identified the staff "Okkihiask" {rF+ rC+ Will+ Int+4 Fire}
127721 | Zig:25   | Identified the +6 plate armour of the New World {rF+}
127728 | Zig:25   | Identified the +0 ring mail "Uxossef" {rElec}
128171 | Zig:26   | Identified the of Zair
128171 | Zig:26   | Identified the "Rizxeacu"
128171 | Zig:26   | Entered Level 26 of a ziggurat
128189 | Zig:26   | Noticed an orb of fire
128191 | Zig:26   | Noticed an orb of fire
128191 | Zig:26   | Noticed an orb of fire
128191 | Zig:26   | Noticed an orb of fire
128192 | Zig:26   | Noticed an orb of fire
128193 | Zig:26   | Noticed an orb of fire
128193 | Zig:26   | Noticed an orb of fire
128195 | Zig:26   | Gained mutation: You sometimes lose your temper in combat.
                  | [an orb of fire]
128195 | Zig:26   | Noticed an orb of fire
128197 | Zig:26   | Killed an orb of fire
128197 | Zig:26   | Killed an orb of fire
128197 | Zig:26   | Killed an orb of fire
128197 | Zig:26   | Gained mutation: You are weak. (Str -2) [an orb of fire]
128198 | Zig:26   | Killed an orb of fire
128198 | Zig:26   | Gained mutation: You have hidden genetic defects. [an orb
                  | of fire]
128199 | Zig:26   | Killed an orb of fire
128200 | Zig:26   | Killed an orb of fire
128201 | Zig:26   | Killed an orb of fire
128230 | Zig:26   | Lost mutation: Your flesh is heat resistant. (rF+) [an orb
                  | of fire]
128233 | Zig:26   | Gained mutation: You are partially covered in large bone
                  | plates. (SH +4) [an orb of fire]
128233 | Zig:26   | Killed an orb of fire
128375 | Zig:26   | Lost mutation: Your natural rate of healing is unusually
                  | fast. [potion of mutation]
128375 | Zig:26   | Lost mutation: You are weak. (Str -2) [potion of mutation]
128375 | Zig:26   | Lost mutation: You have hidden genetic defects. [potion of
                  | mutation]
128375 | Zig:26   | Gained mutation: Your natural rate of healing is unusually
                  | fast. [potion of mutation]
128376 | Zig:26   | Lost mutation: Armour fits poorly on your strangely shaped
                  | body. [potion of mutation]
128376 | Zig:26   | Lost mutation: You sometimes lose your temper in combat.
                  | [potion of mutation]
128376 | Zig:26   | Gained mutation: Your spells are a little harder to cast,
                  | but a little more powerful. [potion of mutation]
128376 | Zig:26   | Gained mutation: You possess an exceptional clarity of
                  | mind. [potion of mutation]
128377 | Zig:26   | Lost mutation: Your spells are a little harder to cast, but
                  | a little more powerful. [potion of mutation]
128377 | Zig:26   | Lost mutation: Your mind is acute. (Int +4, Str/Dex -1)
                  | [potion of mutation]
128377 | Zig:26   | Lost mutation: You are partially covered in large bone
                  | plates. (SH +4) [potion of mutation]
128377 | Zig:26   | Gained mutation: You expend magic power (3 MP) to
                  | strengthen your wands. [potion of mutation]
128378 | Zig:26   | Lost mutation: You are very clumsy. (Dex -4) [potion of
                  | mutation]
128378 | Zig:26   | Lost mutation: You are clumsy. (Dex -2) [potion of
                  | mutation]
128378 | Zig:26   | Lost mutation: You expend magic power (3 MP) to strengthen
                  | your wands. [potion of mutation]
128378 | Zig:26   | Gained mutation: You have large cloven feet. [potion of
                  | mutation]
128378 | Zig:26   | Gained mutation: You are weak. (Str -2) [potion of
                  | mutation]
128378 | Zig:26   | Lost mutation: You are weak. (Str -2) [potion of mutation]
128379 | Zig:26   | Lost mutation: You possess an exceptional clarity of mind.
                  | [potion of mutation]
128379 | Zig:26   | Lost mutation: You are very frail. (-20% HP) [potion of
                  | mutation]
128379 | Zig:26   | Gained mutation: You have hidden genetic defects. [potion
                  | of mutation]
128380 | Zig:26   | Lost mutation: You have large cloven feet. [potion of
                  | mutation]
128380 | Zig:26   | Lost mutation: You are frail. (-10% HP) [potion of
                  | mutation]
128380 | Zig:26   | Gained mutation: You are dopey. (Int -2) [potion of
                  | mutation]
128380 | Zig:26   | Gained mutation: Your muscles are strong. (Str +4, Int/Dex
                  | -1) [potion of mutation]
128381 | Zig:26   | Lost mutation: You are dopey. (Int -2) [potion of mutation]
128381 | Zig:26   | Lost mutation: Your natural rate of healing is unusually
                  | fast. [potion of mutation]
128381 | Zig:26   | Gained mutation: Armour fits poorly on your strangely
                  | shaped body. [potion of mutation]
128381 | Zig:26   | Gained mutation: You sometimes lose your temper in combat.
                  | [potion of mutation]
128381 | Zig:26   | Gained mutation: You expend magic power (3 MP) to
                  | strengthen your wands. [potion of mutation]
128382 | Zig:26   | Lost mutation: Armour fits poorly on your strangely shaped
                  | body. [potion of mutation]
128382 | Zig:26   | Lost mutation: Your muscles are strong. (Str +4, Int/Dex
                  | -1) [potion of mutation]
128382 | Zig:26   | Lost mutation: You expend magic power (3 MP) to strengthen
                  | your wands. [potion of mutation]
128382 | Zig:26   | Gained mutation: You are dopey. (Int -2) [potion of
                  | mutation]
128383 | Zig:26   | Lost mutation: You sometimes lose your temper in combat.
                  | [potion of mutation]
128383 | Zig:26   | Lost mutation: You have hidden genetic defects. [potion of
                  | mutation]
128383 | Zig:26   | Lost mutation: You are dopey. (Int -2) [potion of mutation]
128383 | Zig:26   | Gained mutation: Your muscles are strong. (Str +4, Int/Dex
                  | -1) [potion of mutation]
128383 | Zig:26   | Gained mutation: You have sharp fingernails. [potion of
                  | mutation]
128383 | Zig:26   | Gained mutation: Your mind is acute. (Int +4, Str/Dex -1)
                  | [potion of mutation]
128495 | Zig:26   | Found the +7 lajatang of Order {silver, rMut}
128636 | Zig:26   | Identified the +6 dagger of Excruciating Pain {antimagic,
                  | Int-5 Dex+4}
128734 | Zig:27   | Entered Level 27 of a ziggurat
128935 | Zig:27   | Identified the +0 mace of Gallantry {speed, *Slow rElec
                  | Will+ Str+6}
128939 | Zig:27   | Identified the ring "Onempan" {Will+ rCorr}
128946 | Zig:27   | Identified the amulet "Lirigg" {Acrobat Rampage Int+4}
128950 | Zig:27   | Identified the ring of Cytz {rCorr MP+9 Int+6 Dex+3}
129003 | Zig:27   | Identified the +0 plate armour "Udish" {rPois Slay+3
                  | Stlth+}
129129 | Zig:27   | Identified the +0 whip "Qidghoc" {venom, Str+2}
129231 | Depths:2 | Learned a level 8 spell: Ignition
131440 | Crypt:1  | Entered Level 1 of the Crypt
131991 | Crypt:1  | Noticed Xtahua
131995 | Crypt:1  | Killed Xtahua
132236 | Crypt:1  | Found a transporter.
132646 | Crypt:1  | Identified the ring "Fyneutis" {rN+ Int+2 Dex+6 Slay+3}
132659 | Crypt:1  | Noticed an ancient lich
132973 | Crypt:1  | Identified the amulet "Fic Zyni" {RegenMP rElec Dex+3}
133101 | Crypt:1  | Found a transporter.
133623 | Crypt:2  | Noticed Khufu
133623 | Crypt:2  | Noticed a royal mummy
133627 | Crypt:2  | Killed a royal mummy
133628 | Crypt:2  | Killed Khufu
133932 | Crypt:2  | Reached skill level 27 in Invocations
134047 | Crypt:2  | Noticed Vv
134210 | Crypt:2  | Killed Vv
134450 | Crypt:2  | Noticed Margery
134452 | Crypt:2  | Killed Margery
135521 | Crypt:3  | Entered Level 3 of the Crypt
135841 | Crypt:3  | Reached skill level 27 in Fighting
135877 | Crypt:3  | Reached skill level 1 in Fire Magic
137468 | Crypt:3  | Reached skill level 5 in Fire Magic
137825 | Crypt:3  | Identified the "Haasut" (You acquired it on level 3 of the
                  | Crypt)
137825 | Crypt:3  | Acquired 808 gold pieces
137845 | Crypt:3  | Identified the staff "Deraesu" {Fly rCorr Str-5 Conj Tmut}
138015 | Crypt:3  | Found an ancient bone altar of Kikubaaqudgha.
138592 | Crypt:3  | Found a staircase to the Tomb.
139810 | Zig:1    | Entered Level 1 of a ziggurat
139895 | Zig:2    | Entered Level 2 of a ziggurat
139924 | Zig:3    | Entered Level 3 of a ziggurat
139951 | Zig:3    | Identified the ring "Zuxed" {rF+ rN+ Slay+2}
140099 | Zig:4    | Entered Level 4 of a ziggurat
140246 | Zig:5    | Identified the of Hosoosiu
140246 | Zig:5    | Entered Level 5 of a ziggurat
140251 | Zig:5    | Found the +6 Majin-Bo {spellvamp, MP+6 Int+6}
140267 | Zig:5    | Identified the +1 arbalest of the Silent Majority {penet,
                  | rC+ rN+ Str+3 Int-4}
140435 | Zig:6    | Entered Level 6 of a ziggurat
140441 | Zig:6    | Noticed Bera the pandemonium lord
140458 | Zig:6    | Killed Bera the pandemonium lord
140459 | Zig:6    | Reached skill level 10 in Fire Magic
140788 | Zig:7    | Entered Level 7 of a ziggurat
140814 | Zig:7    | Identified the ring of Virtue {Wiz Stlth+}
141003 | Zig:8    | Entered Level 8 of a ziggurat
141020 | Zig:8    | Identified the staff "Gaghypnoxt" {rC+ rN++ Str+5 Dex+3
                  | Ice}
141023 | Zig:8    | Identified the +0 robe of Kokharad {-Tele rF+ Regen+}
141064 | Zig:8    | Identified the staff "Embalmer" {rC+ rCorr Str+3 Int-5 Ice}
141095 | Zig:8    | Identified the +9 scimitar "Veuzuq" {freeze, Fragile rPois
                  | rC++ Stlth+}
141132 | Zig:9    | Entered Level 9 of a ziggurat
141295 | Zig:10   | Entered Level 10 of a ziggurat
141305 | Zig:10   | Found the +3 giant club "Skullcrusher" {speed, Str+7}
141502 | Zig:11   | Entered Level 11 of a ziggurat
141509 | Zig:11   | Noticed a royal mummy
141511 | Zig:11   | Noticed a royal mummy
141515 | Zig:11   | Killed a royal mummy
141515 | Zig:11   | Killed a royal mummy
141636 | Zig:11   | Identified the staff of Superiority {rPois rF+ rC+ Int+2
                  | Dex-3 Ice}
141644 | Zig:11   | Identified the +1 trident of Tartarus {heavy, *Corrode
                  | +Blink Int+4}
141652 | Zig:11   | Identified the +8 rapier "Vaes" {flame, rC+++ Str+3 Int+4
                  | Stlth-}
141731 | Zig:12   | Entered Level 12 of a ziggurat
141746 | Zig:12   | Found the +2 shield of Resistance {rF++ rC++ Will++}
141779 | Zig:12   | Identified the ring "Ifilik" {Fly rF+ rN+ rCorr Str-4}
141984 | Zig:12   | Identified the staff of the Philosopher {rElec rPois rF-
                  | rC+ Int+4 Poison}
141987 | Zig:12   | Identified the +8 ring mail "Muankopo" {*Slow Str+4 Dex+5}
141997 | Zig:13   | Entered Level 13 of a ziggurat
142006 | Zig:13   | Reached skill level 15 in Fire Magic
142114 | Zig:13   | Identified the staff "Haafofiw" {*Slow rF++ rC+ MP+9 Int+4
                  | Ice}
142188 | Zig:14   | Identified the of Hoiqar
142188 | Zig:14   | Entered Level 14 of a ziggurat
142472 | Zig:14   | Identified the +7 scimitar "Kuoze" {heavy, rPois rN+ Dex-4}
142476 | Zig:14   | Identified the +3 leather armour of the Volcano {*Corrode
                  | rPois Stlth+}
142480 | Zig:15   | Identified the "Yrchod"
142480 | Zig:15   | Entered Level 15 of a ziggurat
142682 | Zig:15   | Identified the ring of Patience {Drain +Blink rElec rC+}
142699 | Zig:15   | Identified the +1 ring mail of Duck's Teeth {+Blink Fly
                  | rF+}
142818 | Zig:16   | Identified the "Heic"
142818 | Zig:16   | Entered Level 16 of a ziggurat
142836 | Zig:16   | Found the +3 pair of mountain boots {steadfast, rC+}
142990 | Zig:16   | Identified the amulet "Bovotum" {Faith Rampage Dex+3}
142994 | Zig:16   | Identified the +4 arbalest "Fack" {penet, Fragile +Blink
                  | rCorr Stlth+}
143031 | Zig:17   | Entered Level 17 of a ziggurat
143042 | Zig:17   | Noticed Aruel the pandemonium lord
143042 | Zig:17   | Noticed Rehefric the pandemonium lord
143042 | Zig:17   | Noticed Uppeesim the pandemonium lord
143044 | Zig:17   | Noticed Sopnidez the pandemonium lord
143045 | Zig:17   | Killed Rehefric the pandemonium lord
143045 | Zig:17   | Noticed Febeag the pandemonium lord
143045 | Zig:17   | Noticed Jacsaenn the pandemonium lord
143045 | Zig:17   | Noticed Ruupsen the pandemonium lord
143046 | Zig:17   | Killed Uppeesim the pandemonium lord
143046 | Zig:17   | Noticed Miank the pandemonium lord
143047 | Zig:17   | Killed Jacsaenn the pandemonium lord
143048 | Zig:17   | Noticed Jusoaxop the pandemonium lord
143049 | Zig:17   | Noticed Qonwaak the pandemonium lord
143053 | Zig:17   | Killed Miank the pandemonium lord
143053 | Zig:17   | Killed Aruel the pandemonium lord
143054 | Zig:17   | Killed Febeag the pandemonium lord
143054 | Zig:17   | Killed Sopnidez the pandemonium lord
143054 | Zig:17   | Killed Ruupsen the pandemonium lord
143054 | Zig:17   | Killed Qonwaak the pandemonium lord
143057 | Zig:17   | Killed Jusoaxop the pandemonium lord
143337 | Zig:17   | Identified the amulet "Iqakhufe" {Spirit rPois rN+ Regen+
                  | Int-3}
143340 | Zig:17   | Identified the amulet "Agolyes" {Faith Harm Dex+4}
143349 | Zig:17   | Identified the +1 arbalest of Tuih Ymame {drain, rCorr
                  | Stlth+}
143350 | Zig:17   | Identified the staff "Demonslayer" {rElec rN+ Int+3 Air}
143431 | Zig:18   | Entered Level 18 of a ziggurat
143439 | Zig:18   | Noticed Epnof the pandemonium lord
143440 | Zig:18   | Noticed Xuyzoff the pandemonium lord
143440 | Zig:18   | Noticed Zuziumn the pandemonium lord
143441 | Zig:18   | Noticed Cushiriec the pandemonium lord
143443 | Zig:18   | Killed Xuyzoff the pandemonium lord
143443 | Zig:18   | Noticed Ehoxe the pandemonium lord
143445 | Zig:18   | Killed Cushiriec the pandemonium lord
143445 | Zig:18   | Noticed Nakkys the pandemonium lord
143447 | Zig:18   | Noticed Aweix the pandemonium lord
143447 | Zig:18   | Noticed Wuywkit the pandemonium lord
143448 | Zig:18   | Killed Epnof the pandemonium lord
143448 | Zig:18   | Killed Zuziumn the pandemonium lord
143448 | Zig:18   | Killed Wuywkit the pandemonium lord
143449 | Zig:18   | Noticed Cuczum the pandemonium lord
143449 | Zig:18   | Noticed Plog the pandemonium lord
143449 | Zig:18   | Noticed Attekhlyg the pandemonium lord
143450 | Zig:18   | Killed Nakkys the pandemonium lord
143451 | Zig:18   | Killed Attekhlyg the pandemonium lord
143452 | Zig:18   | Noticed Pecawk the pandemonium lord
143452 | Zig:18   | Noticed Amaefiq the pandemonium lord
143453 | Zig:18   | Killed Plog the pandemonium lord
143453 | Zig:18   | Killed Cuczum the pandemonium lord
143453 | Zig:18   | Killed Ehoxe the pandemonium lord
143454 | Zig:18   | Killed Aweix the pandemonium lord
143457 | Zig:18   | Killed Pecawk the pandemonium lord
143461 | Zig:18   | Killed Amaefiq the pandemonium lord
143690 | Zig:18   | Identified the +0 robe of Pantheism {rPois}
143700 | Zig:18   | Identified the +10 spear of Rahimual {freeze, rF- Will+++
                  | rCorr Dex-5}
143735 | Zig:18   | Identified the ring "Juaquops" {rF+ Str+2 Int+3}
143739 | Zig:19   | Entered Level 19 of a ziggurat
143744 | Zig:19   | Noticed an ancient lich
143747 | Zig:19   | Killed an ancient lich
143973 | Zig:19   | Found the +5 moon troll leather armour {Spirit, Regen++
                  | MP+5}
143977 | Zig:19   | Identified the +9 war axe "Iryg" {drain, rF+}
144102 | Zig:20   | Entered Level 20 of a ziggurat
144432 | Zig:21   | Identified the "Emawn"
144432 | Zig:21   | Identified the "Jama"
144432 | Zig:21   | Entered Level 21 of a ziggurat
144439 | Zig:21   | Noticed an ancient lich
144440 | Zig:21   | Killed an ancient lich
144444 | Zig:21   | Noticed a dread lich
144445 | Zig:21   | Noticed a dread lich
144448 | Zig:21   | Killed a dread lich
144449 | Zig:21   | Killed a dread lich
144620 | Zig:21   | Identified the ring of Hier {Drain rPois rC+ Will++ SInv}
144746 | Zig:22   | Entered Level 22 of a ziggurat
144759 | Zig:22   | Noticed a juggernaut
144764 | Zig:22   | Killed a juggernaut
144886 | Zig:22   | Identified the +10 quarterstaff of Okawaru, Supporting
                  | {freeze, rPois rC++}
145050 | Zig:22   | Identified the +0 buckler "Giupuc" {rC+ Dex+3}
145058 | Zig:22   | Identified the +5 trident "Dragon's Tongue" {drain, MP+9
                  | Str+2 SInv}
145061 | Zig:22   | Identified the amulet "Laixot" {Faith rPois}
145063 | Zig:22   | Identified the +5 great mace of Righteous Anger {spect, Fly
                  | Str+3}
145081 | Zig:22   | Identified the +10 dagger "Sozab" {heavy, rF+ rN+ Dex+4}
145082 | Zig:22   | Identified the staff "Hydrabane" {rPois Str-4 Stlth+ Conj}
145111 | Zig:23   | Identified the of Qacozaxt
145111 | Zig:23   | Identified the of Orirot
145111 | Zig:23   | Identified the "Uzomn"
145111 | Zig:23   | Entered Level 23 of a ziggurat
145123 | Zig:23   | Reached skill level 27 in Fire Magic
145381 | Zig:23   | Identified the +8 arbalest "Qufehupne" {freeze, +Blink
                  | rPois Stlth+}
145500 | Zig:24   | Identified the "Icveug"
145500 | Zig:24   | Identified the "Zeel"
145500 | Zig:24   | Entered Level 24 of a ziggurat
145526 | Zig:24   | Reached skill level 27 in Earth Magic
145532 | Zig:24   | Paralysed by a wendigo for 1 turns
145538 | Zig:24   | Noticed a dread lich
145541 | Zig:24   | Killed a dread lich
145546 | Zig:24   | Found the brooch of Shielding {Spirit SH+8}
145547 | Zig:24   | Found the +8 storm bow {elec, penet}
145621 | Zig:24   | Identified the +4 shortbow "Dragonbane" {heavy, rPois rN++
                  | rCorr Dex-4}
145628 | Zig:24   | Identified the +12 rapier "Louciv" {flame, Stlth+}
145635 | Zig:24   | Identified the amulet "Maomom" {Reflect -Cast Rampage rElec
                  | Str+3 SH+5 Stlth+}
145642 | Zig:24   | Identified the +11 long sword of Dishonour {antimagic, rF+
                  | rC+ rN+ Int-5}
145799 | Zig:25   | Identified the "Zuyn"
145799 | Zig:25   | Entered Level 25 of a ziggurat
146039 | Zig:25   | Identified the +9 short sword of Osei {venom, *Rage rF++
                  | MP+9 Dex+2}
146053 | Zig:25   | Identified the +5 orcbow "Roumokh" {heavy, *Slow rN++ Will+
                  | Dex+2}
146054 | Zig:25   | Identified the ring of Saodaff {rCorr Int+3}
146059 | Zig:25   | Identified the +11 shortbow of Jotzudo {heavy, rElec rN+}
146264 | Zig:26   | Identified the "Qeokleu"
146264 | Zig:26   | Identified the "Ymohyem"
146264 | Zig:26   | Entered Level 26 of a ziggurat
146758 | Zig:26   | Identified the +0 ring mail of the Doldrums {Will+ Str+2
                  | Int+3 Slay+2}
146773 | Zig:26   | Identified the +11 falchion of Cukhiolo {venom, *Rage rF+
                  | Int+3}
146779 | Zig:26   | Identified the amulet of Atheism {RegenMP rF+ Str+4}
146915 | Zig:26   | Reached skill level 27 in Spellcasting
146939 | Zig:27   | Identified the of Ypijo
146939 | Zig:27   | Entered Level 27 of a ziggurat
146956 | Zig:27   | Reached skill level 27 in Shields
146957 | Zig:27   | Reached skill level 5 in Dodging
146978 | Zig:27   | Learned a level 4 spell: Vhi's Electric Charge
147534 | Zig:27   | Identified the +4 battleaxe of Pivo {freeze, *Corrode
                  | Str+4}
147537 | Zig:27   | Identified the +6 great mace of Ofirirgh {venom, Will-
                  | rCorr Str+3}
147540 | Zig:27   | Identified the blade talisman of Privacy {Str+3}
147578 | D:1      | Upgraded the game from 0.31-a0-978-g1e14348 to
                  | 0.31-a0-981-geadf994
147578 | D:1      | Upgraded the game from 0.31-a0-981-geadf994 to
                  | 0.31-a0-988-g08d55da
147595 | Zig:1    | Entered Level 1 of a ziggurat
147642 | Zig:2    | Entered Level 2 of a ziggurat
147645 | Zig:2    | Reached skill level 1 in Translocations
147645 | Zig:2    | Reached skill level 1 in Air Magic
147685 | Zig:3    | Entered Level 3 of a ziggurat
147830 | Zig:4    | Entered Level 4 of a ziggurat
147930 | Zig:4    | Identified the +2 chain mail "Ycimp" {Int+5}
147941 | Zig:5    | Entered Level 5 of a ziggurat
147944 | Zig:5    | Noticed a juggernaut
147945 | Zig:5    | Killed a juggernaut
148037 | Zig:5    | Identified the ring of Kiluf {Ice rN+ Will+ Int-2}
148079 | Zig:6    | Entered Level 6 of a ziggurat
148229 | Zig:7    | Identified the of Tero
148229 | Zig:7    | Entered Level 7 of a ziggurat
148236 | Zig:7    | Reached skill level 10 in Dodging
148297 | Zig:7    | Identified the +7 great sword "Mibboch" {freeze, rElec rF-
                  | MP+9 SInv}
148350 | Zig:8    | Entered Level 8 of a ziggurat
148480 | Zig:8    | Identified the +5 scimitar of Execution {freeze, Fly rC-
                  | rCorr}
148499 | Zig:9    | Entered Level 9 of a ziggurat
148506 | Zig:9    | Noticed a royal mummy
148506 | Zig:9    | Noticed a royal mummy
148508 | Zig:9    | Noticed a royal mummy
148508 | Zig:9    | Noticed a royal mummy
148509 | Zig:9    | Killed a royal mummy
148509 | Zig:9    | Killed a royal mummy
148510 | Zig:9    | Reached skill level 5 in Translocations
148510 | Zig:9    | Reached skill level 5 in Air Magic
148510 | Zig:9    | Killed a royal mummy
148510 | Zig:9    | Killed a royal mummy
148835 | Zig:10   | Entered Level 10 of a ziggurat
148843 | Zig:10   | Noticed a dread lich
148843 | Zig:10   | Noticed a dread lich
148843 | Zig:10   | Noticed a dread lich
148844 | Zig:10   | Noticed a dread lich
148845 | Zig:10   | Noticed a dread lich
148845 | Zig:10   | Noticed a dread lich
148845 | Zig:10   | Noticed an ancient lich
148847 | Zig:10   | Killed a dread lich
148847 | Zig:10   | Killed a dread lich
148847 | Zig:10   | Killed a dread lich
148847 | Zig:10   | Killed a dread lich
148847 | Zig:10   | Killed an ancient lich
148847 | Zig:10   | Killed a dread lich
148849 | Zig:10   | Killed a dread lich
149012 | Zig:10   | Identified the +0 scale mail of Qeoradgh {rElec}
149021 | Zig:11   | Entered Level 11 of a ziggurat
149034 | Zig:11   | Noticed Baininil the pandemonium lord
149038 | Zig:11   | Killed Baininil the pandemonium lord
149226 | Zig:11   | Identified the ring of Wuimomid {rN+++ Str-2 Int+6 SInv}
149229 | Zig:11   | Identified the amulet of Starshine {Will- Regen+ Str+3
                  | Int+3}
149285 | Zig:12   | Identified the of Jiven
149285 | Zig:12   | Entered Level 12 of a ziggurat
149468 | Zig:12   | Identified the +0 pair of boots "Owuoko" {*Slow rElec rF+++
                  | Stlth-}
149518 | Zig:13   | Entered Level 13 of a ziggurat
149529 | Zig:13   | Noticed an ancient lich
149531 | Zig:13   | Noticed an ancient lich
149531 | Zig:13   | Noticed a dread lich
149531 | Zig:13   | Noticed a dread lich
149532 | Zig:13   | Killed a dread lich
149533 | Zig:13   | Killed an ancient lich
149533 | Zig:13   | Killed an ancient lich
149533 | Zig:13   | Killed a dread lich
149534 | Zig:13   | Reached skill level 15 in Dodging
149567 | Zig:13   | Identified the +0 ring mail "Otul" {rC+ Str+3}
149597 | Zig:13   | Identified the +6 bardiche "Esit" {pain, rPois rC+ Dex+2}
149666 | Zig:14   | Entered Level 14 of a ziggurat
149686 | Zig:14   | Reached skill level 10 in Translocations
149686 | Zig:14   | Reached skill level 10 in Air Magic
149837 | Zig:14   | Identified the staff of Change {rN+ Will+ Earth}
149858 | Zig:14   | Identified the +0 rapier of Beogh's Whim {venom, rF+ rN+
                  | MP-9 Dex+4}
149915 | Zig:15   | Identified the "Qawk"
149915 | Zig:15   | Entered Level 15 of a ziggurat
149954 | Zig:15   | Identified the amulet "Rytef" {Acrobat Regen+ Str+3 Int+3}
150113 | Zig:15   | Identified the +2 arbalest of Qaqow {heavy, rElec Dex+3}
150211 | Zig:16   | Entered Level 16 of a ziggurat
150355 | Zig:16   | Identified the +5 ring mail of Broken Taboos {Drain rPois
                  | MP+9 Slay+4}
150390 | Zig:16   | Identified the +2 leather armour "Ziaczu" {*Slow Str+3
                  | Stlth+}
150391 | Zig:16   | Identified the +0 robe "Suubum Heall" {rElec}
150393 | Zig:16   | Identified the +3 great sword "Zivuel" {elec, *Corrode
                  | rElec rN+++ SInv}
150395 | Zig:16   | Identified the +2 lajatang of Feisanozi {freeze, Int+4}
150403 | Zig:16   | Identified the +5 scale mail "Qechug" {Str-2 Dex+3 Slay+2
                  | SInv}
150496 | Zig:17   | Entered Level 17 of a ziggurat
150529 | Zig:17   | Identified the +8 hand cannon "Sonub" {penet, rC+}
150532 | Zig:17   | Identified the ring "Ararche" {rPois AC+4 Str+3}
150535 | Zig:17   | Identified the amulet "Sogg" {Acrobat -Tele Str+4 Int+3}
150538 | Zig:17   | Identified the +3 hand axe "Diger" {venom, rPois rC+}
150629 | Zig:17   | Identified the staff of Myomuoce {rElec rN+ Necro}
150773 | Zig:18   | Identified the "Duabrela"
150773 | Zig:18   | Entered Level 18 of a ziggurat
150792 | Zig:18   | Noticed Tykiatom the pandemonium lord
150795 | Zig:18   | Reached skill level 27 in Shapeshifting
150795 | Zig:18   | Killed Tykiatom the pandemonium lord
151038 | Zig:18   | Identified the +5 flail "Xanwarchi" {flame, Int+2}
151043 | Zig:18   | Identified the +1 falchion "Syil" {drain, *Noise rElec rF+
                  | Int+6}
151144 | Zig:19   | Identified the "Juduamoun"
151144 | Zig:19   | Identified the "Yluoqint"
151144 | Zig:19   | Identified the "Mom Wuq"
151144 | Zig:19   | Identified the "Yni Si Ado"
151144 | Zig:19   | Identified the of Ocoonuh
151144 | Zig:19   | Entered Level 19 of a ziggurat
151162 | Zig:19   | Noticed a dread lich
151163 | Zig:19   | Killed a dread lich
151172 | Zig:19   | Found the +2 cloak of the Thief {*Fog Slay-2 SInv Stlth+}
151173 | Zig:19   | Found the +3 greatsling "Punk" {acid, rCorr}
151446 | Zig:19   | Identified the +5 dagger "Killer Klown's Foe" {protect,
                  | Str+4}
151479 | Zig:19   | Identified the +9 scimitar "Eghaju" {venom, *Rage Str+4}
151480 | Zig:19   | Identified the +1 steam dragon scales of Seuthrat {Rampage
                  | Str+3}
151572 | Zig:20   | Identified the "Evedd"
151572 | Zig:20   | Identified the "Ufuipovy"
151572 | Zig:20   | Identified the "Desantic"
151572 | Zig:20   | Entered Level 20 of a ziggurat
151862 | Zig:20   | Identified the +4 spear of the Jester {pain, *Rage rElec
                  | rC- Dex+6}
151868 | Zig:20   | Identified the ring of Nemelex Xobeh's Esteem {rPois rN+
                  | Slay+4}
151870 | Zig:20   | Identified the ring "Coymeag" {rN+ Will+ SInv}
151944 | Zig:21   | Entered Level 21 of a ziggurat
151962 | Zig:21   | Noticed an ancient lich
151967 | Zig:21   | Reached skill level 27 in Dodging
151967 | Zig:21   | Reached skill level 1 in Armour
151967 | Zig:21   | Killed an ancient lich
151969 | Zig:21   | Found the +7 mace of Variability {chaos, chaos arc}
151973 | Zig:21   | Reached skill level 5 in Armour
152102 | Zig:21   | Identified the +6 great mace of the Tentacled God {protect,
                  | rElec rC+ Dex+2}
152221 | Zig:21   | Identified the ring of Vybiv {*Corrode rPois rF+ SInv}
152224 | Zig:21   | Identified the +3 great sword "Teedd" {freeze, Str+5}
152227 | Zig:21   | Identified the amulet of Mileosk {Acrobat rPois Will+ SInv}
152231 | Zig:21   | Identified the +6 short sword "Trog's Vengeance" {flame,
                  | Int+5}
152238 | Zig:21   | Identified the +1 robe "Fupeil" {rPois rC++ rN+ Dex-5
                  | Slay+2}
152243 | Zig:21   | Identified the +1 morningstar of Zaurekh {venom, rPois
                  | Will+ Int+4}
152249 | Zig:21   | Identified the +4 triple sword of Meepomut {vamp, rPois rF+
                  | rN+ SInv}
152379 | Zig:22   | Identified the of Wuxinten
152379 | Zig:22   | Identified the "Gualunk"
152379 | Zig:22   | Entered Level 22 of a ziggurat
152403 | Zig:22   | Reached skill level 10 in Armour
152679 | Zig:22   | Identified the +7 glaive "Laom" {venom, *Rage rN+ Int+2
                  | Dex+3}
152780 | Zig:23   | Identified the "Hept"
152780 | Zig:23   | Entered Level 23 of a ziggurat
152790 | Zig:23   | Noticed Jobraeff the pandemonium lord
152792 | Zig:23   | Noticed Maxuonk the pandemonium lord
152794 | Zig:23   | Killed Maxuonk the pandemonium lord
152795 | Zig:23   | Killed Jobraeff the pandemonium lord
152796 | Zig:23   | Noticed Roegaes the pandemonium lord
152796 | Zig:23   | Noticed Ubusch the pandemonium lord
152800 | Zig:23   | Noticed Wytitzo the pandemonium lord
152801 | Zig:23   | Noticed Usoraymo the pandemonium lord
152801 | Zig:23   | Noticed Xaosoaffu the pandemonium lord
152802 | Zig:23   | Killed Wytitzo the pandemonium lord
152802 | Zig:23   | Noticed Fourchun the pandemonium lord
152802 | Zig:23   | Noticed Cul Fits the pandemonium lord
152803 | Zig:23   | Killed Roegaes the pandemonium lord
152803 | Zig:23   | Killed Xaosoaffu the pandemonium lord
152803 | Zig:23   | Killed Usoraymo the pandemonium lord
152804 | Zig:23   | Killed Ubusch the pandemonium lord
152806 | Zig:23   | Noticed Vupn the pandemonium lord
152806 | Zig:23   | Noticed Ciheen the pandemonium lord
152806 | Zig:23   | Noticed Niff the pandemonium lord
152810 | Zig:23   | Killed Cul Fits the pandemonium lord
152811 | Zig:23   | Noticed Ysteerr the pandemonium lord
152812 | Zig:23   | Killed Fourchun the pandemonium lord
152812 | Zig:23   | Killed Ysteerr the pandemonium lord
152812 | Zig:23   | Noticed Zogic the pandemonium lord
152813 | Zig:23   | Killed Vupn the pandemonium lord
152813 | Zig:23   | Noticed Cofak the pandemonium lord
152813 | Zig:23   | Noticed Fotrucw the pandemonium lord
152815 | Zig:23   | Killed Cofak the pandemonium lord
152816 | Zig:23   | Noticed Qiududdu the pandemonium lord
152816 | Zig:23   | Killed Ciheen the pandemonium lord
152817 | Zig:23   | Noticed Muicliv the pandemonium lord
152817 | Zig:23   | Noticed Zoxziq the pandemonium lord
152817 | Zig:23   | Killed Fotrucw the pandemonium lord
152817 | Zig:23   | Killed Qiududdu the pandemonium lord
152818 | Zig:23   | Killed Zoxziq the pandemonium lord
152818 | Zig:23   | Killed Muicliv the pandemonium lord
152820 | Zig:23   | Killed Niff the pandemonium lord
152821 | Zig:23   | Reached skill level 15 in Armour
152825 | Zig:23   | Killed Zogic the pandemonium lord
152828 | Zig:23   | Noticed Egoipp the pandemonium lord
152838 | Zig:23   | Killed Egoipp the pandemonium lord
152861 | Zig:23   | Noticed Babepou the pandemonium lord
152862 | Zig:23   | Noticed Fuanil the pandemonium lord
152863 | Zig:23   | Killed Babepou the pandemonium lord
152863 | Zig:23   | Noticed Taosecy the pandemonium lord
152867 | Zig:23   | Noticed Xynteirr the pandemonium lord
152868 | Zig:23   | Killed Fuanil the pandemonium lord
152872 | Zig:23   | Killed Taosecy the pandemonium lord
152873 | Zig:23   | Killed Xynteirr the pandemonium lord
152874 | Zig:23   | Noticed Voejem the pandemonium lord
152879 | Zig:23   | Noticed Esypn the pandemonium lord
152880 | Zig:23   | Killed Voejem the pandemonium lord
152882 | Zig:23   | Killed Esypn the pandemonium lord
153214 | Zig:23   | Found the +2 Maxwell's thermic engine {flame, freeze, rev}
153217 | Zig:23   | Found the +8 orange crystal plate armour {Archmagi, Int+3
                  | Clar}
153256 | Zig:24   | Identified the "Onurch"
153256 | Zig:24   | Entered Level 24 of a ziggurat
153273 | Zig:24   | Noticed a dread lich
153273 | Zig:24   | Noticed a dread lich
153274 | Zig:24   | Noticed a dread lich
153274 | Zig:24   | Noticed an ancient lich
153274 | Zig:24   | Noticed an ancient lich
153274 | Zig:24   | Noticed an ancient lich
153276 | Zig:24   | Killed an ancient lich
153276 | Zig:24   | Killed a dread lich
153276 | Zig:24   | Killed a dread lich
153276 | Zig:24   | Killed an ancient lich
153276 | Zig:24   | Killed an ancient lich
153276 | Zig:24   | Killed a dread lich
153276 | Zig:24   | Noticed an ancient lich
153276 | Zig:24   | Noticed an ancient lich
153277 | Zig:24   | Noticed a dread lich
153277 | Zig:24   | Noticed a dread lich
153277 | Zig:24   | Noticed a dread lich
153277 | Zig:24   | Noticed a dread lich
153277 | Zig:24   | Noticed an ancient lich
153277 | Zig:24   | Noticed an ancient lich
153278 | Zig:24   | Noticed a dread lich
153278 | Zig:24   | Killed an ancient lich
153278 | Zig:24   | Killed a dread lich
153278 | Zig:24   | Killed a dread lich
153278 | Zig:24   | Killed an ancient lich
153278 | Zig:24   | Noticed a dread lich
153279 | Zig:24   | Killed an ancient lich
153279 | Zig:24   | Killed an ancient lich
153279 | Zig:24   | Killed a dread lich
153279 | Zig:24   | Killed a dread lich
153279 | Zig:24   | Killed a dread lich
153280 | Zig:24   | Noticed an ancient lich
153281 | Zig:24   | Killed a dread lich
153282 | Zig:24   | Killed an ancient lich
153565 | Zig:24   | Identified the ring of Xuef {Int+3 Dex+6 Stlth+}
153704 | Zig:25   | Entered Level 25 of a ziggurat
153935 | Zig:25   | Found the +3 robe of Clouds {*Thunder rCloud rElec}
153949 | Zig:25   | Identified the amulet of the Ancient Ears {RegenMP Str+2}
153950 | Zig:25   | Identified the ring "Utesh" {rF- rN+ Int+5}
153952 | Zig:25   | Identified the +7 halberd of the Penguin {flame, rCorr
                  | Int+3 Dex+2}
153968 | Zig:25   | Identified the +6 dire flail of Iroxeod {protect, SInv}
153970 | Zig:25   | Identified the +1 short sword of Resourcefulness {protect,
                  | rElec}
154347 | Zig:26   | Identified the "Ontorailu"
154347 | Zig:26   | Entered Level 26 of a ziggurat
154373 | Zig:26   | Noticed an ancient lich
154374 | Zig:26   | Killed an ancient lich
154803 | Zig:26   | Found the +4 skin of Zhor {*Englaciate rC+++ SInv}
154839 | Zig:26   | Found the +7 great mace "Undeadhunter" {deathbane, rN+}
154922 | Zig:26   | Identified the amulet "Enisya Vohu" {Acrobat Will+ rCorr
                  | Int-3 Dex+4}
154933 | Zig:26   | Identified the ring of the Monkey {MP+9 Str+7 Int-5}
154934 | Zig:26   | Identified the ring of Kuxesokh {rPois rF++ rC+++ Will-
                  | Dex+3}
154944 | Zig:26   | Identified the staff "Qimniov" {rElec Will+ SInv Conj Tloc}
155050 | Zig:27   | Identified the "Fodes"
155050 | Zig:27   | Identified the "Kasiesch"
155050 | Zig:27   | Entered Level 27 of a ziggurat
155081 | Zig:27   | Found the +8 arc blade {discharge, rElec}
155230 | Zig:27   | Identified the staff of Ujofaf {rC+ rN+ Str+5 Int-5 Ice
                  | Air}
155251 | Zig:27   | Identified the amulet of Ezuviple {Faith Str+4}
155255 | Zig:27   | Identified the +5 trident "Puroaciu" {flame, Fly rPois
                  | Dex+3}
155256 | Zig:27   | Identified the -1 pair of gloves of Vehumet's Wrath {Harm
                  | Rampage}
155540 | Zig:1    | Entered Level 1 of a ziggurat
155606 | Zig:2    | Entered Level 2 of a ziggurat
155609 | Zig:2    | Noticed Dosar the pandemonium lord
155614 | Zig:2    | Killed Dosar the pandemonium lord
155719 | Zig:3    | Entered Level 3 of a ziggurat
155721 | Zig:3    | Noticed an ancient lich
155721 | Zig:3    | Noticed a dread lich
155722 | Zig:3    | Noticed an ancient lich
155723 | Zig:3    | Killed an ancient lich
155724 | Zig:3    | Killed an ancient lich
155724 | Zig:3    | Killed a dread lich
155735 | Zig:3    | Identified the staff "Tupetiwk" {rElec rF+ Int+3 Fire}
155737 | Zig:3    | Identified the +1 robe of Indemnity {rElec rF- SInv Stlth+}
155831 | Zig:4    | Entered Level 4 of a ziggurat
155943 | Zig:5    | Entered Level 5 of a ziggurat
156058 | Zig:6    | Entered Level 6 of a ziggurat
156221 | Zig:7    | Entered Level 7 of a ziggurat
156225 | Zig:7    | Found the amulet of the Four Winds {rN+ Will+++ Clar}
156227 | Zig:7    | Reached skill level 27 in Armour
156345 | Zig:7    | Identified the -2 buckler "Ypreemneen" {Str+3 Int+3}
156395 | Zig:8    | Entered Level 8 of a ziggurat
156401 | Zig:8    | Found the +5 demon whip "Spellbinder" {antimagic, disrupt,
                  | Will+}
156403 | Zig:8    | Reached skill level 10 in Evocations
156481 | Zig:8    | Identified the +0 ring mail of Lachrymose Awe {Str+3}
156510 | Zig:9    | Entered Level 9 of a ziggurat
156532 | Zig:9    | Identified the +0 pair of boots of Teluk {-Cast +Inv
                  | Stlth+}
156534 | Zig:9    | Identified the +1 hat of Sin {rPois Int-2 Stlth+}
156590 | Zig:9    | Identified the +8 morningstar of Famine {flame, rPois rF+
                  | rC++ Int+3}
156604 | Zig:9    | Identified the +5 war axe of Wyrd {flame, rF+ Str+3}
156723 | Zig:10   | Entered Level 10 of a ziggurat
156726 | Zig:10   | Noticed a juggernaut
156727 | Zig:10   | Found the +4 consecrated labrys {holy, Valiant Fragile Fly
                  | SInv}
156728 | Zig:10   | Killed a juggernaut
156729 | Zig:10   | Found the crystal ball of Wucad Mu {*channel}
156748 | Zig:10   | Identified the +1 scale mail "Boafuxip" {Will+ Str-2 SInv}
156805 | Zig:10   | Identified the +1 ring mail of Qioggunn {+Blink rPois rC+
                  | Int+4}
156875 | Zig:10   | Identified the +12 long sword of the Ghost {drain, rN+}
156948 | Zig:11   | Entered Level 11 of a ziggurat
156959 | Zig:11   | Found the ring of Shadows {Umbra +Inv Stlth+}
157073 | Zig:11   | Identified the +7 dagger of Invincibility {venom, SInv
                  | Stlth+}
157079 | Zig:11   | Identified the ring "Yse Gafi" {Will+ Str+6}
157159 | Zig:12   | Entered Level 12 of a ziggurat
157166 | Zig:12   | Reached skill level 15 in Evocations
157181 | Zig:12   | Identified the ring of Sufofum {+Blink Str+6}
157184 | Zig:12   | Identified the staff "Numudoco" {rElec rF- rC+ rN+ Str+6
                  | Ice}
157288 | Zig:12   | Identified the +3 leather armour of Plasticity {Rampage
                  | rPois Dex-2}
157290 | Zig:12   | Identified the +5 orcbow of Gisexicu {heavy, rElec rN+
                  | Dex-4}
157422 | Zig:13   | Identified the of Tausam
157422 | Zig:13   | Entered Level 13 of a ziggurat
157427 | Zig:13   | Noticed a juggernaut
157428 | Zig:13   | Killed a juggernaut
157448 | Zig:13   | Identified the +1 shadow dragon scales of the Fife {Drain
                  | rPois rC++ Str+2 Stlth++++}
157453 | Zig:13   | Identified the ring of Ifyaplij {Wiz rC- Int+7}
157645 | Zig:13   | Identified the +4 halberd of Tentacled Courage {drain,
                  | Dex+3}
157738 | Zig:14   | Identified the of Joynoyrr
157738 | Zig:14   | Entered Level 14 of a ziggurat
157739 | Zig:14   | Noticed a royal mummy
157741 | Zig:14   | Noticed a royal mummy
157742 | Zig:14   | Noticed a royal mummy
157743 | Zig:14   | Noticed a royal mummy
157743 | Zig:14   | Noticed a royal mummy
157744 | Zig:14   | Killed a royal mummy
157744 | Zig:14   | Killed a royal mummy
157745 | Zig:14   | Killed a royal mummy
157745 | Zig:14   | Killed a royal mummy
157745 | Zig:14   | Killed a royal mummy
157749 | Zig:14   | Noticed a royal mummy
157751 | Zig:14   | Noticed a royal mummy
157752 | Zig:14   | Noticed a royal mummy
157752 | Zig:14   | Found the +7 captain's cutlass {speed, disarm}
157756 | Zig:14   | Killed a royal mummy
157757 | Zig:14   | Killed a royal mummy
157757 | Zig:14   | Killed a royal mummy
157846 | Zig:14   | Identified the +6 broad axe of the Valley {heavy, Fragile
                  | rF++ rN+ rCorr}
157865 | Zig:14   | Identified the +1 whip "Edeneani" {elec, rN+ Will+ Str-2
                  | Stlth+}
157868 | Zig:14   | Identified the +8 dire flail of Simin {holy, rPois rC+
                  | Str+2}
158047 | Zig:15   | Entered Level 15 of a ziggurat
158054 | Zig:15   | Paralysed by an air elemental for 1 turns
158093 | Zig:15   | Identified the +3 ring mail of the Planets {Harm rPois rN+}
158101 | Zig:15   | Identified the +9 falchion "Widowmaker" {flame, rF++ rC+}
158112 | Zig:15   | Identified the amulet "Ofytiwk" {Acrobat Contam Harm Int+2
                  | Slay+3}
158119 | Zig:15   | Identified the +0 orcbow of Instant Death {speed, Fragile
                  | Will++ Stlth+}
158129 | Zig:15   | Identified the "Fibb" (You acquired it on level 15 of a
                  | ziggurat)
158129 | Zig:15   | Acquired 1029 gold pieces
158135 | Zig:15   | Identified the +7 morningstar of Subjectivity {heavy,
                  | Str+3}
158261 | Zig:16   | Identified the "Sekhlyiq"
158261 | Zig:16   | Entered Level 16 of a ziggurat
158446 | Zig:16   | Identified the +11 trident of Corruption {drain, rF+ Will+
                  | rCorr}
158470 | Zig:16   | Identified the amulet "Mete" {Acrobat Fly rCorr Str-3
                  | Int+4}
158472 | Zig:16   | Identified the staff of Seam Cics {rPois rC+ Will+ Conj}
158474 | Zig:16   | Identified the amulet of Ili Mufu {Acrobat rPois rF- rCorr
                  | Str-4}
158495 | Zig:16   | Identified the +4 falchion "Osuddal" {freeze, rF+}
158497 | Zig:16   | Identified the +5 quarterstaff of the Four Interlopers
                  | {holy, rF+ rC+ rN+ Int+2}
158540 | Zig:17   | Identified the of Fohuosun
158540 | Zig:17   | Identified the "Hamaicki"
158540 | Zig:17   | Entered Level 17 of a ziggurat
158548 | Zig:17   | Noticed a dread lich
158549 | Zig:17   | Noticed a dread lich
158550 | Zig:17   | Found the +7 great mace "Firestarter" {flame, immolate,
                  | rFlCloud rF++}
158550 | Zig:17   | Found the +16 obsidian axe {drain, demonic, Mesm Drain Fly
                  | SInv}
158551 | Zig:17   | Killed a dread lich
158551 | Zig:17   | Killed a dread lich
158552 | Zig:17   | Noticed an ancient lich
158553 | Zig:17   | Noticed a dread lich
158555 | Zig:17   | Killed a dread lich
158555 | Zig:17   | Killed an ancient lich
158571 | Zig:17   | Identified the ring "Ywecviar" {rElec rF- Will+++ rCorr
                  | Dex+6}
158624 | Zig:17   | Identified the +6 sling "Paemitil" {freeze, rElec Dex+4
                  | Stlth+}
158709 | Zig:17   | Identified the +4 quarterstaff of Varaid {heavy, rF+ rC+}
158767 | Zig:18   | Identified the of Asibaham
158767 | Zig:18   | Entered Level 18 of a ziggurat
158778 | Zig:18   | Noticed a dread lich
158779 | Zig:18   | Killed a dread lich
158937 | Zig:18   | Identified the +4 scimitar of Disintegration {freeze, rC+
                  | Str+3 Int-4 Dex+2}
158964 | Zig:18   | Identified the amulet of the Resonant God {rF- Will+ Regen+
                  | Str+3 Dex+3}
158993 | Zig:18   | Identified the +3 morningstar "Irenuwn Hude" {heavy, rC+}
159000 | Zig:18   | Identified the +5 dire flail of Responsibility {freeze,
                  | *Noise rElec rCorr Int+7}
159045 | Zig:19   | Identified the "Vyul"
159045 | Zig:19   | Identified the of Gufureos
159045 | Zig:19   | Entered Level 19 of a ziggurat
159053 | Zig:19   | Noticed an ancient lich
159053 | Zig:19   | Noticed an ancient lich
159053 | Zig:19   | Noticed an ancient lich
159054 | Zig:19   | Noticed an ancient lich
159054 | Zig:19   | Noticed an ancient lich
159056 | Zig:19   | Killed an ancient lich
159057 | Zig:19   | Killed an ancient lich
159057 | Zig:19   | Killed an ancient lich
159057 | Zig:19   | Killed an ancient lich
159058 | Zig:19   | Killed an ancient lich
159059 | Zig:19   | Noticed an ancient lich
159062 | Zig:19   | Killed an ancient lich
159234 | Zig:19   | Identified the +2 orcbow "Meimn" {antimagic, rN+ Stlth+}
159245 | Zig:19   | Identified the +6 falchion of Kismet {freeze, rN+ Will+
                  | rCorr}
159248 | Zig:19   | Identified the +2 pair of gloves "Tuhuth" {Int+2}
159424 | Zig:20   | Identified the of Lerogef
159424 | Zig:20   | Entered Level 20 of a ziggurat
159444 | Zig:20   | Reached skill level 27 in Evocations
159622 | Zig:20   | Found the ring of the Octopus King
159636 | Zig:20   | Identified a ring of the Octopus King {Wiz HP+2 AC+2 EV+2
                  | SH+2}
159641 | Zig:20   | Identified the ring of Lesser Demons {Will+ Str-3 Int+6
                  | Slay+5}
159657 | Zig:20   | Identified the ring of Daisies {Fire Str-3 Int+4 Dex+4
                  | Stlth+}
159780 | Zig:21   | Identified the "Sarchey"
159780 | Zig:21   | Entered Level 21 of a ziggurat
160049 | Zig:21   | Identified the staff of Shrieking Terror {rC+ rCorr Dex+4
                  | Earth}
160059 | Zig:21   | Identified the staff "Digge" {Fly rF+ rC+ Fire}
160116 | Zig:21   | Identified the ring "Oreosoh" {Fly rElec rN+ Str-5}
160494 | Zig:22   | Identified the "Yrghuilose"
160494 | Zig:22   | Identified the "Gysisoggipt"
160494 | Zig:22   | Identified the "Wioss"
160494 | Zig:22   | Entered Level 22 of a ziggurat
160505 | Zig:22   | Noticed Ilivyico the pandemonium lord
160507 | Zig:22   | Reached skill level 15 in Air Magic
160531 | Zig:22   | Killed Ilivyico the pandemonium lord
160804 | Zig:22   | Identified the scarf of the Desolation of Salt {shadows,
                  | Regen+ Dex+3}
160807 | Zig:22   | Identified the +4 ice dragon scales of Wuthen {rElec rF-
                  | rC++ Str-3 Dex+2}
160814 | Zig:22   | Identified the +2 pair of gloves of Patterns {rF++ Str+8
                  | Int-4}
160831 | Zig:22   | Identified the amulet "Ehuenotzi" {RegenMP Fly rC+ Int+3}
160932 | Zig:22   | Acquired 650 gold pieces
160933 | Zig:22   | Acquired 521 gold pieces
160947 | Zig:22   | Identified the +9 halberd of Alaukk {antimagic, Int+5}
160949 | Zig:22   | Identified the +6 plate armour of the Cooper {Will++
                  | Regen+}
161084 | Zig:23   | Entered Level 23 of a ziggurat
161283 | Zig:23   | Identified the +4 long sword of Tyonkoucs {elec, rPois
                  | Will+++ rCorr Str-4}
161290 | Zig:23   | Identified the +1 short sword "Reidihub" {spect, rPois
                  | Str-3 Dex+2}
161302 | Zig:23   | Identified the amulet "Vinau" {RegenMP rPois rC+ Dex-4
                  | Slay+4}
161533 | Zig:24   | Identified the "Wocikh"
161533 | Zig:24   | Identified the "Juoph"
161533 | Zig:24   | Entered Level 24 of a ziggurat
161549 | Zig:24   | Found the +7 hand cannon "Mule" {flame, backblast, rF+}
161864 | Zig:24   | Acquired the +1 hat "Teckah" {Str+2}
161871 | Zig:24   | Identified the +6 morningstar "Ufaith" {chaos, rF++}
161885 | Zig:24   | Identified the +9 halberd of Melee {flame, +Blink Str+4
                  | Dex+2}
161929 | Zig:24   | Identified the +0 orcbow of Melee {elec, rElec Will- rCorr
                  | Stlth+}
161945 | Zig:25   | Identified the "Ruttao Cett"
161945 | Zig:25   | Identified the "Tairestierick"
161945 | Zig:25   | Entered Level 25 of a ziggurat
161959 | Zig:25   | Found the +3 pair of seven-league boots {Rampage+∞}
162132 | Zig:25   | Identified the ring "Rynosedu" {Fire rElec rPois Will+++
                  | Int-2}
162136 | Zig:25   | Identified the +3 war axe "Duak" {speed, *Noise rElec Will+
                  | Str-5 Int+7}
162143 | Zig:25   | Identified the +5 falchion "Rawnat" {drain, rN+}
162152 | Zig:25   | Identified the +4 bardiche of Brawling {distort, rElec
                  | Dex+3}
162162 | Zig:25   | Identified the ring "Erghih" {+Blink rN+ AC+4}
162164 | Zig:25   | Identified the ring of Daffodils {rF+++ Will- Int+6 Dex+3
                  | Stlth+}
162172 | Zig:25   | Identified the +0 eveningstar of Equivalence {heavy, Drain
                  | rCorr Int+7}
162180 | Zig:25   | Identified the +6 morningstar of Ambiguity {flame, *Slow
                  | rF+ MP+9 Str+7}
162383 | Zig:25   | Identified the +9 scimitar of Action {flame, rF+}
162388 | Zig:25   | Identified the +7 orcbow "Pyborast" {freeze, Str+3}
162469 | Zig:26   | Identified the "Awamn"
162469 | Zig:26   | Entered Level 26 of a ziggurat
162494 | Zig:26   | Reached skill level 27 in Conjurations
162674 | Zig:26   | Identified the +2 rapier of Okawaru's Anger {spect, Str+2}
162998 | Zig:26   | Identified the ring "Pulixah" {+Blink rPois rF+ rC+}
163008 | Zig:26   | Identified the +2 ring mail of Ludghe Juu {Dex+4}
163016 | Zig:26   | Identified the staff "Ogosel" {rF+ rC+ rN+ Int+2 SInv
                  | Necro}
163108 | Zig:27   | Identified the "Yqyis"
163108 | Zig:27   | Identified the of Opleul
163108 | Zig:27   | Entered Level 27 of a ziggurat
163135 | Zig:27   | Noticed Omeny the pandemonium lord
163152 | Zig:27   | Killed Omeny the pandemonium lord
163159 | Zig:27   | Found the +12 glaive of Prune {freeze, Prune}
163303 | Zig:27   | Identified the staff of the Ancient Knaves {rC+ Str-4 Int+3
                  | SInv Earth}
163460 | Zig:27   | Identified the amulet of Elyvilon's Vengeance {Reflect
                  | -Tele rC+++ Will+++ Str+4 SH+5}
163467 | Zig:27   | Identified the ring of Undoing {rC+ Str-5 Int+4 Slay+4}
163562 | Zig:27   | Identified the +5 rapier "Kadaegid" {venom, rElec rC-
                  | Str+7}
163590 | Zig:1    | Entered Level 1 of a ziggurat
163590 | Zig:1    | Noticed an ancient lich
163592 | Zig:1    | Killed an ancient lich
163637 | Zig:2    | Entered Level 2 of a ziggurat
163684 | Zig:3    | Entered Level 3 of a ziggurat
163749 | Zig:4    | Entered Level 4 of a ziggurat
163760 | Zig:4    | Identified the ring of the Demonic God {rC+ AC+4}
163915 | Zig:5    | Entered Level 5 of a ziggurat
163965 | Zig:5    | Identified the staff "Disapniy" {rElec rC+ rCorr Dex+3 Ice}
164014 | Zig:6    | Entered Level 6 of a ziggurat
164019 | Zig:6    | Reached skill level 27 in Air Magic
164029 | Zig:6    | Learned a level 9 spell: Chain Lightning
164039 | Zig:6    | Identified the ring of Enoqip {*Corrode rF++ SInv}
164080 | Zig:6    | Identified the +4 hand axe of Nemelex Xobeh's Hope {venom,
                  | rF- rC+ Int+4}
164092 | Zig:7    | Entered Level 7 of a ziggurat
164098 | Zig:7    | Paralysed by an air elemental for 1 turns
164179 | Zig:7    | Identified the staff "Hoesaschi" {rElec Will+ Air}
164268 | Zig:8    | Entered Level 8 of a ziggurat
164270 | Zig:8    | Noticed a royal mummy
164270 | Zig:8    | Noticed a royal mummy
164271 | Zig:8    | Noticed a royal mummy
164271 | Zig:8    | Noticed a royal mummy
164271 | Zig:8    | Noticed a royal mummy
164272 | Zig:8    | Killed a royal mummy
164272 | Zig:8    | Killed a royal mummy
164272 | Zig:8    | Noticed a royal mummy
164273 | Zig:8    | Noticed a royal mummy
164274 | Zig:8    | Noticed a royal mummy
164276 | Zig:8    | Killed a royal mummy
164276 | Zig:8    | Killed a royal mummy
164276 | Zig:8    | Killed a royal mummy
164277 | Zig:8    | Killed a royal mummy
164277 | Zig:8    | Killed a royal mummy
164278 | Zig:8    | Killed a royal mummy
164432 | Zig:8    | Identified the +6 war axe of Purpose {heavy, rN+ Will+
                  | Int-4}
164437 | Zig:8    | Identified the +11 shortbow of Emulugaase {heavy, Dex+4}
164447 | Zig:9    | Entered Level 9 of a ziggurat
164455 | Zig:9    | Noticed a dread lich
164457 | Zig:9    | Killed a dread lich
164458 | Zig:9    | Reached skill level 15 in Translocations
164586 | Zig:9    | Identified the staff "Deecykk" {rPois rN+ Will+ Dex-5
                  | Earth}
164589 | Zig:9    | Identified the +0 sling "Buossail" {speed, rF+ Str+6}
164663 | Zig:9    | Identified the staff "Ydeahob" {rElec Int+2 Dex+2 Stlth+
                  | Air}
164701 | Zig:10   | Entered Level 10 of a ziggurat
164706 | Zig:10   | Noticed Qippyngu the pandemonium lord
164707 | Zig:10   | Noticed Nomeritase the pandemonium lord
164709 | Zig:10   | Noticed Vaxoch the pandemonium lord
164710 | Zig:10   | Noticed Upsiek the pandemonium lord
164710 | Zig:10   | Killed Qippyngu the pandemonium lord
164718 | Zig:10   | Killed Vaxoch the pandemonium lord
164719 | Zig:10   | Killed Nomeritase the pandemonium lord
164719 | Zig:10   | Killed Upsiek the pandemonium lord
164744 | Zig:10   | Identified the ring "Vyrches" {rC+ rN+ Str+4 Int+2 Slay+2}
164907 | Zig:10   | Identified the +1 war axe "Usier" {heavy, Contam rPois
                  | rC+++ Dex-3}
164963 | Zig:10   | Identified the +6 short sword "Venolyte" {heavy, Fly rF-
                  | Will+}
164964 | Zig:10   | Identified the +6 dagger of Vevvoaxt {holy, rC- Int+6}
164966 | Zig:10   | Identified the +3 longbow "Burr" {speed, rN+ Dex+4}
164969 | Zig:10   | Identified the talisman of death "Muheargha" {*Slow Str+2
                  | SInv Stlth+}
164987 | Zig:11   | Identified the "Ydienn"
164987 | Zig:11   | Identified the "Esur"
164987 | Zig:11   | Entered Level 11 of a ziggurat
164996 | Zig:11   | Found the ring of the Hare {EV+10}
165162 | Zig:11   | Identified the staff "Xiupaecs" {rPois rF+ rN+ Necro}
165219 | Zig:12   | Identified the "Fase"
165219 | Zig:12   | Entered Level 12 of a ziggurat
165510 | Zig:12   | Identified the +5 hand axe of Chaos {flame, rElec rF-
                  | Str+4}
165547 | Zig:13   | Entered Level 13 of a ziggurat
165767 | Zig:13   | Identified the +7 rapier "Ultimatum" {elec, Contam rElec
                  | rN++}
165788 | Zig:13   | Identified the +9 scimitar "Guwk" {flame, rElec rF++ Dex+3}
165859 | Zig:14   | Entered Level 14 of a ziggurat
165879 | Zig:14   | Found the -2 hat of the Alchemist {rElec rPois rF+ rC+ rN+
                  | Will+ rMut rCorr}
165889 | Zig:14   | Identified the +3 demon blade "Wotsal" {freeze, Contam
                  | rPois Will+ Dex+3 Stlth+}
165982 | Zig:14   | Identified the +6 flail of War {freeze, rElec Will+ Int+2}
166068 | Zig:14   | Identified the +9 plate armour of the Solemn Dragon {Dex+6}
166138 | Zig:15   | Identified the "Devviamn"
166138 | Zig:15   | Identified the "Runomp"
166138 | Zig:15   | Entered Level 15 of a ziggurat
166291 | Zig:15   | Identified the +3 orcbow "Cuownud" {drain, rPois rN+ Str-5}
166497 | Zig:15   | Upgraded the game from 0.31-a0-988-g08d55da to
                  | 0.31-a0-995-g04711c9
166503 | Zig:16   | Entered Level 16 of a ziggurat
166510 | Zig:16   | Noticed a juggernaut
166510 | Zig:16   | Noticed a juggernaut
166512 | Zig:16   | Noticed a juggernaut
166512 | Zig:16   | Noticed a juggernaut
166513 | Zig:16   | Killed a juggernaut
166514 | Zig:16   | Killed a juggernaut
166514 | Zig:16   | Killed a juggernaut
166517 | Zig:16   | Found the +8 autumn katana {manifold assault}
166517 | Zig:16   | Found the amulet of Vitality {RegenMP++ Regen++}
166519 | Zig:16   | Found the +5 scythe "Finisher" {speed, execute}
166521 | Zig:16   | Killed a juggernaut
166537 | Zig:16   | Identified the staff "Spiderslayer" {rF+ Will+ Fire}
166602 | Zig:16   | Identified the +5 dagger of Law {speed, rC+ MP+9 Dex+3}
166842 | Zig:16   | Identified the staff of Qouwnanu {rN+ Summ Necro}
166938 | Zig:17   | Entered Level 17 of a ziggurat
166951 | Zig:17   | Noticed Apolouvu the pandemonium lord
166951 | Zig:17   | Noticed Voafy the pandemonium lord
166952 | Zig:17   | Noticed Jomem the pandemonium lord
166952 | Zig:17   | Noticed Besumapa the pandemonium lord
166952 | Zig:17   | Noticed Xarhit the pandemonium lord
166953 | Zig:17   | Noticed Qaziera the pandemonium lord
166953 | Zig:17   | Noticed Uxiowkaq the pandemonium lord
166954 | Zig:17   | Killed Voafy the pandemonium lord
166954 | Zig:17   | Killed Xarhit the pandemonium lord
166954 | Zig:17   | Killed Uxiowkaq the pandemonium lord
166955 | Zig:17   | Killed Apolouvu the pandemonium lord
166955 | Zig:17   | Killed Besumapa the pandemonium lord
166956 | Zig:17   | Reached skill level 27 in Translocations
166956 | Zig:17   | Noticed Dettag the pandemonium lord
166956 | Zig:17   | Noticed Xethyen the pandemonium lord
166957 | Zig:17   | Noticed Ubuamiho the pandemonium lord
166957 | Zig:17   | Noticed Jaesch the pandemonium lord
166957 | Zig:17   | Noticed Fazist the pandemonium lord
166957 | Zig:17   | Noticed Hiat the pandemonium lord
166957 | Zig:17   | Noticed Peibak the pandemonium lord
166958 | Zig:17   | Noticed Covemeha the pandemonium lord
166959 | Zig:17   | Noticed Kidawn the pandemonium lord
166959 | Zig:17   | Noticed Saotapsa the pandemonium lord
166959 | Zig:17   | Found the necklace of Bloodlust {Fury *Rage Will++ Int-3
                  | Slay+6}
166959 | Zig:17   | Noticed Luwuhuadedd the pandemonium lord
166960 | Zig:17   | Killed Fazist the pandemonium lord
166960 | Zig:17   | Killed Saotapsa the pandemonium lord
166960 | Zig:17   | Killed Dettag the pandemonium lord
166960 | Zig:17   | Killed Peibak the pandemonium lord
166960 | Zig:17   | Killed Covemeha the pandemonium lord
166960 | Zig:17   | Noticed Wimig the pandemonium lord
166961 | Zig:17   | Killed Ubuamiho the pandemonium lord
166961 | Zig:17   | Killed Jaesch the pandemonium lord
166961 | Zig:17   | Noticed Gogi the pandemonium lord
166962 | Zig:17   | Killed Jomem the pandemonium lord
166962 | Zig:17   | Killed Qaziera the pandemonium lord
166963 | Zig:17   | Killed Hiat the pandemonium lord
166966 | Zig:17   | Killed Luwuhuadedd the pandemonium lord
166967 | Zig:17   | Killed Xethyen the pandemonium lord
166968 | Zig:17   | Killed Kidawn the pandemonium lord
166968 | Zig:17   | Killed Gogi the pandemonium lord
166968 | Zig:17   | Noticed Faips the pandemonium lord
166969 | Zig:17   | Noticed Kaklecho the pandemonium lord
166969 | Zig:17   | Noticed Lifocwa the pandemonium lord
166971 | Zig:17   | Killed Wimig the pandemonium lord
166972 | Zig:17   | Reached skill level 15 in Throwing
166975 | Zig:17   | Noticed Ruevewum the pandemonium lord
166977 | Zig:17   | Killed Faips the pandemonium lord
166977 | Zig:17   | Killed Kaklecho the pandemonium lord
166977 | Zig:17   | Killed Lifocwa the pandemonium lord
166979 | Zig:17   | Killed Ruevewum the pandemonium lord
167103 | Zig:17   | Identified the +10 morningstar "Jumyfij" {elec, rC+ MP+9
                  | Int+3}
167115 | Zig:17   | Identified the +2 longbow "Boocit" {antimagic, Int+4}
167123 | Zig:17   | Identified the +3 war axe "Dragonbane" {vamp, rN++}
167135 | Zig:17   | Identified the +7 glaive of Callousness {flame, rN+ rCorr}
167136 | Zig:17   | Identified the +5 hand axe of Conscience {drain, rElec
                  | Str+2 Int-4}
167137 | Zig:17   | Identified the +0 shadow dragon scales of Dishonour {rPois
                  | rN+ Stlth++++}
167162 | Zig:17   | Identified the ring "Fefam" {MP+9 Str+3 Int+2 Slay-4}
167288 | Zig:18   | Identified the "Noxa"
167288 | Zig:18   | Entered Level 18 of a ziggurat
167305 | Zig:18   | Noticed Suhu the pandemonium lord
167306 | Zig:18   | Noticed Utrig the pandemonium lord
167306 | Zig:18   | Noticed Vuptam the pandemonium lord
167307 | Zig:18   | Noticed Iplistra the pandemonium lord
167307 | Zig:18   | Noticed Buqad the pandemonium lord
167308 | Zig:18   | Killed Utrig the pandemonium lord
167308 | Zig:18   | Killed Iplistra the pandemonium lord
167308 | Zig:18   | Noticed Geyp the pandemonium lord
167308 | Zig:18   | Noticed Icsi the pandemonium lord
167308 | Zig:18   | Noticed Zeewn the pandemonium lord
167309 | Zig:18   | Noticed Jatsayle the pandemonium lord
167309 | Zig:18   | Noticed Ymodip the pandemonium lord
167310 | Zig:18   | Noticed Gacrupt the pandemonium lord
167310 | Zig:18   | Noticed Muosmo Foic the pandemonium lord
167310 | Zig:18   | Noticed Faeri the pandemonium lord
167310 | Zig:18   | Noticed Riotz the pandemonium lord
167310 | Zig:18   | Noticed Yjiwourgh the pandemonium lord
167311 | Zig:18   | Noticed Wuteab the pandemonium lord
167311 | Zig:18   | Killed Muosmo Foic the pandemonium lord
167311 | Zig:18   | Killed Yjiwourgh the pandemonium lord
167311 | Zig:18   | Noticed Qouxky the pandemonium lord
167312 | Zig:18   | Killed Buqad the pandemonium lord
167312 | Zig:18   | Killed Geyp the pandemonium lord
167312 | Zig:18   | Killed Zeewn the pandemonium lord
167312 | Zig:18   | Killed Faeri the pandemonium lord
167312 | Zig:18   | Killed Qouxky the pandemonium lord
167312 | Zig:18   | Noticed Symm the pandemonium lord
167312 | Zig:18   | Noticed Taasmo the pandemonium lord
167312 | Zig:18   | Noticed Oxty the pandemonium lord
167313 | Zig:18   | Killed Vuptam the pandemonium lord
167313 | Zig:18   | Killed Jatsayle the pandemonium lord
167313 | Zig:18   | Killed Suhu the pandemonium lord
167313 | Zig:18   | Noticed Cagacibeod the pandemonium lord
167314 | Zig:18   | Killed Icsi the pandemonium lord
167314 | Zig:18   | Killed Ymodip the pandemonium lord
167314 | Zig:18   | Killed Wuteab the pandemonium lord
167316 | Zig:18   | Killed Symm the pandemonium lord
167316 | Zig:18   | Killed Oxty the pandemonium lord
167317 | Zig:18   | Killed Gacrupt the pandemonium lord
167317 | Zig:18   | Killed Cagacibeod the pandemonium lord
167318 | Zig:18   | Killed Riotz the pandemonium lord
167319 | Zig:18   | Noticed Dumehul the pandemonium lord
167319 | Zig:18   | Noticed Zory the pandemonium lord
167320 | Zig:18   | Found the +7 Throatcutter {drain, coup de grace}
167322 | Zig:18   | Killed Taasmo the pandemonium lord
167323 | Zig:18   | Killed Zory the pandemonium lord
167323 | Zig:18   | Killed Dumehul the pandemonium lord
167502 | Zig:18   | Identified the ring "Hiaderoq" {Fire rN+ Int+3 Dex+4}
167625 | Zig:18   | Identified the +0 pair of boots of Grace {*Slow rN+ Dex+5}
167627 | Zig:18   | Identified the staff of Sequestration {rElec Dex+6 Air}
167629 | Zig:18   | Identified the ring of the Enfolding Gods {+Blink rPois
                  | rN+++ Will-}
167831 | Zig:19   | Entered Level 19 of a ziggurat
168048 | Zig:19   | Identified the ring of Surprise {Dex+3 SInv}
168061 | Zig:19   | Identified the ring "Fouxzint" {Contam rC+ Str+6 Dex+3}
168065 | Zig:19   | Identified the serpent talisman "Diuga" {rElec rCorr Str+4
                  | Dex+3}
168070 | Zig:19   | Identified the +1 plate armour of the Known World {+Inv
                  | Str-3 Stlth+}
168374 | Zig:20   | Identified the "Qeulul"
168374 | Zig:20   | Entered Level 20 of a ziggurat
168383 | Zig:20   | Noticed a royal mummy
168384 | Zig:20   | Noticed a royal mummy
168385 | Zig:20   | Noticed a royal mummy
168386 | Zig:20   | Noticed a royal mummy
168386 | Zig:20   | Noticed a royal mummy
168387 | Zig:20   | Noticed a royal mummy
168387 | Zig:20   | Noticed a royal mummy
168388 | Zig:20   | Noticed a royal mummy
168388 | Zig:20   | Noticed a royal mummy
168388 | Zig:20   | Noticed a royal mummy
168388 | Zig:20   | Noticed a royal mummy
168389 | Zig:20   | Noticed a royal mummy
168389 | Zig:20   | Noticed a royal mummy
168389 | Zig:20   | Noticed a royal mummy
168389 | Zig:20   | Noticed a royal mummy
168389 | Zig:20   | Noticed a royal mummy
168389 | Zig:20   | Noticed a royal mummy
168390 | Zig:20   | Noticed a royal mummy
168390 | Zig:20   | Noticed a royal mummy
168390 | Zig:20   | Noticed a royal mummy
168391 | Zig:20   | Killed a royal mummy
168391 | Zig:20   | Killed a royal mummy
168391 | Zig:20   | Killed a royal mummy
168391 | Zig:20   | Killed a royal mummy
168391 | Zig:20   | Killed a royal mummy
168391 | Zig:20   | Killed a royal mummy
168391 | Zig:20   | Killed a royal mummy
168391 | Zig:20   | Killed a royal mummy
168391 | Zig:20   | Killed a royal mummy
168391 | Zig:20   | Killed a royal mummy
168391 | Zig:20   | Killed a royal mummy
168391 | Zig:20   | Killed a royal mummy
168391 | Zig:20   | Killed a royal mummy
168391 | Zig:20   | Killed a royal mummy
168391 | Zig:20   | Killed a royal mummy
168391 | Zig:20   | Killed a royal mummy
168391 | Zig:20   | Killed a royal mummy
168391 | Zig:20   | Killed a royal mummy
168392 | Zig:20   | Reached skill level 27 in Throwing
168392 | Zig:20   | Noticed a royal mummy
168392 | Zig:20   | Noticed a royal mummy
168394 | Zig:20   | Killed a royal mummy
168394 | Zig:20   | Killed a royal mummy
168394 | Zig:20   | Killed a royal mummy
168397 | Zig:20   | Killed a royal mummy
168685 | Zig:20   | Identified the +0 robe of the Crushed Runes {Rampage rElec
                  | Str+3}
168757 | Zig:20   | Identified the ring of Cuoluh {rPois rN+ Dex+2}
168795 | Zig:20   | Identified the staff of the Shouting Ancients {Fragile rN+
                  | Str+2 Earth}
168891 | Zig:21   | Identified the "Etutteb"
168891 | Zig:21   | Identified the of Kefeuch
168891 | Zig:21   | Identified the "Faoraon"
168891 | Zig:21   | Identified the "Hinig"
168891 | Zig:21   | Entered Level 21 of a ziggurat
169077 | Zig:21   | Identified the ring "Neylabor" {Contam rPois Will++ rCorr
                  | Dex+6}
169163 | Zig:21   | Identified the +6 arbalest "Boinoubi" {drain, rF+ rN+
                  | Dex+2}
169351 | Zig:22   | Identified the of Iczuy
169351 | Zig:22   | Identified the of Xodib
169351 | Zig:22   | Entered Level 22 of a ziggurat
169366 | Zig:22   | Reached skill level 15 in Stealth
169546 | Zig:22   | Identified the +1 chain mail of Cuiqitel {Dex+2}
169765 | Zig:22   | Identified the +1 robe of Hedging {rElec Str+3}
169787 | Zig:22   | Identified the +11 short sword of the Tiger {holy, SInv}
169929 | Zig:23   | Identified the "Fuamam"
169929 | Zig:23   | Identified the of Ciysol
169929 | Zig:23   | Entered Level 23 of a ziggurat
169950 | Zig:23   | Found the amulet of the Air {Inacc Air Fly rElec RMsl}
170129 | Zig:23   | Identified the ring "Joapriheosk" {rC+ Str+6}
170132 | Zig:23   | Identified the ring "Wyr Nio" {rElec Dex+6}
170137 | Zig:23   | Identified the staff of Terra Cotta {rPois rF+ rC+ Stlth+
                  | Poison}
170140 | Zig:23   | Identified the +11 halberd of Internal Strife {drain, rC++}
170150 | Zig:23   | Identified the staff "Qyckane" {rElec Dex+3 Air}
170175 | Zig:23   | Identified the +1 rapier "Toronyak" {heavy, rF- rC+ rCorr
                  | Int+4}
170181 | Zig:23   | Acquired 430 gold pieces
170524 | Zig:24   | Identified the "Yngeisua"
170524 | Zig:24   | Identified the "Eqae"
170524 | Zig:24   | Entered Level 24 of a ziggurat
170541 | Zig:24   | Noticed Pyfud Mepa's ghost (legendary AtFi)
170541 | Zig:24   | Noticed Hytegor's ghost (legendary GnEE)
170542 | Zig:24   | Noticed Atufasha's ghost (legendary DDBr)
170542 | Zig:24   | Noticed Boycipp's ghost (legendary DsFi)
170543 | Zig:24   | Noticed Anyleklu's ghost (legendary HOFi)
170543 | Zig:24   | Noticed Waphaim's ghost (veteran DsDe)
170543 | Zig:24   | Noticed Obydaxko's ghost (legendary DECj)
170543 | Zig:24   | Noticed Boycipp's ghost (legendary DsFi)
170543 | Zig:24   | Noticed Zacaty's ghost (legendary MiFi)
170543 | Zig:24   | Noticed Jinaptea's ghost (legendary DDFi)
170543 | Zig:24   | Noticed Ciucila's ghost (veteran DEHW)
170543 | Zig:24   | Noticed Kinoajidouf's ghost (master HOBe)
170543 | Zig:24   | Noticed Kinoajidouf's ghost (master HOBe)
170543 | Zig:24   | Noticed Atufasha's ghost (legendary DDBr)
170543 | Zig:24   | Noticed Fiusean's ghost (veteran MiBe)
170544 | Zig:24   | Noticed Giukefig's ghost (legendary DDBr)
170545 | Zig:24   | Noticed Obrefem's ghost (legendary HaHu)
170545 | Zig:24   | Noticed Obydaxko's ghost (legendary DECj)
170545 | Zig:24   | Noticed Obydaxko's ghost (legendary DECj)
170545 | Zig:24   | Noticed Fiusean's ghost (veteran MiBe)
170545 | Zig:24   | Noticed Yxuenos's ghost (legendary DsFi)
170545 | Zig:24   | Noticed Siupsuvve's ghost (veteran MiBe)
170545 | Zig:24   | Noticed Zacaty's ghost (legendary MiFi)
170545 | Zig:24   | Noticed Hytegor's ghost (legendary GnEE)
170545 | Zig:24   | Noticed Boycipp's ghost (legendary DsFi)
170545 | Zig:24   | Found the +8 mithril axe "Arga" {speed, Will+}
170545 | Zig:24   | Noticed Giukefig's ghost (legendary DDBr)
170546 | Zig:24   | Killed Hytegor's ghost
170547 | Zig:24   | Killed Hytegor's ghost
170548 | Zig:24   | Killed Obydaxko's ghost
170548 | Zig:24   | Killed Waphaim's ghost
170548 | Zig:24   | Killed Pyfud Mepa's ghost
170548 | Zig:24   | Killed Siupsuvve's ghost
170548 | Zig:24   | Noticed Woumy's ghost (legendary GnFi)
170548 | Zig:24   | Noticed Ciucila's ghost (veteran DEHW)
170549 | Zig:24   | Killed Atufasha's ghost
170549 | Zig:24   | Killed Boycipp's ghost
170549 | Zig:24   | Killed Ciucila's ghost
170550 | Zig:24   | Noticed Boycipp's ghost (legendary DsFi)
170550 | Zig:24   | Killed Jinaptea's ghost
170550 | Zig:24   | Killed Kinoajidouf's ghost
170550 | Zig:24   | Killed Zacaty's ghost
170550 | Zig:24   | Killed Boycipp's ghost
170550 | Zig:24   | Killed Obrefem's ghost
170551 | Zig:24   | Killed Atufasha's ghost
170551 | Zig:24   | Killed Kinoajidouf's ghost
170551 | Zig:24   | Killed Fiusean's ghost
170551 | Zig:24   | Killed Fiusean's ghost
170551 | Zig:24   | Killed Yxuenos's ghost
170551 | Zig:24   | Killed Obydaxko's ghost
170551 | Zig:24   | Killed Obydaxko's ghost
170551 | Zig:24   | Noticed Fiusean's ghost (veteran MiBe)
170552 | Zig:24   | Killed Anyleklu's ghost
170553 | Zig:24   | Killed Boycipp's ghost
170553 | Zig:24   | Killed Ciucila's ghost
170554 | Zig:24   | Noticed PurpleRed's ghost (legendary DEDe)
170556 | Zig:24   | Killed Woumy's ghost
170556 | Zig:24   | Killed Zacaty's ghost
170556 | Zig:24   | Killed Giukefig's ghost
170557 | Zig:24   | Killed Fiusean's ghost
170557 | Zig:24   | Killed Boycipp's ghost
170570 | Zig:24   | Killed Giukefig's ghost
170583 | Zig:24   | Killed PurpleRed's ghost
170825 | Zig:24   | Identified the +8 battleaxe of Eternal Harmony {flame,
                  | Contam rC+++ Stlth+}
170919 | Zig:24   | Identified the +6 shortbow of the Establishment {elec, rC+
                  | Str+3}
170922 | Zig:24   | Identified the ring "Xuimilyd" {Str+2 Dex+6}
170934 | Zig:24   | Identified the amulet "Den Ahol" {Spirit +Blink Int+7 Dex-3
                  | Stlth+}
171066 | Zig:25   | Identified the "Rysopsig"
171066 | Zig:25   | Entered Level 25 of a ziggurat
171100 | Zig:25   | Found the +11 Singing Sword {sonic wave}
171227 | Zig:25   | Reached skill level 27 in Stealth
171447 | Zig:25   | Identified the +1 dire flail of Compound Interest {heavy,
                  | rElec}
171484 | Zig:25   | Identified the amulet "Wotodisym" {Regen+ Int+3}
171878 | Zig:26   | Identified the of Yschuevu
171878 | Zig:26   | Entered Level 26 of a ziggurat
171901 | Zig:26   | Reached skill level 5 in Necromancy
171901 | Zig:26   | Reached skill level 5 in Transmutations
171901 | Zig:26   | Reached skill level 5 in Poison Magic
171906 | Zig:26   | Noticed Kithrat the pandemonium lord
171906 | Zig:26   | Found the +11 plutonium sword {Contam Stlth-}
171908 | Zig:26   | Reached skill level 10 in Necromancy
171908 | Zig:26   | Reached skill level 10 in Transmutations
171908 | Zig:26   | Reached skill level 10 in Poison Magic
171913 | Zig:26   | Killed Kithrat the pandemonium lord
171936 | Zig:26   | Identified the amulet of Jadghuupp {Acrobat Fly Str+5}
171949 | Zig:26   | Identified the staff of Annihilation {+Blink rF+ Str+4 SInv
                  | Fire}
171953 | Zig:26   | Acquired 1180 gold pieces
172183 | Zig:26   | Identified the +2 battleaxe of Honour {venom, rF- rC- rCorr
                  | Str+7}
172190 | Zig:26   | Identified the +7 great sword of the Transmuting Wolf
                  | {pain, rPois rC- Will++ SInv}
172374 | Zig:26   | Identified the +4 scale mail of the Minstrel {Dex+3}
172412 | Zig:26   | Identified the ring "Renloh" {Int+4 SInv}
172423 | Zig:26   | Identified the +6 plate armour of the Wheelwright {-Cast
                  | rF+ rC+}
172462 | Zig:26   | Identified the +0 leather armour "Kosicips" {Harm rElec
                  | rCorr MP+9}
172471 | Zig:27   | Identified the of Kocwa Faru
172471 | Zig:27   | Identified the "Impem"
172471 | Zig:27   | Identified the of Niuh
172471 | Zig:27   | Entered Level 27 of a ziggurat
172495 | Zig:27   | Reached skill level 15 in Transmutations
172708 | Zig:27   | Identified the +7 spear of Lies {flame, *Noise rCorr Dex+3}
172713 | Zig:27   | Identified the +0 leather armour "Bogeh" {Str+2}
172734 | Zig:27   | Identified the staff of the Leaping Gods {rF+ rN+ rCorr
                  | Str-3 Conj Necro}
172738 | Zig:27   | Identified the +3 dire flail "Kije Rotz" {freeze, +Blink
                  | Str+2 Int-4}
172749 | Zig:27   | Identified the +1 pair of gloves "Vaushejo" {rF+ rN+ rCorr
                  | Dex+5}
172761 | Zig:27   | Identified the ring of Edejatao {Fly rC+ rN++}
173062 | Zig:27   | Identified the amulet "Quxoc" {Reflect rCorr Str+2 SH+5}
173176 | Zig:1    | Entered Level 1 of a ziggurat
173302 | Zig:2    | Entered Level 2 of a ziggurat
173404 | Zig:3    | Entered Level 3 of a ziggurat
173408 | Zig:3    | Reached skill level 15 in Necromancy
173527 | Zig:3    | Identified the ring of the Furies {*Corrode rElec rPois
                  | AC+4}
173534 | Zig:4    | Identified the "Yhot"
173534 | Zig:4    | Identified the of Suhiec
173534 | Zig:4    | Entered Level 4 of a ziggurat
173540 | Zig:4    | Reached skill level 15 in Poison Magic
173663 | Zig:5    | Entered Level 5 of a ziggurat
173666 | Zig:5    | Noticed an orb of fire
173666 | Zig:5    | Noticed an orb of fire
173667 | Zig:5    | Noticed an orb of fire
173667 | Zig:5    | Noticed an orb of fire
173668 | Zig:5    | Noticed an orb of fire
173668 | Zig:5    | Noticed an orb of fire
173671 | Zig:5    | Killed an orb of fire
173672 | Zig:5    | Killed an orb of fire
173672 | Zig:5    | Killed an orb of fire
173672 | Zig:5    | Killed an orb of fire
173672 | Zig:5    | Killed an orb of fire
173673 | Zig:5    | Killed an orb of fire
173771 | Zig:5    | Identified the staff "Killer Bee's Regret" {Drain rC+ rN+
                  | Stlth+ Necro}
173812 | Zig:6    | Identified the "Arghoafue"
173812 | Zig:6    | Entered Level 6 of a ziggurat
173817 | Zig:6    | Noticed Ceskus the pandemonium lord
173818 | Zig:6    | Killed Ceskus the pandemonium lord
173994 | Zig:6    | Identified the ring "Xaxta" {rPois Str+6 Dex+4}
174026 | Zig:7    | Entered Level 7 of a ziggurat
174030 | Zig:7    | Noticed an ancient lich
174032 | Zig:7    | Noticed an ancient lich
174032 | Zig:7    | Found the +1 robe of Vines {NoPotionHeal Regen++++}
174033 | Zig:7    | Killed an ancient lich
174034 | Zig:7    | Killed an ancient lich
174103 | Zig:7    | Identified the +1 ring mail of Vehumet's Outrage {Harm}
174161 | Zig:8    | Entered Level 8 of a ziggurat
174174 | Zig:8    | Identified the +0 troll leather armour of the Past {Contam
                  | Regen+ rCorr MP+9 Slay+4}
174381 | Zig:9    | Entered Level 9 of a ziggurat
174594 | Zig:9    | Identified the amulet of Deiqam {*Slow rN+++ Regen+ rCorr
                  | SInv}
174598 | Zig:9    | Identified the +10 short sword "Gecauf" {venom, Str+7}
174667 | Zig:10   | Entered Level 10 of a ziggurat
174675 | Zig:10   | Found the +3 salamander hide armour {Flames, rFlCloud rF++
                  | rC--}
174675 | Zig:10   | Found the +3 Elemental Staff {ele, rElec rF+ rC+ AC+3}
174793 | Zig:10   | Identified the +5 scimitar of the Silent Majority {holy,
                  | Int+3}
174805 | Zig:10   | Identified the +8 scimitar of Internal Strife {venom, *Slow
                  | rPois Will- Dex+6}
174837 | Zig:11   | Identified the "Koruas Lue"
174837 | Zig:11   | Identified the "Jewn"
174837 | Zig:11   | Entered Level 11 of a ziggurat
174848 | Zig:11   | Noticed an ancient lich
174853 | Zig:11   | Killed an ancient lich
174934 | Zig:11   | Identified the +9 morningstar "Killer Bee's Foe" {drain,
                  | *Rage rPois rN+ Str+2}
174946 | Zig:11   | Identified the staff "Zujoef" {rPois Int-4 Dex+7 SInv
                  | Poison}
175063 | Zig:12   | Entered Level 12 of a ziggurat
175070 | Zig:12   | Noticed an ancient lich
175071 | Zig:12   | Noticed an ancient lich
175072 | Zig:12   | Noticed an ancient lich
175073 | Zig:12   | Noticed an ancient lich
175074 | Zig:12   | Killed an ancient lich
175074 | Zig:12   | Killed an ancient lich
175074 | Zig:12   | Killed an ancient lich
175074 | Zig:12   | Killed an ancient lich
175074 | Zig:12   | Noticed an ancient lich
175078 | Zig:12   | Killed an ancient lich
175083 | Zig:12   | Identified the staff "Ritsocusm" {rC+ Will+ Int+4 Dex+5
                  | Ice}
175199 | Zig:12   | Identified the ring of Midnight {rC+ rN+ Int+6 Dex-5}
175230 | Zig:12   | Identified the +8 dagger of Regicide {drain, Int+3}
175259 | Zig:13   | Entered Level 13 of a ziggurat
175270 | Zig:13   | Noticed Edwich the pandemonium lord
175270 | Zig:13   | Killed Edwich the pandemonium lord
175283 | Zig:13   | Identified the ring of Zanouh {rElec rPois Will- Str+6}
175466 | Zig:13   | Identified the ring of Weassepa {MP+9 Str+6}
175479 | Zig:13   | Identified the ring "Keol" {Fire Dex+6 SInv Stlth-}
175549 | Zig:13   | Identified the amulet "Gyucag" {+Blink rC- Regen+ Int+4}
175562 | Zig:14   | Entered Level 14 of a ziggurat
175577 | Zig:14   | Found the +4 robe of Folly {Brill Will-∞ Int+8}
175732 | Zig:14   | Identified the +7 dagger of Irritation {antimagic, rN+}
175837 | Zig:15   | Identified the "Keyph"
175837 | Zig:15   | Entered Level 15 of a ziggurat
175849 | Zig:15   | Noticed Fiddoa the pandemonium lord
175853 | Zig:15   | Killed Fiddoa the pandemonium lord
176016 | Zig:15   | Identified the ring "Hiurimu" {Ice Slay+2}
176024 | Zig:15   | Identified the +4 glaive "Cyola" {freeze, rC+ Str+2 Int+2}
176209 | Zig:16   | Entered Level 16 of a ziggurat
176227 | Zig:16   | Found the +7 sceptre of Torment {pain, torment}
176227 | Zig:16   | Found the +1 Delatra's gloves {ID++}
176415 | Zig:16   | Identified the staff of Abuse {rPois Int+7 Dex+2 Poison}
176447 | Zig:16   | Identified the +4 lajatang of Mens Rea {flame, Fly Will+}
176465 | Zig:16   | Identified the staff of Demand {rF+ rN++ Fire}
176529 | Zig:17   | Identified the "Mesk"
176529 | Zig:17   | Entered Level 17 of a ziggurat
176540 | Zig:17   | Noticed Yholull the pandemonium lord
176540 | Zig:17   | Noticed Xobbonk the pandemonium lord
176541 | Zig:17   | Noticed a dread lich
176541 | Zig:17   | Noticed Seby the pandemonium lord
176541 | Zig:17   | Noticed Edaeh the pandemonium lord
176542 | Zig:17   | Noticed Riavvaq the pandemonium lord
176543 | Zig:17   | Noticed Nojeseor the pandemonium lord
176543 | Zig:17   | Noticed Niyt the pandemonium lord
176543 | Zig:17   | Noticed Gyamued the pandemonium lord
176544 | Zig:17   | Killed a dread lich
176545 | Zig:17   | Noticed Woetebla the pandemonium lord
176545 | Zig:17   | Noticed Maunimn the pandemonium lord
176545 | Zig:17   | Noticed Weapt the pandemonium lord
176545 | Zig:17   | Killed Riavvaq the pandemonium lord
176545 | Zig:17   | Killed Xobbonk the pandemonium lord
176545 | Zig:17   | Noticed Virr the pandemonium lord
176546 | Zig:17   | Killed Edaeh the pandemonium lord
176547 | Zig:17   | Killed Virr the pandemonium lord
176547 | Zig:17   | Killed Yholull the pandemonium lord
176548 | Zig:17   | Noticed Xelugu the pandemonium lord
176549 | Zig:17   | Noticed Ozozynas the pandemonium lord
176549 | Zig:17   | Noticed Xyukiski the pandemonium lord
176550 | Zig:17   | Killed Weapt the pandemonium lord
176551 | Zig:17   | Noticed Noureoki the pandemonium lord
176551 | Zig:17   | Noticed Qitrerel the pandemonium lord
176551 | Zig:17   | Noticed Amodd the pandemonium lord
176552 | Zig:17   | Noticed Hamaxto the pandemonium lord
176552 | Zig:17   | Killed Xelugu the pandemonium lord
176552 | Zig:17   | Killed Nojeseor the pandemonium lord
176552 | Zig:17   | Killed Maunimn the pandemonium lord
176552 | Zig:17   | Killed Niyt the pandemonium lord
176553 | Zig:17   | Killed Woetebla the pandemonium lord
176553 | Zig:17   | Noticed Irudwem the pandemonium lord
176554 | Zig:17   | Killed Seby the pandemonium lord
176554 | Zig:17   | Killed Xyukiski the pandemonium lord
176554 | Zig:17   | Killed Ozozynas the pandemonium lord
176554 | Zig:17   | Killed Gyamued the pandemonium lord
176554 | Zig:17   | Noticed Udyjai the pandemonium lord
176555 | Zig:17   | Noticed Fasag the pandemonium lord
176555 | Zig:17   | Noticed Imaoqach the pandemonium lord
176555 | Zig:17   | Noticed Beukk the pandemonium lord
176555 | Zig:17   | Noticed Xaq Vuakk the pandemonium lord
176556 | Zig:17   | Noticed Bila the pandemonium lord
176556 | Zig:17   | Noticed Mom Fufrax the pandemonium lord
176557 | Zig:17   | Noticed Heg Baish the pandemonium lord
176557 | Zig:17   | Noticed Naneiwia the pandemonium lord
176557 | Zig:17   | Noticed Niajiy the pandemonium lord
176557 | Zig:17   | Noticed Irot the pandemonium lord
176557 | Zig:17   | Noticed Lyligh the pandemonium lord
176558 | Zig:17   | Noticed Qotikiek the pandemonium lord
176560 | Zig:18   | Entered Level 18 of a ziggurat
176777 | Zig:18   | Noticed a dread lich
176778 | Zig:18   | Noticed an ancient lich
176778 | Zig:18   | Noticed a dread lich
176778 | Zig:18   | Found the +8 whip "Snakebite" {venom, curare, rPois}
176779 | Zig:18   | Killed a dread lich
176779 | Zig:18   | Killed a dread lich
176780 | Zig:18   | Noticed an ancient lich
176780 | Zig:18   | Found the +5 Lochaber axe {reach-cleave, Poleaxe Drain}
176781 | Zig:18   | Killed an ancient lich
176782 | Zig:18   | Killed an ancient lich
176853 | Zig:18   | Identified the +4 arbalest of the Sheltering Gods {heavy,
                  | rElec MP+9 Str-2 Dex+5}
176855 | Zig:18   | Identified the ring "Fexurufa" {rPois rF+ rCorr EV+5 Int+2}
176862 | Zig:18   | Identified the staff "Juvam" {Int+2 Conj}
176984 | Zig:18   | Identified the +7 falchion of Kismet {drain, rF+ rCorr}
177000 | Zig:18   | Acquired the +13 gold dragon scales of Impermeability
                  | {rPois rF+ rC+ Str+4 Int+2 Dex-5}
177048 | Zig:18   | Identified the +3 shortbow of the Empty Page {heavy, rElec
                  | rC+ rN++ Str-5}
177064 | Zig:18   | Identified the staff of Youthful Indiscretion {*Corrode Fly
                  | rC+ Will+++ Ice Poison}
177110 | Zig:19   | Identified the "Colavoc"
177110 | Zig:19   | Entered Level 19 of a ziggurat
177301 | Zig:19   | Identified the +4 war axe "Huxt" {venom, rElec rPois Will-
                  | rCorr}
177418 | Zig:19   | Identified the +7 scimitar of Famine {flame, Contam Will+++
                  | Dex-4 SInv}
177483 | Zig:20   | Identified the "Refim"
177483 | Zig:20   | Entered Level 20 of a ziggurat
177515 | Zig:20   | Reached skill level 27 in Transmutations
178013 | Zig:20   | Identified the +8 scimitar of Indomitability {pain, rN++
                  | Int-5 SInv}
178138 | Zig:20   | Identified the ring "Diom" {Will+ AC+4}
178140 | Zig:20   | Identified the amulet "Nuqume" {Acrobat Fragile Regen+
                  | Int+5}
178192 | Zig:20   | Identified the +7 quarterstaff "Olomuobb" {flame, rC- Str-2
                  | Dex+7}
178196 | Zig:20   | Identified the amulet of Kecizapla {Acrobat Harm Dex+3}
178207 | Zig:21   | Identified the of Eproseta
178207 | Zig:21   | Identified the "Wyxteg"
178207 | Zig:21   | Entered Level 21 of a ziggurat
178218 | Zig:21   | Noticed an ancient lich
178218 | Zig:21   | Noticed a dread lich
178219 | Zig:21   | Noticed an ancient lich
178221 | Zig:21   | Noticed a dread lich
178222 | Zig:21   | Noticed a dread lich
178222 | Zig:21   | Noticed a dread lich
178222 | Zig:21   | Noticed a dread lich
178222 | Zig:21   | Noticed an ancient lich
178223 | Zig:21   | Noticed a dread lich
178223 | Zig:21   | Noticed a dread lich
178223 | Zig:21   | Noticed an ancient lich
178223 | Zig:21   | Noticed an ancient lich
178223 | Zig:21   | Noticed an ancient lich
178223 | Zig:21   | Noticed a dread lich
178223 | Zig:21   | Noticed an ancient lich
178224 | Zig:21   | Killed a dread lich
178224 | Zig:21   | Killed an ancient lich
178224 | Zig:21   | Killed an ancient lich
178224 | Zig:21   | Killed a dread lich
178224 | Zig:21   | Killed an ancient lich
178224 | Zig:21   | Killed a dread lich
178224 | Zig:21   | Killed an ancient lich
178224 | Zig:21   | Killed a dread lich
178224 | Zig:21   | Killed a dread lich
178224 | Zig:21   | Noticed a dread lich
178225 | Zig:21   | Reached skill level 27 in Necromancy
178225 | Zig:21   | Killed a dread lich
178225 | Zig:21   | Killed an ancient lich
178225 | Zig:21   | Killed an ancient lich
178225 | Zig:21   | Killed a dread lich
178225 | Zig:21   | Killed an ancient lich
178225 | Zig:21   | Killed a dread lich
178225 | Zig:21   | Killed a dread lich
178226 | Zig:21   | Reached skill level 27 in Poison Magic
178226 | Zig:21   | Noticed an ancient lich
178226 | Zig:21   | Noticed a dread lich
178228 | Zig:21   | Noticed a dread lich
178228 | Zig:21   | Noticed a dread lich
178230 | Zig:21   | Killed a dread lich
178230 | Zig:21   | Killed a dread lich
178230 | Zig:21   | Killed a dread lich
178231 | Zig:21   | Reached skill level 10 in Short Blades
178231 | Zig:21   | Reached skill level 10 in Ice Magic
178231 | Zig:21   | Killed an ancient lich
178234 | Zig:21   | Identified the staff of the Brain {rElec rPois Str-2 Dex+3
                  | Stlth+ Poison}
178240 | Zig:21   | Identified the +1 cloak of Forking Paths {Dex+2}
178318 | Zig:21   | Identified the +8 long sword of Integrity {spect, *Rage
                  | rPois rN+ Dex+6}
178324 | Zig:21   | Identified the +6 great mace "Qogon" {freeze, rElec Str+3}
178331 | Zig:21   | Identified the staff "Letialu" {rPois rF++ rN+ Dex-3 SInv
                  | Poison}
178353 | Zig:21   | Identified the ring of Vyhaq {rN+ Int+2}
178434 | Zig:21   | Identified the +6 chain mail of Sunlight {Harm *Corrode
                  | rElec rPois Str+3}
178463 | Zig:21   | Identified the +9 great sword "Jeuff" {venom, rN+ Str-5
                  | Dex+6 SInv}
178498 | Zig:21   | Identified the +6 short sword of Ykkav {venom, Int+3}
178500 | Zig:21   | Identified the ring of Diav {rPois Int+7 Dex+3}
178688 | Zig:22   | Identified the "Apnoim"
178688 | Zig:22   | Entered Level 22 of a ziggurat
178701 | Zig:22   | Noticed a juggernaut
178703 | Zig:22   | Noticed a juggernaut
178703 | Zig:22   | Noticed a juggernaut
178703 | Zig:22   | Noticed a juggernaut
178703 | Zig:22   | Noticed a juggernaut
178704 | Zig:22   | Noticed a juggernaut
178704 | Zig:22   | Noticed a juggernaut
178704 | Zig:22   | Noticed a juggernaut
178704 | Zig:22   | Noticed a juggernaut
178704 | Zig:22   | Noticed a juggernaut
178704 | Zig:22   | Noticed a juggernaut
178704 | Zig:22   | Noticed a juggernaut
178704 | Zig:22   | Noticed a juggernaut
178705 | Zig:22   | Killed a juggernaut
178705 | Zig:22   | Killed a juggernaut
178705 | Zig:22   | Killed a juggernaut
178705 | Zig:22   | Killed a juggernaut
178705 | Zig:22   | Killed a juggernaut
178705 | Zig:22   | Killed a juggernaut
178705 | Zig:22   | Killed a juggernaut
178705 | Zig:22   | Killed a juggernaut
178705 | Zig:22   | Killed a juggernaut
178705 | Zig:22   | Noticed a juggernaut
178706 | Zig:22   | Killed a juggernaut
178706 | Zig:22   | Killed a juggernaut
178706 | Zig:22   | Killed a juggernaut
178706 | Zig:22   | Killed a juggernaut
178706 | Zig:22   | Killed a juggernaut
178706 | Zig:22   | Noticed a juggernaut
178706 | Zig:22   | Noticed a juggernaut
178707 | Zig:22   | Reached skill level 15 in Short Blades
178707 | Zig:22   | Noticed a juggernaut
178707 | Zig:22   | Noticed a juggernaut
178707 | Zig:22   | Noticed a juggernaut
178707 | Zig:22   | Noticed a juggernaut
178708 | Zig:22   | Noticed a juggernaut
178709 | Zig:22   | Noticed a juggernaut
178709 | Zig:22   | Noticed a juggernaut
178710 | Zig:22   | Killed a juggernaut
178710 | Zig:22   | Killed a juggernaut
178710 | Zig:22   | Killed a juggernaut
178710 | Zig:22   | Killed a juggernaut
178710 | Zig:22   | Killed a juggernaut
178710 | Zig:22   | Killed a juggernaut
178710 | Zig:22   | Killed a juggernaut
178711 | Zig:22   | Killed a juggernaut
178712 | Zig:22   | Reached skill level 15 in Ice Magic
178715 | Zig:22   | Found the +7 Spriggan's Knife {stab, EV+4 Stlth+}
178717 | Zig:22   | Killed a juggernaut
179097 | Zig:22   | Identified the ring "Tewno" {Fly Str+3 Int+3 Dex+2}
179103 | Zig:22   | Identified the +5 morningstar of Buiddur {pain, rF+}
179105 | Zig:22   | Identified the +10 sling of the Brewing Gods {freeze, rC+
                  | Str+3 Dex+3}
179123 | Zig:22   | Identified the +1 plate armour "Welew" {rN+}
179127 | Zig:22   | Identified the +5 orcbow "Killer Klown's Bane" {flame,
                  | rPois Will- Int+6 SInv}
179130 | Zig:22   | Identified the +8 plate armour of the Game of Kings
                  | {Rampage}
179142 | Zig:22   | Identified the +7 hand axe of Amorality {venom, Fragile rF+
                  | rC+}
179224 | Zig:23   | Identified the "Veguyhae"
179224 | Zig:23   | Entered Level 23 of a ziggurat
179265 | Zig:23   | Acquired 417 gold pieces
179266 | Zig:23   | Identified the amulet "Atrecs" {RegenMP rPois Int+3 Dex+5}
179274 | Zig:23   | Identified the ring of Muin {Int+6 Dex+2}
179403 | Zig:23   | Identified the +2 robe of Instinct {Harm Str+5 Slay+3}
179430 | Zig:23   | Identified the staff of Ompimieh {Contam rC+ Conj Summ Ice}
179759 | Zig:23   | Identified the +3 lajatang of Quantum Leap {flame, rElec
                  | rC+ rN+}
179855 | Zig:24   | Entered Level 24 of a ziggurat
179880 | Zig:24   | Found the +13 scythe of Curses {drain, curses, Drain}
180180 | Zig:24   | Identified the staff of Sulphur {*Slow rN+ Dex+7 SInv
                  | Necro}
180190 | Zig:24   | Identified the +0 short sword of Virtue {protect, rPois}
180192 | Zig:24   | Identified the +9 falchion of Dishonour {flame, rPois}
180232 | Zig:24   | Identified the +9 scimitar of Vocw {drain, rElec rPois
                  | Will+ Int-5}
180234 | Zig:24   | Identified the +1 shortbow of Vax Qoj {freeze, rF+ Stlth+}
180346 | Zig:25   | Entered Level 25 of a ziggurat
180365 | Zig:25   | Identified the +3 tower shield of the Black Moon {Dex+7}
180375 | Zig:25   | Identified the +5 tower shield "Jaenkea" {Slay+2}
180375 | Zig:25   | Identified the +4 tower shield of the Valley of Death {Fly
                  | rN+ Dex-3}
180375 | Zig:25   | Found the ring of the Octopus King
180380 | Zig:25   | Found the +3 Mad Mage's Maulers {Infuse+∞ VampMP -Cast}
180385 | Zig:25   | Identified the +1 spear "Ravaong" {flame, Dex+2}
180388 | Zig:25   | Identified the +7 tower shield of the Dozen Priests {Regen+
                  | MP+9 Str+4 Stlth+} (You took it off a daeva on level 25 of
                  | a ziggurat)
180697 | Zig:25   | Identified the +1 mace "Xith" {flame, Fragile Dex+8}
180772 | Zig:25   | Identified a ring of the Octopus King {rC+ HP+2 AC+2 EV+2
                  | SH+2}
180847 | Zig:25   | Identified the dragon-blood talisman of Jigsaw {*Slow
                  | Slay+4 Stlth+}
181111 | Zig:26   | Entered Level 26 of a ziggurat
181143 | Zig:26   | Found the +0 pair of fencer's gloves {Riposte Dex+3}
181435 | Zig:26   | Identified the +5 war axe of Jukuf {drain, rC+ Str+3 Dex-3}
181490 | Zig:26   | Identified the ring of the Mertaur {rN+ Stlth+}
181492 | Zig:26   | Identified the staff of Irksome Valour {rN+ MP+9 Necro}
181547 | Zig:26   | Identified the +1 cloak "Piqiciy" {Will+}
181551 | Zig:26   | Identified the +7 chain mail of the Fletcher {Harm rF+}
181557 | Zig:26   | Identified the +0 spear of Defence {heavy, Will+ Str+3}
181558 | Zig:26   | Identified the +10 triple sword "Widowmaker" {drain, *Slow
                  | rPois Stlth+}
181599 | Zig:26   | Identified the +0 pair of gloves of the Sky {rF+}
181601 | Zig:26   | Identified the +8 orcbow of Cheese {flame, Fragile rPois
                  | rN+ Int+2}
181738 | Zig:27   | Identified the of Bitocly
181738 | Zig:27   | Identified the "Caubb"
181738 | Zig:27   | Entered Level 27 of a ziggurat
181755 | Zig:27   | Noticed an orb of fire
181756 | Zig:27   | Noticed an orb of fire
181756 | Zig:27   | Noticed an orb of fire
181756 | Zig:27   | Noticed an orb of fire
181756 | Zig:27   | Noticed an orb of fire
181756 | Zig:27   | Noticed an orb of fire
181756 | Zig:27   | Noticed an orb of fire
181756 | Zig:27   | Noticed an orb of fire
181756 | Zig:27   | Noticed an orb of fire
181756 | Zig:27   | Noticed an orb of fire
181756 | Zig:27   | Noticed an orb of fire
181756 | Zig:27   | Noticed an orb of fire
181757 | Zig:27   | Noticed an orb of fire
181757 | Zig:27   | Noticed an orb of fire
181759 | Zig:27   | Reached skill level 27 in Short Blades
181759 | Zig:27   | Noticed an orb of fire
181759 | Zig:27   | Killed an orb of fire
181759 | Zig:27   | Killed an orb of fire
181759 | Zig:27   | Noticed an orb of fire
181760 | Zig:27   | Killed an orb of fire
181760 | Zig:27   | Killed an orb of fire
181760 | Zig:27   | Killed an orb of fire
181760 | Zig:27   | Killed an orb of fire
181760 | Zig:27   | Killed an orb of fire
181760 | Zig:27   | Killed an orb of fire
181760 | Zig:27   | Killed an orb of fire
181760 | Zig:27   | Killed an orb of fire
181760 | Zig:27   | Noticed an orb of fire
181765 | Zig:27   | Noticed an orb of fire
181765 | Zig:27   | Noticed an orb of fire
181765 | Zig:27   | Noticed an orb of fire
181765 | Zig:27   | Noticed an orb of fire
181765 | Zig:27   | Noticed an orb of fire
181765 | Zig:27   | Noticed an orb of fire
181765 | Zig:27   | Noticed an orb of fire
181765 | Zig:27   | Noticed an orb of fire
181765 | Zig:27   | Noticed an orb of fire
181766 | Zig:27   | Noticed an orb of fire
181766 | Zig:27   | Noticed an orb of fire
181766 | Zig:27   | Noticed an orb of fire
181766 | Zig:27   | Noticed an orb of fire
181766 | Zig:27   | Noticed an orb of fire
181767 | Zig:27   | Noticed an orb of fire
181767 | Zig:27   | Noticed an orb of fire
181767 | Zig:27   | Noticed an orb of fire
181767 | Zig:27   | Noticed an orb of fire
181767 | Zig:27   | Found the +27 heavy crossbow "Sniper" {heavy, Acc+∞ SInv}
181769 | Zig:27   | Noticed an orb of fire
181770 | Zig:27   | Noticed an orb of fire
182213 | Zig:1    | Entered Level 1 of a ziggurat
182213 | Zig:1    | Noticed Rian the pandemonium lord
182215 | Zig:1    | Killed Rian the pandemonium lord
182286 | Zig:2    | Entered Level 2 of a ziggurat
182287 | Zig:2    | Noticed Hirufet the pandemonium lord
182291 | Zig:2    | Killed Hirufet the pandemonium lord
182292 | Zig:2    | Reached skill level 27 in Ice Magic
182398 | Zig:2    | Identified the +10 short sword "Soacongig" {freeze, rC-
                  | Will++ MP+9 Dex+2}
182418 | Zig:3    | Entered Level 3 of a ziggurat
182499 | Zig:4    | Entered Level 4 of a ziggurat
182504 | Zig:4    | Reached skill level 5 in Polearms
182504 | Zig:4    | Reached skill level 5 in Staves
182506 | Zig:4    | Reached skill level 5 in Maces & Flails
182587 | Zig:4    | Identified the staff "Lupaxkad" {Drain rElec Will+ Conj}
182638 | Zig:5    | Entered Level 5 of a ziggurat
182748 | Zig:5    | Identified the +4 ring mail "Haiv" {Rampage rN+}
182801 | Zig:6    | Entered Level 6 of a ziggurat
182808 | Zig:6    | Reached skill level 5 in Unarmed Combat
182809 | Zig:6    | Reached skill level 10 in Polearms
182812 | Zig:6    | Reached skill level 10 in Staves
182918 | Zig:6    | Identified the +1 robe "Igippaol" {rElec rF+ Str+5}
182933 | Zig:7    | Entered Level 7 of a ziggurat
182935 | Zig:7    | Noticed a dread lich
182937 | Zig:7    | Noticed a dread lich
182937 | Zig:7    | Noticed a dread lich
182938 | Zig:7    | Noticed a dread lich
182940 | Zig:7    | Killed a dread lich
182940 | Zig:7    | Killed a dread lich
182940 | Zig:7    | Killed a dread lich
182940 | Zig:7    | Killed a dread lich
182941 | Zig:7    | Reached skill level 10 in Maces & Flails
183100 | Zig:8    | Entered Level 8 of a ziggurat
183106 | Zig:8    | Noticed a dread lich
183106 | Zig:8    | Noticed a dread lich
183106 | Zig:8    | Noticed a dread lich
183108 | Zig:8    | Killed a dread lich
183108 | Zig:8    | Killed a dread lich
183109 | Zig:8    | Killed a dread lich
183216 | Zig:8    | Identified the +0 leather armour of Negation {+Inv rC-
                  | Int-3 Stlth+}
183267 | Zig:9    | Entered Level 9 of a ziggurat
183272 | Zig:9    | Found the +9 sword of Zonguldrok {reap}
183275 | Zig:9    | Reached skill level 10 in Unarmed Combat
183342 | Zig:9    | Identified the +6 dagger of Ongil {venom, Str+4}
183361 | Zig:9    | Identified the +9 sling "Baruicoce" {flame, +Blink Str+4}
183475 | Zig:10   | Identified the "Gura"
183475 | Zig:10   | Identified the "Hijemirarenk"
183475 | Zig:10   | Entered Level 10 of a ziggurat
183481 | Zig:10   | Noticed an ancient lich
183484 | Zig:10   | Killed an ancient lich
183488 | Zig:10   | Reached skill level 15 in Maces & Flails
183760 | Zig:10   | Identified the ring "Afraoll" {Contam Fly rPois Dex+7
                  | Stlth+}
183776 | Zig:10   | Identified the +3 chain mail of Cowardice {Will+ SInv}
183821 | Zig:11   | Identified the of Laptetzour
183821 | Zig:11   | Entered Level 11 of a ziggurat
183829 | Zig:11   | Noticed Evipasa the pandemonium lord
183830 | Zig:11   | Reached skill level 15 in Polearms
183830 | Zig:11   | Reached skill level 15 in Staves
183832 | Zig:11   | Found the +8 lance "Wyrmbane" {slay drac, rPois rF+ rC+
                  | AC+3}
183838 | Zig:11   | Killed Evipasa the pandemonium lord
183990 | Zig:11   | Identified the +5 sling "Vepnaeqo" {freeze, rElec rF- rN+++
                  | Stlth+}
184156 | Zig:12   | Identified the of Erolapsy
184156 | Zig:12   | Entered Level 12 of a ziggurat
184451 | Zig:12   | Identified the +9 rapier "Bunil" {vamp, rElec Dex+3 SInv}
184452 | Zig:12   | Identified the ring "Ydwijuth" {rF+ rC+ Will- Dex+6}
184454 | Zig:12   | Identified the dragon-blood talisman of Ema Ytitt {rC-
                  | Will+++}
184464 | Zig:12   | Identified the amulet "Venalur" {RegenMP Dex+3}
184527 | Zig:13   | Entered Level 13 of a ziggurat
184628 | Zig:13   | Identified the staff "Impbane" {rC- rN+ Int+3 Conj}
184657 | Zig:13   | Identified the +4 falchion of Awuelol {elec, rN+ Dex+3}
184690 | Zig:13   | Identified the +1 demon trident "Foat" {vamp, rCorr}
184900 | Zig:14   | Entered Level 14 of a ziggurat
184911 | Zig:14   | Noticed an ancient lich
184912 | Zig:14   | Noticed a dread lich
184913 | Zig:14   | Killed a dread lich
184913 | Zig:14   | Killed an ancient lich
184915 | Zig:14   | Reached skill level 15 in Unarmed Combat
184916 | Zig:14   | Found the +2 hat of the Bear Spirit {Spirit, Bear, *Rage
                  | Will++}
185197 | Zig:14   | Identified the +1 falchion of Risk Management {freeze,
                  | Int+3 SInv}
185274 | Zig:15   | Entered Level 15 of a ziggurat
185293 | Zig:15   | Found the +5 Force Lance {heavy, knockback}
185311 | Zig:15   | Identified the +1 pair of boots of Ornamental Birdsong
                  | {rPois}
185400 | Zig:15   | Identified the ring "Cyn Qoor" {Fly rC+++ rCorr SInv
                  | Stlth-}
185415 | Zig:15   | Identified the ring "Hyilit" {rPois rF- Str+6 SInv}
185621 | Zig:16   | Identified the of Acreppaq
185621 | Zig:16   | Entered Level 16 of a ziggurat
185631 | Zig:16   | Noticed a dread lich
185631 | Zig:16   | Noticed an ancient lich
185631 | Zig:16   | Noticed a dread lich
185632 | Zig:16   | Noticed a dread lich
185633 | Zig:16   | Noticed an ancient lich
185633 | Zig:16   | Noticed a dread lich
185633 | Zig:16   | Noticed an ancient lich
185634 | Zig:16   | Noticed an ancient lich
185634 | Zig:16   | Noticed an ancient lich
185634 | Zig:16   | Noticed an ancient lich
185634 | Zig:16   | Noticed an ancient lich
185634 | Zig:16   | Noticed a dread lich
185634 | Zig:16   | Noticed an ancient lich
185635 | Zig:16   | Noticed an ancient lich
185635 | Zig:16   | Killed a dread lich
185635 | Zig:16   | Killed an ancient lich
185635 | Zig:16   | Killed a dread lich
185635 | Zig:16   | Killed a dread lich
185635 | Zig:16   | Killed a dread lich
185635 | Zig:16   | Killed an ancient lich
185636 | Zig:16   | Killed a dread lich
185636 | Zig:16   | Killed an ancient lich
185636 | Zig:16   | Killed an ancient lich
185636 | Zig:16   | Killed an ancient lich
185636 | Zig:16   | Killed an ancient lich
185636 | Zig:16   | Killed an ancient lich
185636 | Zig:16   | Killed an ancient lich
185636 | Zig:16   | Killed an ancient lich
185637 | Zig:16   | Noticed a dread lich
185637 | Zig:16   | Noticed a dread lich
185637 | Zig:16   | Noticed an ancient lich
185641 | Zig:16   | Killed a dread lich
185641 | Zig:16   | Killed an ancient lich
185642 | Zig:16   | Killed a dread lich
185799 | Zig:16   | Identified the +10 quarterstaff "Belapp" {antimagic, rPois
                  | rN+}
185805 | Zig:16   | Identified the +2 hand axe of Law {elec, rF+ rCorr SInv
                  | Stlth-}
185845 | Zig:16   | Identified the +1 halberd "Kampid" {speed, *Noise rF+ rCorr
                  | Int+8}
185969 | Zig:16   | Identified the +2 broad axe "Romoakha" {venom, *Noise rC+
                  | rN+ Dex+7}
186040 | Zig:17   | Entered Level 17 of a ziggurat
186068 | Zig:17   | Identified the amulet "Coudott" {Faith -Cast Rampage rN+
                  | rCorr}
186205 | Zig:17   | Identified the +0 scale mail of the Morning {Regen+ rCorr
                  | Str-5 Int+3}
186237 | Zig:17   | Identified the +4 battleaxe of Tumult {speed, rPois rC+
                  | rCorr Dex+2}
186479 | Zig:18   | Identified the "Runytsup"
186479 | Zig:18   | Entered Level 18 of a ziggurat
186847 | Zig:18   | Identified the +8 spear of the Beast {protect, rC++ rN+
                  | Str+3}
186871 | Zig:18   | Identified the +0 ring mail of the Armoured One {Harm rElec
                  | Str+3 Int+2}
186875 | Zig:18   | Identified the +8 long sword "Fish" {heavy, rPois Str-3
                  | Int+5 SInv}
186937 | Zig:19   | Identified the "Jiqaidd"
186937 | Zig:19   | Identified the of Nuhem
186937 | Zig:19   | Entered Level 19 of a ziggurat
186945 | Zig:19   | Noticed an ancient lich
186947 | Zig:19   | Noticed an ancient lich
186948 | Zig:19   | Noticed a dread lich
186948 | Zig:19   | Noticed an ancient lich
186948 | Zig:19   | Noticed a dread lich
186948 | Zig:19   | Noticed an ancient lich
186948 | Zig:19   | Noticed an ancient lich
186949 | Zig:19   | Noticed a dread lich
186949 | Zig:19   | Noticed an ancient lich
186949 | Zig:19   | Noticed a dread lich
186949 | Zig:19   | Noticed a dread lich
186950 | Zig:19   | Killed an ancient lich
186950 | Zig:19   | Killed a dread lich
186950 | Zig:19   | Killed a dread lich
186950 | Zig:19   | Killed an ancient lich
186950 | Zig:19   | Noticed a dread lich
186950 | Zig:19   | Noticed a dread lich
186951 | Zig:19   | Killed an ancient lich
186951 | Zig:19   | Killed a dread lich
186951 | Zig:19   | Killed an ancient lich
186951 | Zig:19   | Killed an ancient lich
186951 | Zig:19   | Killed a dread lich
186951 | Zig:19   | Killed an ancient lich
186951 | Zig:19   | Killed a dread lich
186951 | Zig:19   | Killed a dread lich
186951 | Zig:19   | Killed a dread lich
186955 | Zig:19   | Noticed an ancient lich
186956 | Zig:19   | Noticed an ancient lich
186956 | Zig:19   | Noticed a dread lich
186956 | Zig:19   | Noticed an ancient lich
186957 | Zig:19   | Noticed an ancient lich
186957 | Zig:19   | Noticed a dread lich
186957 | Zig:19   | Found the +5 glaive of the Guard {elec, spectral}
186958 | Zig:19   | Killed a dread lich
186958 | Zig:19   | Killed an ancient lich
186958 | Zig:19   | Killed an ancient lich
186958 | Zig:19   | Killed a dread lich
186959 | Zig:19   | Killed an ancient lich
186959 | Zig:19   | Killed an ancient lich
186962 | Zig:19   | Found the +8 pair of quick blades "Gyre" and "Gimble"
                  | {protect}
187070 | Zig:19   | Identified the +8 short sword of Wippyte {vamp, rF+ Int+5
                  | Stlth+}
187073 | Zig:19   | Identified the +8 quarterstaff of Desertification {venom,
                  | rPois}
187074 | Zig:19   | Identified the +0 scimitar of Tuxeip {heavy, rPois rF+
                  | Will-}
187077 | Zig:19   | Identified the ring "Ehofuudo" {Str+6 Slay+5}
187100 | Zig:19   | Identified the staff "Meiwkiome" {rElec Int+3 Conj Air}
187106 | Zig:19   | Identified the +7 chain mail of Fiphif {rN+}
187126 | Zig:19   | Identified the +2 trident of Supply {freeze, Str+5 Int-2}
187349 | Zig:20   | Entered Level 20 of a ziggurat
187775 | Zig:20   | Identified the staff "Onoakhlio" {rElec rN+ Dex+6 Necro}
187841 | Zig:20   | Identified the ring "Imuzyeni" {rPois rC+ Slay+6 SInv}
187853 | Zig:20   | Identified the orb "Exonis" {guile, Str-5 Dex+3 Stlth+}
187863 | Zig:20   | Identified the ring "Ocwurr" {rElec rPois Int+6 Dex+3
                  | Stlth+}
187867 | Zig:20   | Identified the +12 shortbow "Ilesoan" {freeze, Str+3}
187886 | Zig:20   | Identified the +2 leather armour of Cowardice {Will+ Int+3}
187967 | Zig:21   | Identified the "Caow"
187967 | Zig:21   | Entered Level 21 of a ziggurat
187975 | Zig:21   | Noticed an orb of fire
187975 | Zig:21   | Noticed an orb of fire
187976 | Zig:21   | Noticed an orb of fire
187977 | Zig:21   | Noticed an orb of fire
187978 | Zig:21   | Killed an orb of fire
187979 | Zig:21   | Killed an orb of fire
187980 | Zig:21   | Killed an orb of fire
187981 | Zig:21   | Killed an orb of fire
187981 | Zig:21   | Noticed an orb of fire
187981 | Zig:21   | Noticed an orb of fire
187982 | Zig:21   | Noticed an orb of fire
187984 | Zig:21   | Killed an orb of fire
187984 | Zig:21   | Noticed an orb of fire
187985 | Zig:21   | Killed an orb of fire
187985 | Zig:21   | Killed an orb of fire
187988 | Zig:21   | Noticed an orb of fire
187988 | Zig:21   | Noticed an orb of fire
187989 | Zig:21   | Killed an orb of fire
187989 | Zig:21   | Noticed an orb of fire
187989 | Zig:21   | Noticed an orb of fire
187990 | Zig:21   | Noticed an orb of fire
187991 | Zig:21   | Killed an orb of fire
187991 | Zig:21   | Killed an orb of fire
187993 | Zig:21   | Noticed an orb of fire
187994 | Zig:21   | Killed an orb of fire
187994 | Zig:21   | Killed an orb of fire
187994 | Zig:21   | Noticed an orb of fire
187995 | Zig:21   | Noticed an orb of fire
187995 | Zig:21   | Noticed an orb of fire
187995 | Zig:21   | Noticed an orb of fire
187995 | Zig:21   | Noticed an orb of fire
187996 | Zig:21   | Noticed an orb of fire
187996 | Zig:21   | Noticed an orb of fire
187997 | Zig:21   | Killed an orb of fire
187997 | Zig:21   | Noticed an orb of fire
187998 | Zig:21   | Killed an orb of fire
187998 | Zig:21   | Killed an orb of fire
187998 | Zig:21   | Killed an orb of fire
187998 | Zig:21   | Killed an orb of fire
187998 | Zig:21   | Killed an orb of fire
187998 | Zig:21   | Noticed an orb of fire
188000 | Zig:21   | Noticed an orb of fire
188001 | Zig:21   | Noticed an orb of fire
188002 | Zig:21   | Noticed an orb of fire
188002 | Zig:21   | Noticed an orb of fire
188002 | Zig:21   | Noticed an orb of fire
188003 | Zig:21   | Killed an orb of fire
188003 | Zig:21   | Killed an orb of fire
188004 | Zig:21   | Killed an orb of fire
188004 | Zig:21   | Killed an orb of fire
188004 | Zig:21   | Killed an orb of fire
188004 | Zig:21   | Killed an orb of fire
188005 | Zig:21   | Killed an orb of fire
188005 | Zig:21   | Killed an orb of fire
188005 | Zig:21   | Killed an orb of fire
188005 | Zig:21   | Noticed an orb of fire
188006 | Zig:21   | Noticed an orb of fire
188007 | Zig:21   | Noticed an orb of fire
188007 | Zig:21   | Noticed an orb of fire
188007 | Zig:21   | Noticed an orb of fire
188010 | Zig:21   | Killed an orb of fire
188010 | Zig:21   | Killed an orb of fire
188010 | Zig:21   | Killed an orb of fire
188011 | Zig:21   | Noticed an orb of fire
188012 | Zig:21   | Killed an orb of fire
188012 | Zig:21   | Killed an orb of fire
188012 | Zig:21   | Noticed an orb of fire
188012 | Zig:21   | Noticed an orb of fire
188017 | Zig:21   | Killed an orb of fire
188018 | Zig:21   | Killed an orb of fire
188018 | Zig:21   | Killed an orb of fire
188018 | Zig:21   | Noticed an orb of fire
188019 | Zig:21   | Killed an orb of fire
188021 | Zig:21   | Killed an orb of fire
188027 | Zig:21   | Found the +10 dark maul {heavy}
188029 | Zig:21   | Found the +2 pair of slick slippers {slick, slippery, EV+4}
188042 | Zig:21   | Identified the +1 hat of Cocytus {-Cast +Inv rN++ Dex+4}
188193 | Zig:21   | Identified the ring "Ciutur" {rPois rN+ rCorr Str-3 SInv}
188194 | Zig:21   | Identified the +10 quarterstaff of Bunwo {flame, Fly rPois
                  | rN+ Int+4}
188205 | Zig:21   | Identified the +4 robe of Daffodils {rN+}
188206 | Zig:21   | Identified the amulet "Merur" {Reflect rC+ Will++ SH+5}
188208 | Zig:21   | Identified the +1 scimitar "Hymukkuigg" {vamp, rC+ rN+
                  | SInv}
188213 | Zig:21   | Identified the +0 ring mail of the Ecumenical Temple {rC+}
188218 | Zig:21   | Identified the amulet of Kiweyroa {rF+ Regen+ rCorr Int+3
                  | Slay+2}
188477 | Zig:22   | Identified the of Qaommum
188477 | Zig:22   | Entered Level 22 of a ziggurat
188511 | Zig:22   | Found the +6 arbalest "Damnation" {damnation}
188512 | Zig:22   | Found the +8 demon blade "Leech" {evervamp, Harm Drain rN+}
188520 | Zig:22   | Reached skill level 27 in Staves
188722 | Zig:22   | Identified the ring of Todwel {Ice Dex+2}
188731 | Zig:22   | Identified the staff "Atamuodgh" {rPois Will+ Air Poison}
188791 | Zig:22   | Identified the amulet "Vuthiask" {RegenMP rCorr Int+2}
188793 | Zig:22   | Identified the ring of Geiplufunk {Ice Int+3}
188816 | Zig:22   | Identified the +9 mace of the Teaching Gods {antimagic,
                  | rC+}
189093 | Zig:23   | Entered Level 23 of a ziggurat
189104 | Zig:23   | Noticed a juggernaut
189104 | Zig:23   | Noticed a juggernaut
189105 | Zig:23   | Noticed a juggernaut
189105 | Zig:23   | Noticed a juggernaut
189105 | Zig:23   | Noticed a juggernaut
189106 | Zig:23   | Killed a juggernaut
189106 | Zig:23   | Killed a juggernaut
189106 | Zig:23   | Killed a juggernaut
189107 | Zig:23   | Reached skill level 27 in Maces & Flails
189107 | Zig:23   | Reached skill level 27 in Polearms
189107 | Zig:23   | Noticed a juggernaut
189109 | Zig:23   | Noticed a juggernaut
189109 | Zig:23   | Noticed a juggernaut
189111 | Zig:23   | Noticed a juggernaut
189111 | Zig:23   | Noticed a juggernaut
189113 | Zig:23   | Killed a juggernaut
189113 | Zig:23   | Killed a juggernaut
189113 | Zig:23   | Killed a juggernaut
189113 | Zig:23   | Killed a juggernaut
189113 | Zig:23   | Killed a juggernaut
189113 | Zig:23   | Killed a juggernaut
189114 | Zig:23   | Noticed a juggernaut
189114 | Zig:23   | Noticed a juggernaut
189115 | Zig:23   | Noticed a juggernaut
189115 | Zig:23   | Noticed a juggernaut
189119 | Zig:23   | Killed a juggernaut
189120 | Zig:23   | Reached skill level 27 in Unarmed Combat
189120 | Zig:23   | Killed a juggernaut
189120 | Zig:23   | Killed a juggernaut
189122 | Zig:23   | Killed a juggernaut
189123 | Zig:23   | Reached skill level 5 in Axes
189129 | Zig:23   | Killed a juggernaut
189130 | Zig:23   | Reached skill level 5 in Long Blades
189248 | Zig:23   | Identified the ring of the Akabeko {Fly rF+ Str+4 Dex-2}
189276 | Zig:23   | Identified the staff of Xuyluex {rC+ Str+3 Ice}
189325 | Zig:23   | Identified the ring "Xaibbot" {rF+ rC- EV+5 Str+3 Dex+2}
189774 | Zig:24   | Identified the "Xeburoos"
189774 | Zig:24   | Identified the "Akotuw"
189774 | Zig:24   | Identified the "Toghuew"
189774 | Zig:24   | Entered Level 24 of a ziggurat
189799 | Zig:24   | Reached skill level 10 in Axes
189825 | Zig:24   | Reached skill level 10 in Long Blades
189849 | Zig:24   | Noticed Utauc the pandemonium lord
189866 | Zig:24   | Killed Utauc the pandemonium lord
189936 | Zig:24   | Found the +8 demon trident "Rift" {distort, reach+}
189939 | Zig:24   | Found the +2 ratskin cloak {*Rats rPois rN+ Str-1 Int-1
                  | Dex+1}
189939 | Zig:24   | Found the sphere of Battle
189949 | Zig:24   | Identified the ring of Feuc Luf {Ice Str+3}
189950 | Zig:24   | Identified the ring of Hidghaigi {Fly rCorr Str-3 Dex+4}
190144 | Zig:24   | Identified the +5 rapier "Ohueticso" {flame, rPois rF+
                  | Str+10 Dex-2}
190173 | Zig:24   | Identified the +5 hand axe "Oghomulu" {spect, rF+ Int+2}
190189 | Zig:24   | Identified the +5 falchion of Dried Tears {antimagic, Drain
                  | rCorr Str+4 Stlth+}
190575 | Zig:25   | Entered Level 25 of a ziggurat
190590 | Zig:25   | Reached skill level 15 in Axes
190605 | Zig:25   | Reached skill level 15 in Long Blades
190607 | Zig:25   | Found the +10 zealot's sword {holy, Zealotry, *Rage rN+
                  | EV+3}
190611 | Zig:25   | Found the +8 longbow "Zephyr" {speed, Dex+3 SInv}
190838 | Zig:25   | Identified the ring "Hein" {Fly rPois}
190840 | Zig:25   | Identified the of Rolits (You acquired it on level 25 of a
                  | ziggurat)
190840 | Zig:25   | Acquired 1246 gold pieces
190854 | Zig:25   | Identified the ring of Cihaufa {Fly Int+3}
190857 | Zig:25   | Identified the +3 demon trident of Discretion {venom, Int+2
                  | Dex+6}
190863 | Zig:25   | Identified the +2 orcbow "Tionoteeze" {antimagic, rN+
                  | Will+}
191309 | Zig:26   | Identified the of Runk
191309 | Zig:26   | Entered Level 26 of a ziggurat
191327 | Zig:26   | Noticed an ancient lich
191329 | Zig:26   | Killed an ancient lich
191329 | Zig:26   | Noticed an ancient lich
191330 | Zig:26   | Killed an ancient lich
191332 | Zig:26   | Noticed an ancient lich
191333 | Zig:26   | Noticed an ancient lich
191333 | Zig:26   | Noticed an ancient lich
191334 | Zig:26   | Noticed an ancient lich
191334 | Zig:26   | Noticed an ancient lich
191335 | Zig:26   | Killed an ancient lich
191335 | Zig:26   | Killed an ancient lich
191335 | Zig:26   | Killed an ancient lich
191335 | Zig:26   | Noticed an ancient lich
191335 | Zig:26   | Noticed an ancient lich
191336 | Zig:26   | Killed an ancient lich
191336 | Zig:26   | Killed an ancient lich
191336 | Zig:26   | Killed an ancient lich
191337 | Zig:26   | Noticed an ancient lich
191337 | Zig:26   | Killed an ancient lich
191338 | Zig:26   | Killed an ancient lich
191341 | Zig:26   | Noticed an ancient lich
191343 | Zig:26   | Noticed an ancient lich
191345 | Zig:26   | Killed an ancient lich
191345 | Zig:26   | Killed an ancient lich
191844 | Zig:26   | Identified the ring of Piacvuil {Ice rCorr Str+6 SInv
                  | Stlth-}
191845 | Zig:26   | Identified the staff "Ydiaph Fion" {rF- Str+4 Dex+6 Conj}
191873 | Zig:26   | Identified the ring of the Monkey {rC+ Str-3 Int+4 SInv}
191877 | Zig:26   | Identified the +5 dagger "Luefos" {venom, rF++ rN++ Dex-4}
191878 | Zig:26   | Identified the +4 shortbow of Juloudd {freeze, rElec SInv}
191880 | Zig:26   | Identified the +0 short sword of Division {venom, *Noise
                  | Drain rPois rCorr}
191882 | Zig:26   | Identified the ring "Kycur" {Ice Dex+2}
191901 | Zig:26   | Identified the +12 arbalest "Natwuoxa" {flame, rC- Dex+4
                  | Stlth+}
192026 | Zig:27   | Entered Level 27 of a ziggurat
192046 | Zig:27   | Paralysed by a wendigo for 1 turns
192060 | Zig:27   | Found the ring of the Octopus King
192321 | Zig:27   | Identified the ring of Negevots {rF+ rC+ Int+4 Dex+6}
192325 | Zig:27   | Identified the +9 demon trident "Kuthryneo" {pain, rElec
                  | rN++ Dex-4}
192332 | Zig:27   | Identified a ring of the Octopus King {rN+ HP+2 AC+2 EV+2
                  | SH+2}
192342 | Zig:27   | Identified the +11 chain mail of Terror {Rampage Drain
                  | rElec}
192343 | Zig:27   | Identified the +5 ring mail of the Gate {Str+3}
192354 | Zig:27   | Identified the ring of the Protecting Gods {MP+9 Str+3}
192724 | D:1      | Upgraded the game from 0.31-a0-995-g04711c9 to
                  | 0.31-a0-996-g3b49de5
192724 | D:1      | Upgraded the game from 0.31-a0-996-g3b49de5 to
                  | 0.31-a0-1001-g770356a
192724 | D:1      | Upgraded the game from 0.31-a0-1001-g770356a to
                  | 0.31-a0-1005-gfbdfbac
192724 | D:1      | Upgraded the game from 0.31-a0-1005-gfbdfbac to
                  | 0.31-a0-1008-g5b978da
192735 | D:1      | Lost mutation: You have sharp fingernails. [potion of
                  | mutation]
192735 | D:1      | Lost mutation: Your mind is acute. (Int +4, Str/Dex -1)
                  | [potion of mutation]
192735 | D:1      | Gained mutation: You have hidden genetic defects. [potion
                  | of mutation]
192736 | D:1      | Lost mutation: You have hidden genetic defects. [potion of
                  | mutation]
192736 | D:1      | Lost mutation: Your muscles are strong. (Str +4, Int/Dex
                  | -1) [potion of mutation]
192736 | D:1      | Gained mutation: You passively map a small area around you.
                  | [potion of mutation]
192736 | D:1      | Gained mutation: Your muscles are strong. (Str +4, Int/Dex
                  | -1) [potion of mutation]
192736 | D:1      | Gained mutation: You are partially covered in iridescent
                  | scales. (AC +2) [potion of mutation]
192737 | D:1      | Lost mutation: You passively map a small area around you.
                  | [potion of mutation]
192737 | D:1      | Lost mutation: Your muscles are strong. (Str +4, Int/Dex
                  | -1) [potion of mutation]
192737 | D:1      | Gained mutation: Your spells are a little harder to cast,
                  | but a little more powerful. [potion of mutation]
192738 | D:1      | Lost mutation: Your spells are a little harder to cast, but
                  | a little more powerful. [potion of mutation]
192738 | D:1      | Lost mutation: You are partially covered in iridescent
                  | scales. (AC +2) [potion of mutation]
192738 | D:1      | Gained mutation: You are agile. (Dex +4, Str/Int -1)
                  | [potion of mutation]
192738 | D:1      | Gained mutation: You are very agile. (Dex +8, Str/Int -2)
                  | [potion of mutation]
192738 | D:1      | Gained mutation: Your magical capacity is low. (-10% MP)
                  | [potion of mutation]
192738 | D:1      | Gained mutation: Your spells are a little harder to cast,
                  | but a little more powerful. [potion of mutation]
192739 | D:1      | Lost mutation: Your spells are a little harder to cast, but
                  | a little more powerful. [potion of mutation]
192739 | D:1      | Lost mutation: Your magical capacity is low. (-10% MP)
                  | [potion of mutation]
192739 | D:1      | Lost mutation: You are very agile. (Dex +8, Str/Int -2)
                  | [potion of mutation]
192739 | D:1      | Gained mutation: You are vulnerable to heat. (rF-) [potion
                  | of mutation]
192739 | D:1      | Gained mutation: You occasionally lose the ability to drink
                  | potions when taking damage. [potion of mutation]
192739 | D:1      | Gained mutation: You are dopey. (Int -2) [potion of
                  | mutation]
192739 | D:1      | Gained mutation: Your skin changes colour to match your
                  | surroundings (Stealth+). [potion of mutation]
192740 | D:1      | Lost mutation: You are vulnerable to heat. (rF-) [potion of
                  | mutation]
192740 | D:1      | Lost mutation: You occasionally lose the ability to drink
                  | potions when taking damage. [potion of mutation]
192740 | D:1      | Gained mutation: You are very agile. (Dex +8, Str/Int -2)
                  | [potion of mutation]
192740 | D:1      | Gained mutation: You are vulnerable to heat. (rF-) [potion
                  | of mutation]
192740 | D:1      | Lost mutation: You are dopey. (Int -2) [potion of mutation]
192741 | D:1      | Lost mutation: You are vulnerable to heat. (rF-) [potion of
                  | mutation]
192741 | D:1      | Lost mutation: Your skin changes colour to match your
                  | surroundings (Stealth+). [potion of mutation]
192741 | D:1      | Gained mutation: You have sharp toenails. [potion of
                  | mutation]
192741 | D:1      | Gained mutation: You are covered in fur. (AC +1) [potion of
                  | mutation]
192742 | D:1      | Lost mutation: You have sharp toenails. [potion of
                  | mutation]
192742 | D:1      | Lost mutation: You are very agile. (Dex +8, Str/Int -2)
                  | [potion of mutation]
192742 | D:1      | Lost mutation: You are agile. (Dex +4, Str/Int -1) [potion
                  | of mutation]
192742 | D:1      | Gained mutation: You are partially covered in iridescent
                  | scales. (AC +2) [potion of mutation]
192742 | D:1      | Gained mutation: You are frail. (-10% HP) [potion of
                  | mutation]
192742 | D:1      | Gained mutation: You are mostly covered in iridescent
                  | scales. (AC +4) [potion of mutation]
192742 | D:1      | Gained mutation: You have sharp toenails. [potion of
                  | mutation]
192743 | D:1      | Lost mutation: You have sharp toenails. [potion of
                  | mutation]
192743 | D:1      | Lost mutation: You are frail. (-10% HP) [potion of
                  | mutation]
192743 | D:1      | Lost mutation: You are covered in fur. (AC +1) [potion of
                  | mutation]
192743 | D:1      | Gained mutation: Your mind is acute. (Int +4, Str/Dex -1)
                  | [potion of mutation]
192743 | D:1      | Gained mutation: You occasionally shout uncontrollably at
                  | your foes. [potion of mutation]
192743 | D:1      | Gained mutation: Your natural rate of healing is unusually
                  | fast. [potion of mutation]
192744 | D:1      | Lost mutation: You occasionally shout uncontrollably at
                  | your foes. [potion of mutation]
192744 | D:1      | Lost mutation: You are mostly covered in iridescent scales.
                  | (AC +4) [potion of mutation]
192744 | D:1      | Gained mutation: You passively map a small area around you.
                  | [potion of mutation]
192744 | D:1      | Gained mutation: You have a pair of small horns on your
                  | head. [potion of mutation]
192744 | D:1      | Gained mutation: You have a pair of horns on your head.
                  | [potion of mutation]
192745 | D:1      | Lost mutation: You have a pair of horns on your head.
                  | [potion of mutation]
192745 | D:1      | Lost mutation: Your mind is acute. (Int +4, Str/Dex -1)
                  | [potion of mutation]
192745 | D:1      | Lost mutation: You are partially covered in iridescent
                  | scales. (AC +2) [potion of mutation]
192745 | D:1      | Gained mutation: You are somewhat resistant to further
                  | mutation. [potion of mutation]
192746 | D:1      | Lost mutation: You are somewhat resistant to further
                  | mutation. [potion of mutation]
192746 | D:1      | Lost mutation: You have a pair of small horns on your head.
                  | [potion of mutation]
192746 | D:1      | Gained mutation: Armour fits poorly on your strangely
                  | shaped body. [potion of mutation]
192746 | D:1      | Gained mutation: You expend magic power (3 MP) to
                  | strengthen your wands. [potion of mutation]
192746 | D:1      | Gained mutation: You are robust. (+10% HP) [potion of
                  | mutation]
192787 | D:1      | Learned a level 2 spell: Blink
192797 | D:1      | Learned a level 9 spell: Fire Storm
192805 | D:1      | Learned a level 2 spell: Sublimation of Blood
192825 | D:1      | Learned a level 9 spell: Death's Door
193059 | Slime:1  | Entered Level 1 of the Pits of Slime
194157 | Slime:5  | Entered Level 5 of the Pits of Slime
194329 | Slime:5  | Noticed the Royal Jelly
194996 | Slime:5  | Gained mutation: You occasionally lose the ability to drink
                  | potions when taking damage. [a shining eye]
195137 | Slime:5  | Found a viscous altar of Jiyva.
195146 | Slime:5  | Fell from the grace of Gozag
195146 | Slime:5  | Became a worshipper of Jiyva Jaerefu the Shapeless
195798 | Hell     | Entered the Vestibule of Hell
195798 | Hell     | Noticed Geryon
195801 | Hell     | Killed Geryon
196038 | Hell     | Noticed Murray
196040 | Hell     | Killed Murray
196722 | Hell     | Found a gateway to the Iron City of Dis.
196913 | Hell     | Found a gateway to the ashen valley of Gehenna.
197188 | Hell     | Found a gateway to the decaying netherworld of Tartarus.
197218 | Hell     | Reached * piety under Jiyva
197249 | Hell     | Found a gateway to the freezing wastes of Cocytus.
197434 | Depths:3 | Voluntarily entered the Abyss.
197525 | Abyss:1  | Found a corrupted altar of Lugonu.
197544 | Abyss:1  | Reached ** piety under Jiyva
197592 | Abyss:1  | Reached skill level 27 in Axes
197747 | Abyss:1  | Found a corrupted altar of Lugonu.
197816 | Abyss:1  | Reached *** piety under Jiyva
197850 | Abyss:1  | Lost mutation: Armour fits poorly on your strangely shaped
                  | body. [Jiyva's grace]
197850 | Abyss:1  | Lost mutation: You are robust. (+10% HP) [Jiyva's grace]
197850 | Abyss:1  | Lost mutation: You occasionally lose the ability to drink
                  | potions when taking damage. [Jiyva's grace]
197850 | Abyss:1  | Gained mutation: You have hidden genetic potential.
                  | [Jiyva's grace]
197850 | Abyss:1  | Gained mutation: You have great hidden genetic potential.
                  | [Jiyva's grace]
197850 | Abyss:1  | Gained mutation: Your translucent skin slightly reduces
                  | your foes' accuracy. (Stealth+) [Jiyva's grace]
197850 | Abyss:1  | Gained mutation: Your translucent skin reduces your foes'
                  | accuracy. (Stealth+) [Jiyva's grace]
197858 | Abyss:1  | Lost mutation: Your translucent skin reduces your foes'
                  | accuracy. (Stealth+) [potion of mutation]
197858 | Abyss:1  | Lost mutation: Your natural rate of healing is unusually
                  | fast. [potion of mutation]
197858 | Abyss:1  | Gained mutation: You are robust. (+10% HP) [potion of
                  | mutation]
197858 | Abyss:1  | Gained mutation: You passively dampen the noise of your
                  | surroundings. [potion of mutation]
198077 | Abyss:1  | Reached **** piety under Jiyva
198283 | Abyss:1  | Found a corrupted altar of Lugonu.
198299 | Abyss:1  | Reached ***** piety under Jiyva
198303 | Abyss:1  | Lost mutation: You expend magic power (3 MP) to strengthen
                  | your wands. [Jiyva's grace]
198303 | Abyss:1  | Gained mutation: Your body has grown eyes which may confuse
                  | attackers. (Acc +3) [Jiyva's grace]
198303 | Abyss:1  | Gained mutation: Your body has grown many eyes which may
                  | confuse attackers. (Acc +5) [Jiyva's grace]
198303 | Abyss:1  | Gained mutation: Your body is covered in eyes which may
                  | confuse attackers. (Acc +7, SInv) [Jiyva's grace]
198303 | Abyss:1  | Gained mutation: You expend magic power (3 MP) to
                  | strengthen your wands. [Jiyva's grace]
198628 | Abyss:1  | Found a corrupted altar of Lugonu.
199159 | Abyss:1  | Reached ****** piety under Jiyva
199194 | Abyss:1  | Lost mutation: Your body is covered in eyes which may
                  | confuse attackers. (Acc +7, SInv) [Jiyva's grace]
199194 | Abyss:1  | Lost mutation: You have great hidden genetic potential.
                  | [Jiyva's grace]
199194 | Abyss:1  | Gained mutation: Armour fits poorly on your pseudopods.
                  | [Jiyva's grace]
199194 | Abyss:1  | Gained mutation: Armour fits poorly on your large
                  | pseudopods. [Jiyva's grace]
199194 | Abyss:1  | Gained mutation: Armour fits poorly on your massive
                  | pseudopods. [Jiyva's grace]
199194 | Abyss:1  | Gained mutation: You have a beak for a mouth. [Jiyva's
                  | grace]
199712 | Abyss:2  | Found a corrupted altar of Lugonu.
199712 | Abyss:2  | Found a corrupted altar of Lugonu.
199862 | Abyss:2  | Lost mutation: Armour fits poorly on your massive
                  | pseudopods. [Jiyva's grace]
199862 | Abyss:2  | Gained mutation: You have acidic saliva. [Jiyva's grace]
199862 | Abyss:2  | Gained mutation: Your translucent skin reduces your foes'
                  | accuracy. (Stealth+) [Jiyva's grace]
199862 | Abyss:2  | Gained mutation: Your transparent skin significantly
                  | reduces your foes' accuracy. (Stealth+) [Jiyva's grace]
199862 | Abyss:2  | Gained mutation: Your mind is acute. (Int +4, Str/Dex -1)
                  | [Jiyva's grace]
199922 | Abyss:2  | Gained mutation: You are weak. (Str -2) [a neqoxec]
200054 | Abyss:2  | Found a corrupted altar of Lugonu.
200142 | Abyss:2  | Noticed a dread lich
200144 | Abyss:2  | Killed a dread lich
200205 | Abyss:2  | Found a corrupted altar of Lugonu.
200346 | Abyss:3  | Reached skill level 27 in Long Blades
200375 | Abyss:3  | Reached skill level 1 in Hexes
200375 | Abyss:3  | Reached skill level 1 in Summonings
200382 | Abyss:3  | Reached skill level 1 in Ranged Weapons
200441 | Abyss:3  | Found a corrupted altar of Lugonu.
200492 | Abyss:3  | Lost mutation: You have a beak for a mouth. [Jiyva's grace]
200492 | Abyss:3  | Lost mutation: You have acidic saliva. [Jiyva's grace]
200492 | Abyss:3  | Lost mutation: Your transparent skin significantly reduces
                  | your foes' accuracy. (Stealth+) [Jiyva's grace]
200492 | Abyss:3  | Gained mutation: Your body is covered in eyes which may
                  | confuse attackers. (Acc +7, SInv) [Jiyva's grace]
200492 | Abyss:3  | Gained mutation: You are partially covered in iridescent
                  | scales. (AC +2) [Jiyva's grace]
200492 | Abyss:3  | Gained mutation: You are mostly covered in iridescent
                  | scales. (AC +4) [Jiyva's grace]
200492 | Abyss:3  | Gained mutation: You are completely covered in iridescent
                  | scales. (AC +6) [Jiyva's grace]
200645 | Abyss:3  | Noticed an ancient lich
200648 | Abyss:3  | Killed an ancient lich
200675 | Abyss:3  | Got an abyssal rune of Zot
200689 | Depths:3 | Escaped the Abyss
200720 | Depths:3 | Upgraded the game from 0.31-a0-1008-g5b978da to
                  | 0.31-a0-1009-g454b1f1
200721 | Depths:3 | Voluntarily entered the Abyss.
200752 | Abyss:3  | Found a corrupted altar of Lugonu.
200909 | Depths:3 | Escaped the Abyss
200951 | Depths:3 | Voluntarily entered the Abyss.
200951 | Abyss:3  | Found a corrupted altar of Lugonu.
201018 | Abyss:3  | Found a corrupted altar of Lugonu.
201037 | Abyss:3  | Reached skill level 5 in Hexes
201037 | Abyss:3  | Reached skill level 5 in Summonings
201063 | Depths:3 | Escaped the Abyss
201129 | Depths:3 | Voluntarily entered the Abyss.
201348 | Abyss:3  | Identified the +3 scale mail of Rooxt {rC+ Str+3}
201351 | Abyss:3  | Was forgiven by Gozag
201359 | Abyss:3  | Noticed a dread lich
201361 | Abyss:3  | Killed a dread lich
201454 | Abyss:3  | Reached skill level 5 in Ranged Weapons
201512 | Abyss:4  | Identified the of Xyallu
201512 | Abyss:4  | Identified the "Mastroilo"
201512 | Abyss:4  | Identified the "Moawocs"
201512 | Abyss:4  | Identified the "Miyrchi"
201512 | Abyss:4  | Identified the "Kouzuypt"
201512 | Abyss:4  | Identified the "Sagoteive"
201512 | Abyss:4  | Identified the of Teth
201512 | Abyss:4  | Identified the "Xoidd"
201512 | Abyss:4  | Identified the of Fikuin
201512 | Abyss:4  | Identified the "Relighi"
201527 | Abyss:4  | Found a shimmering blue altar of Sif Muna.
201549 | Abyss:4  | Found a shimmering blue altar of Sif Muna.
201565 | Abyss:4  | Found a corrupted altar of Lugonu.
201592 | Abyss:4  | Noticed a dread lich
201593 | Abyss:4  | Killed a dread lich
201603 | Depths:3 | Escaped the Abyss
201625 | Depths:3 | Voluntarily entered the Abyss.
201656 | Abyss:4  | Found a corrupted altar of Lugonu.
201800 | Abyss:4  | Lost mutation: You are completely covered in iridescent
                  | scales. (AC +6) [Jiyva's grace]
201800 | Abyss:4  | Lost mutation: You passively map a small area around you.
                  | [Jiyva's grace]
201800 | Abyss:4  | Lost mutation: You are robust. (+10% HP) [Jiyva's grace]
201800 | Abyss:4  | Lost mutation: Armour fits poorly on your large pseudopods.
                  | [Jiyva's grace]
201800 | Abyss:4  | Lost mutation: Your translucent skin reduces your foes'
                  | accuracy. (Stealth+) [Jiyva's grace]
201800 | Abyss:4  | Gained mutation: You are completely covered in iridescent
                  | scales. (AC +6) [Jiyva's grace]
201800 | Abyss:4  | Gained mutation: You have an increased reservoir of magic.
                  | (+10% MP) [Jiyva's grace]
201800 | Abyss:4  | Gained mutation: You have a considerably increased
                  | reservoir of magic. (+20% MP) [Jiyva's grace]
201800 | Abyss:4  | Gained mutation: You have a greatly increased reservoir of
                  | magic. (+30% MP) [Jiyva's grace]
201803 | Depths:3 | Escaped the Abyss
201804 | Depths:3 | Lost mutation: Your translucent skin slightly reduces your
                  | foes' accuracy. (Stealth+) [potion of mutation]
201804 | Depths:3 | Lost mutation: Your body is covered in eyes which may
                  | confuse attackers. (Acc +7, SInv) [potion of mutation]
201810 | Depths:3 | Lost mutation: Your mind is acute. (Int +4, Str/Dex -1)
                  | [potion of mutation]
201810 | Depths:3 | Lost mutation: Armour fits poorly on your pseudopods.
                  | [potion of mutation]
201811 | Depths:3 | Lost mutation: You expend magic power (3 MP) to strengthen
                  | your wands. [potion of mutation]
201811 | Depths:3 | Lost mutation: You passively dampen the noise of your
                  | surroundings. [potion of mutation]
201811 | Depths:3 | Lost mutation: You have hidden genetic potential. [potion
                  | of mutation]
201811 | Depths:3 | Gained mutation: Your spells are a little easier to cast,
                  | but a little less powerful. [potion of mutation]
201811 | Depths:3 | Gained mutation: You are occasionally teleported next to
                  | monsters. [potion of mutation]
201812 | Depths:3 | Lost mutation: You are weak. (Str -2) [potion of mutation]
201812 | Depths:3 | Lost mutation: Your body has grown many eyes which may
                  | confuse attackers. (Acc +5) [potion of mutation]
201812 | Depths:3 | Lost mutation: You are occasionally teleported next to
                  | monsters. [potion of mutation]
201812 | Depths:3 | Gained mutation: Your flesh is heat resistant. (rF+)
                  | [potion of mutation]
201813 | Depths:3 | Lost mutation: Your body has grown eyes which may confuse
                  | attackers. (Acc +3) [potion of mutation]
201813 | Depths:3 | Lost mutation: Your flesh is heat resistant. (rF+) [potion
                  | of mutation]
201813 | Depths:3 | Gained mutation: You possess an exceptional clarity of
                  | mind. [potion of mutation]
201813 | Depths:3 | Gained mutation: Your body sometimes deteriorates upon
                  | taking damage. [potion of mutation]
201814 | Depths:3 | Lost mutation: Your spells are a little easier to cast, but
                  | a little less powerful. [potion of mutation]
201814 | Depths:3 | Lost mutation: Your body sometimes deteriorates upon taking
                  | damage. [potion of mutation]
201814 | Depths:3 | Lost mutation: You are completely covered in iridescent
                  | scales. (AC +6) [potion of mutation]
201814 | Depths:3 | Lost mutation: You possess an exceptional clarity of mind.
                  | [potion of mutation]
201814 | Depths:3 | Gained mutation: Your mind is acute. (Int +4, Str/Dex -1)
                  | [potion of mutation]
201815 | Depths:3 | Lost mutation: You are mostly covered in iridescent scales.
                  | (AC +4) [potion of mutation]
201815 | Depths:3 | Lost mutation: You are partially covered in iridescent
                  | scales. (AC +2) [potion of mutation]
201815 | Depths:3 | Lost mutation: Your mind is acute. (Int +4, Str/Dex -1)
                  | [potion of mutation]
201815 | Depths:3 | Gained mutation: Your spells are a little easier to cast,
                  | but a little less powerful. [potion of mutation]
201816 | Depths:3 | Lost mutation: Your spells are a little easier to cast, but
                  | a little less powerful. [potion of mutation]
201816 | Depths:3 | Lost mutation: You have a greatly increased reservoir of
                  | magic. (+30% MP) [potion of mutation]
201816 | Depths:3 | Gained mutation: You occasionally lose the ability to read
                  | scrolls when taking damage. [potion of mutation]
201816 | Depths:3 | Gained mutation: You have hidden genetic potential. [potion
                  | of mutation]
201817 | Depths:3 | Lost mutation: You have hidden genetic potential. [potion
                  | of mutation]
201817 | Depths:3 | Lost mutation: You have a considerably increased reservoir
                  | of magic. (+20% MP) [potion of mutation]
201817 | Depths:3 | Gained mutation: You are partially covered in iridescent
                  | scales. (AC +2) [potion of mutation]
201817 | Depths:3 | Lost mutation: You occasionally lose the ability to read
                  | scrolls when taking damage. [potion of mutation]
201817 | Depths:3 | Gained mutation: Your spells are a little harder to cast,
                  | but a little more powerful. [potion of mutation]
201818 | Depths:3 | Lost mutation: You have an increased reservoir of magic.
                  | (+10% MP) [potion of mutation]
201818 | Depths:3 | Lost mutation: Your spells are a little harder to cast, but
                  | a little more powerful. [potion of mutation]
201818 | Depths:3 | Lost mutation: You are partially covered in iridescent
                  | scales. (AC +2) [potion of mutation]
201818 | Depths:3 | Gained mutation: Your magical capacity is low. (-10% MP)
                  | [potion of mutation]
201819 | Depths:3 | Lost mutation: Your magical capacity is low. (-10% MP)
                  | [potion of mutation]
201819 | Depths:3 | Gained mutation: You are frail. (-10% HP) [potion of
                  | mutation]
201819 | Depths:3 | Gained mutation: You have a pair of small horns on your
                  | head. [potion of mutation]
201819 | Depths:3 | Gained mutation: You have a pair of horns on your head.
                  | [potion of mutation]
201819 | Depths:3 | Gained mutation: You are agile. (Dex +4, Str/Int -1)
                  | [potion of mutation]
201820 | Depths:3 | Lost mutation: You are agile. (Dex +4, Str/Int -1) [potion
                  | of mutation]
201820 | Depths:3 | Lost mutation: You have a pair of horns on your head.
                  | [potion of mutation]
201820 | Depths:3 | Lost mutation: You have a pair of small horns on your head.
                  | [potion of mutation]
201820 | Depths:3 | Gained mutation: You are weak. (Str -2) [potion of
                  | mutation]
201820 | Depths:3 | Gained mutation: Your system is resistant to poisons.
                  | (rPois) [potion of mutation]
201820 | Depths:3 | Gained mutation: You have sharp toenails. [potion of
                  | mutation]
201821 | Depths:3 | Lost mutation: You have sharp toenails. [potion of
                  | mutation]
201821 | Depths:3 | Lost mutation: You are frail. (-10% HP) [potion of
                  | mutation]
201821 | Depths:3 | Lost mutation: Your system is resistant to poisons. (rPois)
                  | [potion of mutation]
201821 | Depths:3 | Gained mutation: You are occasionally teleported next to
                  | monsters. [potion of mutation]
201821 | Depths:3 | Lost mutation: You are weak. (Str -2) [potion of mutation]
201821 | Depths:3 | Gained mutation: You have large cloven feet. [potion of
                  | mutation]
201822 | Depths:3 | Lost mutation: You have large cloven feet. [potion of
                  | mutation]
201822 | Depths:3 | Lost mutation: You are occasionally teleported next to
                  | monsters. [potion of mutation]
201822 | Depths:3 | Gained mutation: You have hidden genetic potential. [potion
                  | of mutation]
201822 | Depths:3 | Gained mutation: Armour fits poorly on your strangely
                  | shaped body. [potion of mutation]
201822 | Depths:3 | Gained mutation: Your magical capacity is low. (-10% MP)
                  | [potion of mutation]
201823 | Depths:3 | Lost mutation: Your magical capacity is low. (-10% MP)
                  | [potion of mutation]
201823 | Depths:3 | Lost mutation: You have hidden genetic potential. [potion
                  | of mutation]
201823 | Depths:3 | Gained mutation: You are robust. (+10% HP) [potion of
                  | mutation]
201851 | Depths:3 | Voluntarily entered the Abyss.
201981 | Depths:3 | Escaped the Abyss
202085 | Pan      | Entered Pandemonium
202098 | Pan      | Noticed Mennas
202109 | Pan      | Killed Mennas
202126 | Pan      | Noticed Ignacio
202130 | Pan      | Killed Ignacio
202139 | Pan      | Noticed Momycylou the pandemonium lord
202143 | Pan      | Killed Momycylou the pandemonium lord
202246 | Pan      | Identified the +6 rapier of Doom {protect, rElec rCorr MP+9
                  | Dex-2}
202639 | Pan      | Noticed Aschan the pandemonium lord
202641 | Pan      | Killed Aschan the pandemonium lord
202660 | Pan      | Got a demonic rune of Zot
202858 | Pan      | Noticed Isusienu the pandemonium lord
202860 | Pan      | Killed Isusienu the pandemonium lord
203009 | Pan      | Identified the "Tucuchaock"
203009 | Pan      | Entered the realm of Cerebov.
203068 | Pan      | Reached skill level 10 in Hexes
203068 | Pan      | Reached skill level 10 in Summonings
203136 | Pan      | Found the +6 sword of Cerebov {flame}
203136 | Pan      | Noticed Cerebov
203143 | Pan      | Killed Cerebov
203206 | Pan      | Identified the staff of Dried Tears {rPois Stlth+ Poison}
203291 | Pan      | Got a fiery rune of Zot
203449 | Pan      | Identified the +5 rapier "Xutreibe" {chaos, Fly rCorr MP-9}
203566 | Pan      | Identified the +11 flail "Kaonk" {heavy, Str-3 Int+3}
203595 | Pan      | Gained mutation: Your melee attacks may engulf your foes in
                  | ooze. [Jiyva's grace]
203595 | Pan      | Gained mutation: You possess an exceptional clarity of
                  | mind. [Jiyva's grace]
203595 | Pan      | Gained mutation: You are strong-willed. (Will+) [Jiyva's
                  | grace]
203595 | Pan      | Gained mutation: You are highly strong-willed. (Will++)
                  | [Jiyva's grace]
203737 | Pan      | Identified the "Ysorch"
204053 | Pan      | Noticed Lidips the pandemonium lord
204061 | Pan      | Killed Lidips the pandemonium lord
204348 | Pan      | Noticed Ciuvai the pandemonium lord
204356 | Pan      | Killed Ciuvai the pandemonium lord
204536 | Pan      | Reached skill level 10 in Ranged Weapons
204573 | Pan      | Noticed Jyumestra the pandemonium lord
204576 | Pan      | Killed Jyumestra the pandemonium lord
205082 | Pan      | Lost mutation: Armour fits poorly on your strangely shaped
                  | body. [Jiyva's grace]
205082 | Pan      | Lost mutation: You are highly strong-willed. (Will++)
                  | [Jiyva's grace]
205082 | Pan      | Lost mutation: You are robust. (+10% HP) [Jiyva's grace]
205082 | Pan      | Lost mutation: Your melee attacks may engulf your foes in
                  | ooze. [Jiyva's grace]
205082 | Pan      | Gained mutation: Your system is resistant to poisons.
                  | (rPois) [Jiyva's grace]
205082 | Pan      | Gained mutation: You have supernaturally acute eyesight.
                  | (SInv) [Jiyva's grace]
205082 | Pan      | Gained mutation: You are agile. (Dex +4, Str/Int -1)
                  | [Jiyva's grace]
205082 | Pan      | Gained mutation: You are very agile. (Dex +8, Str/Int -2)
                  | [Jiyva's grace]
205103 | Pan      | Lost mutation: You are very agile. (Dex +8, Str/Int -2)
                  | [potion of mutation]
205103 | Pan      | Lost mutation: Your system is resistant to poisons. (rPois)
                  | [potion of mutation]
205103 | Pan      | Lost mutation: You are strong-willed. (Will+) [potion of
                  | mutation]
205103 | Pan      | Gained mutation: You are robust. (+10% HP) [potion of
                  | mutation]
205189 | Pan      | Gained mutation: You are dopey. (Int -2) [a neqoxec]
205259 | Pan      | Found a transporter.
205322 | Pan      | Identified the ring of Mirth {Fly rElec Str+6 Int+4 Dex-3}
205332 | Pan      | Identified the amulet "Xopig" {Contam rN+ Regen+ Str+3}
205376 | Pan      | Identified the +11 great sword of Dyiheroz {holy, Dex+3}
205402 | Pan      | Found a transporter.
206315 | Pan      | Noticed Baeg the pandemonium lord
206318 | Pan      | Killed Baeg the pandemonium lord
206428 | Pan      | Entered the realm of Lom Lobon.
206584 | Pan      | Gained mutation: You have large cloven feet. [Jiyva's
                  | grace]
206584 | Pan      | Gained mutation: You have hoof-like feet. [Jiyva's grace]
206584 | Pan      | Gained mutation: You have hooves in place of feet. [Jiyva's
                  | grace]
206584 | Pan      | Gained mutation: You are somewhat resistant to further
                  | mutation. [Jiyva's grace]
206601 | Pan      | Noticed Lom Lobon
206607 | Pan      | Killed Lom Lobon
206651 | Pan      | Got a magical rune of Zot
206940 | Pan      | Entered the realm of Mnoleg.
207035 | Pan      | Noticed Mnoleg
207039 | Pan      | Killed Mnoleg
207164 | Pan      | Got a glowing rune of Zot
207242 | Pan      | Found an exit through the horrors of the Abyss.
207542 | Pan      | Identified the +7 flail "Suwusch" {freeze, rC++ Int+2 Dex+4
                  | SInv}
207597 | Pan      | Noticed Kotaney the pandemonium lord
207601 | Pan      | Killed Kotaney the pandemonium lord
207698 | Pan      | Entered the realm of Gloorx Vloq.
207929 | Pan      | Noticed Gloorx Vloq
207933 | Pan      | Killed Gloorx Vloq
207947 | Pan      | Got a dark rune of Zot
208177 | Pan      | Lost mutation: You have hooves in place of feet. [Jiyva's
                  | grace]
208177 | Pan      | Lost mutation: You have supernaturally acute eyesight.
                  | (SInv) [Jiyva's grace]
208177 | Pan      | Lost mutation: You are agile. (Dex +4, Str/Int -1) [Jiyva's
                  | grace]
208177 | Pan      | Gained mutation: Your rubbery body absorbs attacks. (AC +1,
                  | EV +1) [Jiyva's grace]
208177 | Pan      | Gained mutation: Your pliable body absorbs attacks. (AC +2,
                  | EV +2) [Jiyva's grace]
208177 | Pan      | Gained mutation: Your gelatinous body deflects attacks. (AC
                  | +3, EV +3) [Jiyva's grace]
208177 | Pan      | Gained mutation: You are agile. (Dex +4, Str/Int -1)
                  | [Jiyva's grace]
208447 | Pan      | Identified the "Wiunem"
208447 | Pan      | Found a transporter.
208449 | Pan      | Reached skill level 15 in Hexes
208449 | Pan      | Reached skill level 15 in Summonings
208451 | Pan      | Found a transporter.
208451 | Pan      | Found a transporter.
208462 | Pan      | Found a transporter.
208478 | Pan      | Found a transporter.
208487 | Pan      | Identified the +2 hat of Gehenna {rF+ Slay+2 Stlth+}
208526 | Pan      | Found an exit through the horrors of the Abyss.
208550 | Pan      | Took an exit into the Abyss.
208550 | Abyss:5  | Escaped into the Abyss
208595 | Depths:3 | Escaped the Abyss
208948 | Slime:5  | Got a slimy rune of Zot
208980 | Slime:5  | Identified the +4 orcbow of Ru's Envy {heavy, Fragile
                  | +Blink Int+6}
208987 | Slime:5  | Identified the ring "Butexeow" {*Slow Will++ AC+4 Str+3
                  | Stlth+}
209000 | Slime:5  | Identified the ring of the Middle {Will+ rCorr MP+9}
209298 | Pan      | Entered Pandemonium
209314 | Pan      | Noticed Sontez the pandemonium lord
209319 | Pan      | Killed Sontez the pandemonium lord
210154 | Pan      | Found an exit through the horrors of the Abyss.
210456 | Pan      | Noticed Ennun the pandemonium lord
210459 | Pan      | Killed Ennun the pandemonium lord
210540 | Pan      | Lost mutation: Your gelatinous body deflects attacks. (AC
                  | +3, EV +3) [Jiyva's grace]
210540 | Pan      | Gained mutation: Your muscles are strong. (Str +4, Int/Dex
                  | -1) [Jiyva's grace]
210540 | Pan      | Gained mutation: Your muscles are very strong. (Str +8,
                  | Int/Dex -2) [Jiyva's grace]
210540 | Pan      | Gained mutation: Your spells are a little harder to cast,
                  | but a little more powerful. [Jiyva's grace]
210540 | Pan      | Gained mutation: Your spells are harder to cast, but more
                  | powerful. [Jiyva's grace]
210641 | Pan      | Found an exit through the horrors of the Abyss.
211331 | Pan      | Noticed Boilipoo the pandemonium lord
211335 | Pan      | Killed Boilipoo the pandemonium lord
211587 | Pan      | Lost mutation: You have hoof-like feet. [Jiyva's grace]
211587 | Pan      | Lost mutation: You have large cloven feet. [Jiyva's grace]
211587 | Pan      | Lost mutation: You are dopey. (Int -2) [Jiyva's grace]
211587 | Pan      | Gained mutation: You are partially covered in iridescent
                  | scales. (AC +2) [Jiyva's grace]
211587 | Pan      | Gained mutation: You are mostly covered in iridescent
                  | scales. (AC +4) [Jiyva's grace]
211587 | Pan      | Gained mutation: You are completely covered in iridescent
                  | scales. (AC +6) [Jiyva's grace]
211587 | Pan      | Gained mutation: Your melee attacks may engulf your foes in
                  | ooze. [Jiyva's grace]
211683 | Pan      | Was placed under penance by Jiyva
211826 | Pan      | Found an exit through the horrors of the Abyss.
212049 | Pan      | Lost mutation: Your pliable body absorbs attacks. (AC +2,
                  | EV +2) [the all-consuming vengeance of Jiyva]
212197 | Pan      | Was forgiven by Jiyva
212232 | Pan      | Noticed Muideh the pandemonium lord
212237 | Pan      | Killed Muideh the pandemonium lord
212829 | Pan      | Found an exit through the horrors of the Abyss.
212929 | Pan      | Noticed Ihoixt the pandemonium lord
212931 | Pan      | Killed Ihoixt the pandemonium lord
212933 | Pan      | Was placed under penance by Jiyva
213094 | Pan      | Was forgiven by Jiyva
213272 | Pan      | Noticed Yzeipto the pandemonium lord
213274 | Pan      | Killed Yzeipto the pandemonium lord
213302 | Pan      | Reached skill level 15 in Ranged Weapons
213693 | Pan      | Identified the staff of Taigojil {rElec rC+ Str+3 Ice}
213753 | Pan      | Found an exit through the horrors of the Abyss.
213860 | Pan      | Noticed a seraph
213860 | Pan      | Found a glowing golden altar of the Shining One.
213862 | Pan      | Identified the +3 tower shield "Jymiraal" {rF+ rC- Dex+4}
213863 | Pan      | Killed a seraph
213870 | Pan      | Identified the ring "Ocatyoqa" {rC+ Will+}
213983 | Pan      | Identified the +5 great sword of Heinexte {pain, rC- Will+
                  | Dex+3}
214021 | Depths:2 | Escaped Pandemonium
214023 | Pan      | Entered Pandemonium
214110 | Pan      | Gained mutation: Armour fits poorly on your strangely
                  | shaped body. [a neqoxec]
214120 | Pan      | Noticed Jeotuat the pandemonium lord
214123 | Pan      | Killed Jeotuat the pandemonium lord
214316 | Pan      | Noticed Ywecyux the pandemonium lord
214319 | Pan      | Killed Ywecyux the pandemonium lord
214514 | Pan      | Lost mutation: You possess an exceptional clarity of mind.
                  | [Jiyva's grace]
214514 | Pan      | Lost mutation: Armour fits poorly on your strangely shaped
                  | body. [Jiyva's grace]
214514 | Pan      | Lost mutation: You are somewhat resistant to further
                  | mutation. [Jiyva's grace]
214514 | Pan      | Lost mutation: Your spells are harder to cast, but more
                  | powerful. [Jiyva's grace]
214514 | Pan      | Gained mutation: You have a small jelly attached to you
                  | that may absorb projectiles. [Jiyva's grace]
214514 | Pan      | Gained mutation: You possess an exceptional clarity of
                  | mind. [Jiyva's grace]
214514 | Pan      | Gained mutation: You are somewhat resistant to further
                  | mutation. [Jiyva's grace]
214514 | Pan      | Gained mutation: You are somewhat resistant to both further
                  | mutation and mutation removal. [Jiyva's grace]
214628 | Pan      | Found an exit through the horrors of the Abyss.
215351 | Pan      | Noticed Woeck the pandemonium lord
215357 | Pan      | Killed Woeck the pandemonium lord
215603 | Pan      | Found an exit through the horrors of the Abyss.
215879 | Pan      | Identified the +0 chain mail of the Tormentor {MP+9 Str+2}
216321 | Pan      | Noticed Meatt the pandemonium lord
216324 | Pan      | Killed Meatt the pandemonium lord
216404 | Pan      | Lost mutation: You are completely covered in iridescent
                  | scales. (AC +6) [Jiyva's grace]
216404 | Pan      | Lost mutation: You are mostly covered in iridescent scales.
                  | (AC +4) [Jiyva's grace]
216404 | Pan      | Lost mutation: You are partially covered in iridescent
                  | scales. (AC +2) [Jiyva's grace]
216404 | Pan      | Lost mutation: Your muscles are very strong. (Str +8,
                  | Int/Dex -2) [Jiyva's grace]
216404 | Pan      | Lost mutation: Your rubbery body absorbs attacks. (AC +1,
                  | EV +1) [Jiyva's grace]
216404 | Pan      | Lost mutation: Your melee attacks may engulf your foes in
                  | ooze. [Jiyva's grace]
216404 | Pan      | Gained mutation: Your spells are harder to cast, but more
                  | powerful. [Jiyva's grace]
216404 | Pan      | Gained mutation: Your spells are much harder to cast, but
                  | much more powerful. [Jiyva's grace]
216404 | Pan      | Gained mutation: Your flesh is heat resistant. (rF+)
                  | [Jiyva's grace]
216404 | Pan      | Gained mutation: Your flesh is very heat resistant. (rF++)
                  | [Jiyva's grace]
216456 | Pan      | Noticed Coukk the pandemonium lord
216458 | Pan      | Killed Coukk the pandemonium lord
216826 | Pan      | Found an exit through the horrors of the Abyss.
217364 | Pan      | Noticed Maupuun the pandemonium lord
217366 | Pan      | Killed Maupuun the pandemonium lord
217516 | Pan      | Found an exit through the horrors of the Abyss.
218342 | Pan      | Lost mutation: Your flesh is very heat resistant. (rF++)
                  | [Jiyva's grace]
218342 | Pan      | Lost mutation: You are somewhat resistant to both further
                  | mutation and mutation removal. [Jiyva's grace]
218342 | Pan      | Lost mutation: Your spells are much harder to cast, but
                  | much more powerful. [Jiyva's grace]
218342 | Pan      | Gained mutation: Your flesh is cold resistant. (rC+)
                  | [Jiyva's grace]
218342 | Pan      | Gained mutation: Your flesh is very cold resistant. (rC++)
                  | [Jiyva's grace]
218342 | Pan      | Gained mutation: Your flesh is almost immune to the effects
                  | of cold. (rC+++) [Jiyva's grace]
218342 | Pan      | Gained mutation: You have a pair of small horns on your
                  | head. [Jiyva's grace]
218831 | Pan      | Found an exit through the horrors of the Abyss.
219025 | Pan      | Noticed Lar Caetz the pandemonium lord
219029 | Pan      | Killed Lar Caetz the pandemonium lord
219416 | Pan      | Found an opulent altar of Gozag.
219416 | Pan      | Found Huptebb's Infernal Boutique.
219420 | Pan      | Noticed a dread lich
219420 | Pan      | Found an opulent altar of Gozag.
219696 | Pan      | Lost mutation: Your flesh is almost immune to the effects
                  | of cold. (rC+++) [Jiyva's grace]
219696 | Pan      | Lost mutation: Your flesh is heat resistant. (rF+) [Jiyva's
                  | grace]
219696 | Pan      | Lost mutation: You are somewhat resistant to further
                  | mutation. [Jiyva's grace]
219696 | Pan      | Lost mutation: Your muscles are strong. (Str +4, Int/Dex
                  | -1) [Jiyva's grace]
219696 | Pan      | Gained mutation: Your melee attacks may engulf your foes in
                  | ooze. [Jiyva's grace]
219696 | Pan      | Gained mutation: Your muscles are strong. (Str +4, Int/Dex
                  | -1) [Jiyva's grace]
219696 | Pan      | Gained mutation: Your muscles are very strong. (Str +8,
                  | Int/Dex -2) [Jiyva's grace]
219696 | Pan      | Gained mutation: You are partially covered in iridescent
                  | scales. (AC +2) [Jiyva's grace]
219912 | Pan      | Killed a dread lich
219969 | Pan      | Found Huptebb's Book Shoppe.
220053 | Pan      | Found Huptebb's Quality Elixirs.
220060 | Pan      | Noticed Zain the pandemonium lord
220062 | Pan      | Killed Zain the pandemonium lord
220109 | Pan      | Found an opulent altar of Gozag.
220112 | Pan      | Bought a potion of brilliance for 60 gold pieces
220112 | Pan      | Bought a potion of brilliance for 60 gold pieces
220112 | Pan      | Bought a potion of mutation for 120 gold pieces
220112 | Pan      | Bought a potion of brilliance for 60 gold pieces
220112 | Pan      | Bought a potion of magic for 120 gold pieces
220112 | Pan      | Bought a potion of cancellation for 120 gold pieces
220112 | Pan      | Bought a potion of haste for 150 gold pieces
220112 | Pan      | Bought a potion of mutation for 120 gold pieces
220113 | Pan      | Found Huptebb's Rarities Stock.
220324 | Pan      | Found an exit through the horrors of the Abyss.
220461 | Pan      | Found an exit through the horrors of the Abyss.
220667 | Pan      | Noticed Xybaha the pandemonium lord
220670 | Pan      | Killed Xybaha the pandemonium lord
221415 | Pan      | Identified the +11 mace of Doom {flame, rF+ Str+2 Int+3}
221421 | Pan      | Found an exit through the horrors of the Abyss.
221564 | Pan      | Noticed Secemuh the pandemonium lord
221568 | Pan      | Killed Secemuh the pandemonium lord
221857 | Pan      | Identified the of Inaniaff
222003 | Pan      | Identified the "Poann"
222045 | Pan      | Noticed Jysanoovy the pandemonium lord
222049 | Pan      | Killed Jysanoovy the pandemonium lord
222366 | Pan      | Noticed Orchyrena the pandemonium lord
222375 | Pan      | Lost mutation: You have a pair of small horns on your head.
                  | [Jiyva's grace]
222375 | Pan      | Lost mutation: Your flesh is very cold resistant. (rC++)
                  | [Jiyva's grace]
222375 | Pan      | Lost mutation: You have a small jelly attached to you that
                  | may absorb projectiles. [Jiyva's grace]
222375 | Pan      | Gained mutation: You have supernaturally acute eyesight.
                  | (SInv) [Jiyva's grace]
222375 | Pan      | Gained mutation: You have an increased reservoir of magic.
                  | (+10% MP) [Jiyva's grace]
222375 | Pan      | Gained mutation: You have a considerably increased
                  | reservoir of magic. (+20% MP) [Jiyva's grace]
222375 | Pan      | Gained mutation: You have a greatly increased reservoir of
                  | magic. (+30% MP) [Jiyva's grace]
222650 | Pan      | Killed Orchyrena the pandemonium lord
222978 | Pan      | Noticed Louf the pandemonium lord
222980 | Pan      | Killed Louf the pandemonium lord
223722 | Pan      | Found an exit through the horrors of the Abyss.
224471 | Pan      | Lost mutation: You are agile. (Dex +4, Str/Int -1) [Jiyva's
                  | grace]
224471 | Pan      | Lost mutation: You have a greatly increased reservoir of
                  | magic. (+30% MP) [Jiyva's grace]
224471 | Pan      | Lost mutation: You are robust. (+10% HP) [Jiyva's grace]
224471 | Pan      | Lost mutation: Your muscles are very strong. (Str +8,
                  | Int/Dex -2) [Jiyva's grace]
224471 | Pan      | Lost mutation: Your spells are harder to cast, but more
                  | powerful. [Jiyva's grace]
224471 | Pan      | Lost mutation: Your melee attacks may engulf your foes in
                  | ooze. [Jiyva's grace]
224471 | Pan      | Gained mutation: You have a pair of small horns on your
                  | head. [Jiyva's grace]
224471 | Pan      | Gained mutation: You have a pair of horns on your head.
                  | [Jiyva's grace]
224471 | Pan      | Gained mutation: You have a pair of large horns on your
                  | head. [Jiyva's grace]
224471 | Pan      | Gained mutation: You are mostly covered in iridescent
                  | scales. (AC +4) [Jiyva's grace]
224479 | Pan      | Lost mutation: You have a pair of large horns on your head.
                  | [potion of mutation]
224479 | Pan      | Lost mutation: Your muscles are strong. (Str +4, Int/Dex
                  | -1) [potion of mutation]
224479 | Pan      | Gained mutation: Your system is resistant to poisons.
                  | (rPois) [potion of mutation]
224735 | Pan      | Gained mutation: You are vulnerable to heat. (rF-) [a
                  | cacodemon]
225206 | Pan      | Noticed Keengir the pandemonium lord
225212 | Pan      | Killed Keengir the pandemonium lord
225554 | Pan      | Noticed Ginonup the pandemonium lord
225557 | Pan      | Killed Ginonup the pandemonium lord
225784 | Pan      | Found an exit through the horrors of the Abyss.
226234 | Pan      | Noticed Korigoh the pandemonium lord
226256 | Pan      | Lost mutation: You are mostly covered in iridescent scales.
                  | (AC +4) [Jiyva's grace]
226256 | Pan      | Lost mutation: You have a considerably increased reservoir
                  | of magic. (+20% MP) [Jiyva's grace]
226256 | Pan      | Gained mutation: You are mostly covered in iridescent
                  | scales. (AC +4) [Jiyva's grace]
226256 | Pan      | Gained mutation: You are completely covered in iridescent
                  | scales. (AC +6) [Jiyva's grace]
226256 | Pan      | Gained mutation: You have a pair of large horns on your
                  | head. [Jiyva's grace]
226256 | Pan      | Gained mutation: Armour fits poorly on your pseudopods.
                  | [Jiyva's grace]
226293 | Pan      | Lost mutation: You have an increased reservoir of magic.
                  | (+10% MP) [potion of mutation]
226293 | Pan      | Lost mutation: You have supernaturally acute eyesight.
                  | (SInv) [potion of mutation]
226293 | Pan      | Gained mutation: You have an increased reservoir of magic.
                  | (+10% MP) [potion of mutation]
226294 | Pan      | Lost mutation: You are completely covered in iridescent
                  | scales. (AC +6) [potion of mutation]
226294 | Pan      | Lost mutation: You have an increased reservoir of magic.
                  | (+10% MP) [potion of mutation]
226294 | Pan      | Lost mutation: You have a pair of large horns on your head.
                  | [potion of mutation]
226294 | Pan      | Lost mutation: Your spells are a little harder to cast, but
                  | a little more powerful. [potion of mutation]
226468 | Pan      | Noticed Moohab the pandemonium lord
226473 | Pan      | Killed Moohab the pandemonium lord
226742 | Pan      | Found an exit through the horrors of the Abyss.
227964 | Pan      | Upgraded the game from 0.31-a0-1009-g454b1f1 to
                  | 0.31-a0-1040-g97aaa37
227971 | Pan      | Noticed Lawezeg the pandemonium lord
227975 | Pan      | Killed Lawezeg the pandemonium lord
228111 | Pan      | Found an exit through the horrors of the Abyss.
228648 | Pan      | Identified the +3 halberd of Classification {heavy, rPois
                  | rF+ SInv}
228825 | Pan      | Lost mutation: You are vulnerable to heat. (rF-) [Jiyva's
                  | grace]
228825 | Pan      | Gained mutation: You are completely covered in iridescent
                  | scales. (AC +6) [Jiyva's grace]
228825 | Pan      | Gained mutation: You are somewhat resistant to further
                  | mutation. [Jiyva's grace]
228825 | Pan      | Gained mutation: You are somewhat resistant to both further
                  | mutation and mutation removal. [Jiyva's grace]
228825 | Pan      | Gained mutation: You are almost entirely resistant to
                  | further mutation and mutation removal. [Jiyva's grace]
228839 | Pan      | Found an exit through the horrors of the Abyss.
228984 | Pan      | Noticed Ustraqom the pandemonium lord
228988 | Pan      | Killed Ustraqom the pandemonium lord
229228 | Pan      | Found an exit through the horrors of the Abyss.
229367 | Pan      | Identified the +5 lajatang of Wuotwepp {flame, rF- Str-2
                  | Int+5 Dex+3}
229507 | Pan      | Found an exit through the horrors of the Abyss.
229521 | Pan      | Noticed Sito the pandemonium lord
229524 | Pan      | Killed Sito the pandemonium lord
229846 | Pan      | Found a huge runed translucent gate.
229846 | Pan      | Found a huge runed translucent gate.
230134 | Pan      | Lost mutation: You have a pair of horns on your head.
                  | [Jiyva's grace]
230134 | Pan      | Lost mutation: You are completely covered in iridescent
                  | scales. (AC +6) [Jiyva's grace]
230134 | Pan      | Lost mutation: You possess an exceptional clarity of mind.
                  | [Jiyva's grace]
230134 | Pan      | Lost mutation: Your flesh is cold resistant. (rC+) [Jiyva's
                  | grace]
230134 | Pan      | Lost mutation: You are almost entirely resistant to further
                  | mutation and mutation removal. [Jiyva's grace]
230134 | Pan      | Gained mutation: You have large cloven feet. [Jiyva's
                  | grace]
230134 | Pan      | Gained mutation: You have hoof-like feet. [Jiyva's grace]
230134 | Pan      | Gained mutation: You have hooves in place of feet. [Jiyva's
                  | grace]
230134 | Pan      | Gained mutation: You are covered in slimy tendrils that may
                  | disarm your opponents. [Jiyva's grace]
230147 | Pan      | Identified the +0 robe of the World {Will+ Dex-5 Slay+3}
230213 | Pan      | Found a huge runed translucent gate.
230213 | Pan      | Found a huge runed translucent gate.
230213 | Pan      | Found a huge runed translucent gate.
230253 | Pan      | Found an exit through the horrors of the Abyss.
230836 | Pan      | Noticed Lyppumav the pandemonium lord
230844 | Pan      | Killed Lyppumav the pandemonium lord
231135 | Pan      | Found an exit through the horrors of the Abyss.
231921 | Pan      | Found an exit through the horrors of the Abyss.
232228 | Pan      | Noticed Odghit the pandemonium lord
232231 | Pan      | Killed Odghit the pandemonium lord
232422 | Pan      | Lost mutation: Armour fits poorly on your pseudopods.
                  | [Jiyva's grace]
232422 | Pan      | Gained mutation: Your body has grown eyes which may confuse
                  | attackers. (Acc +3) [Jiyva's grace]
232422 | Pan      | Gained mutation: Your body has grown many eyes which may
                  | confuse attackers. (Acc +5) [Jiyva's grace]
232422 | Pan      | Gained mutation: Your body is covered in eyes which may
                  | confuse attackers. (Acc +7, SInv) [Jiyva's grace]
232422 | Pan      | Gained mutation: Your mind is acute. (Int +4, Str/Dex -1)
                  | [Jiyva's grace]
232667 | Pan      | Noticed Qemmaed the pandemonium lord
232670 | Pan      | Killed Qemmaed the pandemonium lord
232738 | Pan      | Found an exit through the horrors of the Abyss.
233077 | Pan      | Noticed Vysm the pandemonium lord
233080 | Pan      | Killed Vysm the pandemonium lord
233451 | Pan      | Found an exit through the horrors of the Abyss.
233454 | Pan      | Identified the of Vappethrari (You acquired it in
                  | Pandemonium)
233454 | Pan      | Acquired 1075 gold pieces
233470 | Pan      | Identified the "Zepeniduni"
233746 | Pan      | Found an exit through the horrors of the Abyss.
233799 | Pan      | Noticed Jaeh the pandemonium lord
233801 | Pan      | Killed Jaeh the pandemonium lord
234353 | Pan      | Lost mutation: You have hooves in place of feet. [Jiyva's
                  | grace]
234353 | Pan      | Lost mutation: You have a pair of small horns on your head.
                  | [Jiyva's grace]
234353 | Pan      | Lost mutation: You are mostly covered in iridescent scales.
                  | (AC +4) [Jiyva's grace]
234353 | Pan      | Lost mutation: Your body is covered in eyes which may
                  | confuse attackers. (Acc +7, SInv) [Jiyva's grace]
234353 | Pan      | Gained mutation: You have a pair of small antennae on your
                  | head. [Jiyva's grace]
234353 | Pan      | Gained mutation: You have a pair of antennae on your head.
                  | [Jiyva's grace]
234353 | Pan      | Gained mutation: You have a pair of large antennae on your
                  | head. (SInv) [Jiyva's grace]
234353 | Pan      | Gained mutation: You are mostly covered in iridescent
                  | scales. (AC +4) [Jiyva's grace]
234647 | Pan      | Lost mutation: You have a pair of large antennae on your
                  | head. (SInv) [potion of mutation]
234757 | Pan      | Found an exit through the horrors of the Abyss.
234815 | Pan      | Found a runed translucent door.
236006 | Pan      | Lost mutation: You have a pair of antennae on your head.
                  | [Jiyva's grace]
236006 | Pan      | Lost mutation: You have hoof-like feet. [Jiyva's grace]
236006 | Pan      | Lost mutation: You are somewhat resistant to both further
                  | mutation and mutation removal. [Jiyva's grace]
236006 | Pan      | Lost mutation: Your system is resistant to poisons. (rPois)
                  | [Jiyva's grace]
236006 | Pan      | Lost mutation: You are covered in slimy tendrils that may
                  | disarm your opponents. [Jiyva's grace]
236006 | Pan      | Gained mutation: Armour fits poorly on your pseudopods.
                  | [Jiyva's grace]
236006 | Pan      | Gained mutation: Armour fits poorly on your large
                  | pseudopods. [Jiyva's grace]
236006 | Pan      | Gained mutation: Armour fits poorly on your massive
                  | pseudopods. [Jiyva's grace]
236006 | Pan      | Gained mutation: Your body is covered in eyes which may
                  | confuse attackers. (Acc +7, SInv) [Jiyva's grace]
236060 | Pan      | Found an exit through the horrors of the Abyss.
236645 | Pan      | Found an exit through the horrors of the Abyss.
236881 | Pan      | Found a runed translucent door.
237077 | Pan      | Found an exit through the horrors of the Abyss.
237224 | Pan      | Was placed under penance by Jiyva
237357 | Pan      | Noticed Oheas the pandemonium lord
237360 | Pan      | Killed Oheas the pandemonium lord
237744 | Pan      | Was forgiven by Jiyva
238305 | Pan      | Noticed Johuubb the pandemonium lord
238324 | Pan      | Killed Johuubb the pandemonium lord
238404 | Pan      | Found an exit through the horrors of the Abyss.
239207 | Pan      | Found an exit through the horrors of the Abyss.
239316 | Pan      | Noticed Elit the pandemonium lord
239320 | Pan      | Killed Elit the pandemonium lord
239562 | Pan      | Lost mutation: Your body is covered in eyes which may
                  | confuse attackers. (Acc +7, SInv) [Jiyva's grace]
239562 | Pan      | Lost mutation: Your body has grown many eyes which may
                  | confuse attackers. (Acc +5) [Jiyva's grace]
239562 | Pan      | Gained mutation: You have a small jelly attached to you
                  | that senses nearby items. [Jiyva's grace]
239562 | Pan      | Gained mutation: You possess an exceptional clarity of
                  | mind. [Jiyva's grace]
239562 | Pan      | Gained mutation: You have hoof-like feet. [Jiyva's grace]
239562 | Pan      | Gained mutation: You have hooves in place of feet. [Jiyva's
                  | grace]
239661 | Pan      | Found an exit through the horrors of the Abyss.
240066 | Pan      | Noticed Panuric the pandemonium lord
240069 | Pan      | Killed Panuric the pandemonium lord
240587 | Pan      | Identified the of Ipnu
240629 | Pan      | Noticed Foghuqavosh the pandemonium lord
240632 | Pan      | Killed Foghuqavosh the pandemonium lord
240811 | Pan      | Found an exit through the horrors of the Abyss.
241820 | Pan      | Found an exit through the horrors of the Abyss.
242543 | Pan      | Noticed Nyakhlyny the pandemonium lord
242547 | Pan      | Killed Nyakhlyny the pandemonium lord
242736 | Pan      | Found an exit through the horrors of the Abyss.
242749 | Pan      | Lost mutation: You are mostly covered in iridescent scales.
                  | (AC +4) [Jiyva's grace]
242749 | Pan      | Lost mutation: You possess an exceptional clarity of mind.
                  | [Jiyva's grace]
242749 | Pan      | Gained mutation: Your rubbery body absorbs attacks. (AC +1,
                  | EV +1) [Jiyva's grace]
242749 | Pan      | Gained mutation: Your pliable body absorbs attacks. (AC +2,
                  | EV +2) [Jiyva's grace]
242749 | Pan      | Gained mutation: Your gelatinous body deflects attacks. (AC
                  | +3, EV +3) [Jiyva's grace]
242749 | Pan      | Gained mutation: Your skin changes colour to match your
                  | surroundings (Stealth+). [Jiyva's grace]
243551 | Pan      | Found an exit through the horrors of the Abyss.
243604 | Pan      | Noticed Cule Xasch the pandemonium lord
243608 | Pan      | Killed Cule Xasch the pandemonium lord
243914 | Pan      | Identified the "Niorer"
244137 | Pan      | Noticed Ticvabro the pandemonium lord
244146 | Pan      | Killed Ticvabro the pandemonium lord
244487 | Pan      | Noticed Wutua the pandemonium lord
244540 | Pan      | Killed Wutua the pandemonium lord
244621 | Pan      | Reached skill level 27 in Summonings
244697 | Pan      | Found an exit through the horrors of the Abyss.
244760 | Pan      | Reached skill level 27 in Hexes
244964 | Pan      | Lost mutation: Your gelatinous body deflects attacks. (AC
                  | +3, EV +3) [Jiyva's grace]
244964 | Pan      | Lost mutation: Armour fits poorly on your massive
                  | pseudopods. [Jiyva's grace]
244964 | Pan      | Lost mutation: You have a small jelly attached to you that
                  | senses nearby items. [Jiyva's grace]
244964 | Pan      | Gained mutation: Your gelatinous body deflects attacks. (AC
                  | +3, EV +3) [Jiyva's grace]
244964 | Pan      | Gained mutation: Your body has grown many eyes which may
                  | confuse attackers. (Acc +5) [Jiyva's grace]
244964 | Pan      | Gained mutation: Your body is covered in eyes which may
                  | confuse attackers. (Acc +7, SInv) [Jiyva's grace]
244964 | Pan      | Lost mutation: You are somewhat resistant to further
                  | mutation. [Jiyva's grace]
244964 | Pan      | Gained mutation: You have hidden genetic potential.
                  | [Jiyva's grace]
245179 | Pan      | Found a runed translucent door.
245215 | Pan      | Was placed under penance by Jiyva
245289 | Pan      | Noticed Kocsev the pandemonium lord
245292 | Pan      | Killed Kocsev the pandemonium lord
245569 | Pan      | Was forgiven by Jiyva
245725 | Pan      | Found an exit through the horrors of the Abyss.
246515 | Pan      | Noticed Fiweotz the pandemonium lord
246517 | Pan      | Killed Fiweotz the pandemonium lord
246631 | Pan      | Lost mutation: You have hooves in place of feet. [Jiyva's
                  | grace]
246631 | Pan      | Lost mutation: Your gelatinous body deflects attacks. (AC
                  | +3, EV +3) [Jiyva's grace]
246631 | Pan      | Lost mutation: Your pliable body absorbs attacks. (AC +2,
                  | EV +2) [Jiyva's grace]
246631 | Pan      | Lost mutation: Armour fits poorly on your large pseudopods.
                  | [Jiyva's grace]
246631 | Pan      | Gained mutation: You are agile. (Dex +4, Str/Int -1)
                  | [Jiyva's grace]
246631 | Pan      | Gained mutation: You are very agile. (Dex +8, Str/Int -2)
                  | [Jiyva's grace]
246631 | Pan      | Gained mutation: You are covered in slimy tendrils that may
                  | disarm your opponents. [Jiyva's grace]
246631 | Pan      | Gained mutation: You have hooves in place of feet. [Jiyva's
                  | grace]
247021 | Pan      | Noticed Kemub the pandemonium lord
247026 | Pan      | Killed Kemub the pandemonium lord
247695 | Pan      | Noticed Zubb the pandemonium lord
247697 | Pan      | Killed Zubb the pandemonium lord
248152 | Pan      | Noticed Aqing the pandemonium lord
248156 | Pan      | Killed Aqing the pandemonium lord
248273 | Pan      | Gained mutation: You possess an exceptional clarity of
                  | mind. [hidden potential]
248301 | Pan      | Found an exit through the horrors of the Abyss.
248492 | Pan      | Identified the ring of Ettut {rC+ Will+ rCorr Str+5}
248539 | Pan      | Lost mutation: You are partially covered in iridescent
                  | scales. (AC +2) [Jiyva's grace]
248539 | Pan      | Lost mutation: Your skin changes colour to match your
                  | surroundings (Stealth+). [Jiyva's grace]
248539 | Pan      | Lost mutation: You are very agile. (Dex +8, Str/Int -2)
                  | [Jiyva's grace]
248539 | Pan      | Lost mutation: You possess an exceptional clarity of mind.
                  | [Jiyva's grace]
248539 | Pan      | Lost mutation: You are covered in slimy tendrils that may
                  | disarm your opponents. [Jiyva's grace]
248539 | Pan      | Gained mutation: You have a small jelly attached to you
                  | that may absorb projectiles. [Jiyva's grace]
248539 | Pan      | Gained mutation: You have a small jelly attached to you
                  | that senses nearby items. [Jiyva's grace]
248539 | Pan      | Gained mutation: Your translucent skin slightly reduces
                  | your foes' accuracy. (Stealth+) [Jiyva's grace]
248539 | Pan      | Gained mutation: Your translucent skin reduces your foes'
                  | accuracy. (Stealth+) [Jiyva's grace]
248920 | Pan      | Noticed Cygryesmo the pandemonium lord
248923 | Pan      | Killed Cygryesmo the pandemonium lord
249671 | Pan      | Found an exit through the horrors of the Abyss.
249940 | Pan      | Lost mutation: You have hooves in place of feet. [Jiyva's
                  | grace]
249940 | Pan      | Lost mutation: Your body is covered in eyes which may
                  | confuse attackers. (Acc +7, SInv) [Jiyva's grace]
249940 | Pan      | Lost mutation: You have a small jelly attached to you that
                  | senses nearby items. [Jiyva's grace]
249940 | Pan      | Gained mutation: You have hooves in place of feet. [Jiyva's
                  | grace]
249940 | Pan      | Gained mutation: Your spells are a little harder to cast,
                  | but a little more powerful. [Jiyva's grace]
249940 | Pan      | Gained mutation: Your spells are harder to cast, but more
                  | powerful. [Jiyva's grace]
249940 | Pan      | Gained mutation: Your spells are much harder to cast, but
                  | much more powerful. [Jiyva's grace]
250270 | Pan      | Found an exit through the horrors of the Abyss.
250301 | Pan      | Found a runed translucent door.
250523 | Pan      | Found a runed translucent door.
250538 | Pan      | Found a runed translucent door.
250547 | Pan      | Found a runed translucent door.
250547 | Pan      | Found a runed translucent door.
250547 | Pan      | Noticed Omoageim the pandemonium lord
250972 | Pan      | Found an exit through the horrors of the Abyss.
251030 | Pan      | Found an exit through the horrors of the Abyss.
251154 | Pan      | Lost mutation: You are agile. (Dex +4, Str/Int -1) [Jiyva's
                  | grace]
251154 | Pan      | Lost mutation: You have hidden genetic potential. [Jiyva's
                  | grace]
251154 | Pan      | Lost mutation: You have a small jelly attached to you that
                  | may absorb projectiles. [Jiyva's grace]
251154 | Pan      | Gained mutation: Your transparent skin significantly
                  | reduces your foes' accuracy. (Stealth+) [Jiyva's grace]
251154 | Pan      | Gained mutation: You are covered in slimy tendrils that may
                  | disarm your opponents. [Jiyva's grace]
251154 | Pan      | Gained mutation: You are covered in fur. (AC +1) [Jiyva's
                  | grace]
251154 | Pan      | Gained mutation: You are covered in thick fur. (AC +2)
                  | [Jiyva's grace]
251204 | Pan      | Noticed Dogovum the pandemonium lord
251251 | Pan      | Killed Dogovum the pandemonium lord
251594 | Pan      | Gained mutation: You occasionally shout uncontrollably at
                  | your foes. [mutagenic glow]
251729 | Pan      | Reached skill level 27 in Ranged Weapons
252233 | Pan      | Noticed Nios the pandemonium lord
252236 | Pan      | Killed Nios the pandemonium lord
252649 | Pan      | Lost mutation: You have a pair of small antennae on your
                  | head. [Jiyva's grace]
252649 | Pan      | Lost mutation: You have hooves in place of feet. [Jiyva's
                  | grace]
252649 | Pan      | Lost mutation: You occasionally shout uncontrollably at
                  | your foes. [Jiyva's grace]
252649 | Pan      | Lost mutation: Your spells are much harder to cast, but
                  | much more powerful. [Jiyva's grace]
252649 | Pan      | Lost mutation: Your body has grown many eyes which may
                  | confuse attackers. (Acc +5) [Jiyva's grace]
252649 | Pan      | Lost mutation: Your transparent skin significantly reduces
                  | your foes' accuracy. (Stealth+) [Jiyva's grace]
252649 | Pan      | Lost mutation: You are covered in slimy tendrils that may
                  | disarm your opponents. [Jiyva's grace]
252649 | Pan      | Gained mutation: Your spells are much harder to cast, but
                  | much more powerful. [Jiyva's grace]
252649 | Pan      | Gained mutation: You have hooves in place of feet. [Jiyva's
                  | grace]
252649 | Pan      | Gained mutation: You have sharp fingernails. [Jiyva's
                  | grace]
252649 | Pan      | Gained mutation: You have very sharp fingernails. [Jiyva's
                  | grace]
252683 | Pan      | Noticed Afu Hiab the pandemonium lord
252694 | Pan      | Killed Afu Hiab the pandemonium lord
253852 | Pan      | Found an exit through the horrors of the Abyss.
253951 | Pan      | Lost mutation: You have very sharp fingernails. [Jiyva's
                  | grace]
253951 | Pan      | Gained mutation: Your transparent skin significantly
                  | reduces your foes' accuracy. (Stealth+) [Jiyva's grace]
253951 | Pan      | Gained mutation: Armour fits poorly on your large
                  | pseudopods. [Jiyva's grace]
253951 | Pan      | Gained mutation: Armour fits poorly on your massive
                  | pseudopods. [Jiyva's grace]
253951 | Pan      | Gained mutation: Your body has grown many eyes which may
                  | confuse attackers. (Acc +5) [Jiyva's grace]
253976 | Pan      | Found a runed translucent door.
254506 | Pan      | Noticed Iwuad the pandemonium lord
254512 | Pan      | Killed Iwuad the pandemonium lord
254721 | Pan      | Found an exit through the horrors of the Abyss.
255410 | Pan      | Lost mutation: You are covered in thick fur. (AC +2)
                  | [Jiyva's grace]
255410 | Pan      | Lost mutation: Your spells are much harder to cast, but
                  | much more powerful. [Jiyva's grace]
255410 | Pan      | Lost mutation: Your spells are harder to cast, but more
                  | powerful. [Jiyva's grace]
255410 | Pan      | Lost mutation: Your body has grown many eyes which may
                  | confuse attackers. (Acc +5) [Jiyva's grace]
255410 | Pan      | Lost mutation: Your body has grown eyes which may confuse
                  | attackers. (Acc +3) [Jiyva's grace]
255410 | Pan      | Lost mutation: Armour fits poorly on your massive
                  | pseudopods. [Jiyva's grace]
255410 | Pan      | Gained mutation: You possess an exceptional clarity of
                  | mind. [Jiyva's grace]
255410 | Pan      | Gained mutation: Your mind is very acute. (Int +8, Str/Dex
                  | -2) [Jiyva's grace]
255410 | Pan      | Gained mutation: Your muscles are strong. (Str +4, Int/Dex
                  | -1) [Jiyva's grace]
255410 | Pan      | Gained mutation: Your muscles are very strong. (Str +8,
                  | Int/Dex -2) [Jiyva's grace]
255489 | Pan      | Noticed Naffub the pandemonium lord
255494 | Pan      | Killed Naffub the pandemonium lord
256005 | Pan      | Gained mutation: You are frail. (-10% HP) [a cacodemon]
256009 | Pan      | Noticed Utheuh Qaich the pandemonium lord
256013 | Pan      | Killed Utheuh Qaich the pandemonium lord
256745 | Pan      | Lost mutation: You have sharp fingernails. [Jiyva's grace]
256745 | Pan      | Lost mutation: You have hooves in place of feet. [Jiyva's
                  | grace]
256745 | Pan      | Lost mutation: You possess an exceptional clarity of mind.
                  | [Jiyva's grace]
256745 | Pan      | Lost mutation: You are frail. (-10% HP) [Jiyva's grace]
256745 | Pan      | Lost mutation: Your muscles are very strong. (Str +8,
                  | Int/Dex -2) [Jiyva's grace]
256745 | Pan      | Lost mutation: Your spells are a little harder to cast, but
                  | a little more powerful. [Jiyva's grace]
256745 | Pan      | Gained mutation: You have a pair of small horns on your
                  | head. [Jiyva's grace]
256745 | Pan      | Gained mutation: You have a pair of horns on your head.
                  | [Jiyva's grace]
256745 | Pan      | Gained mutation: You have a pair of large horns on your
                  | head. [Jiyva's grace]
256745 | Pan      | Gained mutation: You are strong-willed. (Will+) [Jiyva's
                  | grace]
256860 | Pan      | Noticed Wiugi the pandemonium lord
256862 | Pan      | Killed Wiugi the pandemonium lord
257778 | Pan      | Noticed Roump the pandemonium lord
257780 | Pan      | Killed Roump the pandemonium lord
258229 | Pan      | Found an exit through the horrors of the Abyss.
258754 | Pan      | Lost mutation: You have a pair of large horns on your head.
                  | [Jiyva's grace]
258754 | Pan      | Gained mutation: You possess an exceptional clarity of
                  | mind. [Jiyva's grace]
258754 | Pan      | Lost mutation: You have hoof-like feet. [Jiyva's grace]
258754 | Pan      | Lost mutation: You have large cloven feet. [Jiyva's grace]
258754 | Pan      | Gained mutation: You have sharp toenails. [Jiyva's grace]
258754 | Pan      | Gained mutation: You have razor-sharp toenails. [Jiyva's
                  | grace]
258754 | Pan      | Gained mutation: You have claws for feet. [Jiyva's grace]
258877 | Pan      | Noticed Eke Ybi the pandemonium lord
258879 | Pan      | Killed Eke Ybi the pandemonium lord
259736 | Pan      | Lost mutation: You are strong-willed. (Will+) [Jiyva's
                  | grace]
259736 | Pan      | Lost mutation: Your rubbery body absorbs attacks. (AC +1,
                  | EV +1) [Jiyva's grace]
259736 | Pan      | Lost mutation: Armour fits poorly on your large pseudopods.
                  | [Jiyva's grace]
259736 | Pan      | Lost mutation: Your transparent skin significantly reduces
                  | your foes' accuracy. (Stealth+) [Jiyva's grace]
259736 | Pan      | Lost mutation: Your translucent skin reduces your foes'
                  | accuracy. (Stealth+) [Jiyva's grace]
259736 | Pan      | Lost mutation: Your translucent skin slightly reduces your
                  | foes' accuracy. (Stealth+) [Jiyva's grace]
259736 | Pan      | Gained mutation: You expend magic power (3 MP) to
                  | strengthen your wands. [Jiyva's grace]
259736 | Pan      | Gained mutation: You are partially covered in large bone
                  | plates. (SH +4) [Jiyva's grace]
259736 | Pan      | Gained mutation: You are mostly covered in large bone
                  | plates. (SH +6) [Jiyva's grace]
259736 | Pan      | Gained mutation: You are completely covered in large bone
                  | plates. (SH +8) [Jiyva's grace]
259802 | Pan      | Noticed Hebejaz the pandemonium lord
259805 | Pan      | Killed Hebejaz the pandemonium lord
259942 | Pan      | Noticed Fyfuq the pandemonium lord
259948 | Pan      | Killed Fyfuq the pandemonium lord
259970 | Pan      | Identified the ring "Qisaamux" {EV+5 SInv Stlth+}
260244 | Pan      | Found an exit through the horrors of the Abyss.
260461 | Pan      | Identified the storm talisman of Chill Winds {rN++}
260894 | Pan      | Found an exit through the horrors of the Abyss.
261011 | Pan      | Noticed Qun Isel the pandemonium lord
261012 | Pan      | Killed Qun Isel the pandemonium lord
261055 | Pan      | Noticed Guxkisab the pandemonium lord
261055 | Pan      | Lost mutation: You have claws for feet. [Jiyva's grace]
261055 | Pan      | Lost mutation: You are completely covered in large bone
                  | plates. (SH +8) [Jiyva's grace]
261055 | Pan      | Lost mutation: You possess an exceptional clarity of mind.
                  | [Jiyva's grace]
261055 | Pan      | Gained mutation: Your rubbery body absorbs attacks. (AC +1,
                  | EV +1) [Jiyva's grace]
261055 | Pan      | Gained mutation: Your pliable body absorbs attacks. (AC +2,
                  | EV +2) [Jiyva's grace]
261055 | Pan      | Gained mutation: Your gelatinous body deflects attacks. (AC
                  | +3, EV +3) [Jiyva's grace]
261055 | Pan      | Gained mutation: You are resistant to electric shocks.
                  | (rElec) [Jiyva's grace]
261057 | Pan      | Killed Guxkisab the pandemonium lord
261937 | Pan      | Noticed Kesay the pandemonium lord
261939 | Pan      | Killed Kesay the pandemonium lord
262352 | Pan      | Found an exit through the horrors of the Abyss.
262629 | Pan      | Noticed Buefisul the pandemonium lord
262634 | Pan      | Killed Buefisul the pandemonium lord
262635 | Pan      | Gained mutation: Armour fits poorly on your strangely
                  | shaped body. [a neqoxec]
262739 | Pan      | Lost mutation: You have razor-sharp toenails. [Jiyva's
                  | grace]
262739 | Pan      | Lost mutation: You are resistant to electric shocks.
                  | (rElec) [Jiyva's grace]
262739 | Pan      | Lost mutation: Your gelatinous body deflects attacks. (AC
                  | +3, EV +3) [Jiyva's grace]
262739 | Pan      | Lost mutation: You expend magic power (3 MP) to strengthen
                  | your wands. [Jiyva's grace]
262739 | Pan      | Gained mutation: You have acidic saliva. [Jiyva's grace]
262739 | Pan      | Gained mutation: You have hidden genetic potential.
                  | [Jiyva's grace]
262739 | Pan      | Gained mutation: You have great hidden genetic potential.
                  | [Jiyva's grace]
262739 | Pan      | Gained mutation: Armour fits poorly on your large
                  | pseudopods. [Jiyva's grace]
263697 | Pan      | Noticed Hocredd the pandemonium lord
263701 | Pan      | Killed Hocredd the pandemonium lord
263765 | Pan      | Lost mutation: You have sharp toenails. [Jiyva's grace]
263765 | Pan      | Lost mutation: Armour fits poorly on your strangely shaped
                  | body. [Jiyva's grace]
263765 | Pan      | Lost mutation: Your muscles are strong. (Str +4, Int/Dex
                  | -1) [Jiyva's grace]
263765 | Pan      | Lost mutation: Your pliable body absorbs attacks. (AC +2,
                  | EV +2) [Jiyva's grace]
263765 | Pan      | Gained mutation: Your translucent skin slightly reduces
                  | your foes' accuracy. (Stealth+) [Jiyva's grace]
263765 | Pan      | Gained mutation: Your translucent skin reduces your foes'
                  | accuracy. (Stealth+) [Jiyva's grace]
263765 | Pan      | Gained mutation: Your transparent skin significantly
                  | reduces your foes' accuracy. (Stealth+) [Jiyva's grace]
263765 | Pan      | Lost mutation: You have great hidden genetic potential.
                  | [Jiyva's grace]
263765 | Pan      | Lost mutation: You have hidden genetic potential. [Jiyva's
                  | grace]
263765 | Pan      | Gained mutation: You are somewhat resistant to further
                  | mutation. [Jiyva's grace]
264083 | Pan      | Found an exit through the horrors of the Abyss.
264235 | Pan      | Found a runed translucent door.
264343 | Pan      | Noticed Omuewukhlun the pandemonium lord
264391 | Pan      | Found an exit through the horrors of the Abyss.
264481 | Pan      | Found a runed translucent door.
264570 | Pan      | Found a runed translucent door.
264575 | Pan      | Found a runed translucent door.
265261 | Pan      | Identified the +2 chain mail of Divine Intervention {Harm
                  | rElec Will+++ Str-3}
265378 | Pan      | Identified the +9 whip "Tostresem" {vamp, Will+}
265833 | Pan      | Lost mutation: Your mind is very acute. (Int +8, Str/Dex
                  | -2) [Jiyva's grace]
265833 | Pan      | Lost mutation: You are somewhat resistant to further
                  | mutation. [Jiyva's grace]
265833 | Pan      | Lost mutation: You have acidic saliva. [Jiyva's grace]
265833 | Pan      | Lost mutation: Your rubbery body absorbs attacks. (AC +1,
                  | EV +1) [Jiyva's grace]
265833 | Pan      | Lost mutation: Your transparent skin significantly reduces
                  | your foes' accuracy. (Stealth+) [Jiyva's grace]
265833 | Pan      | Gained mutation: Your mind is very acute. (Int +8, Str/Dex
                  | -2) [Jiyva's grace]
265833 | Pan      | Gained mutation: You are robust. (+10% HP) [Jiyva's grace]
265833 | Pan      | Gained mutation: You are very robust. (+20% HP) [Jiyva's
                  | grace]
265833 | Pan      | Gained mutation: You are extremely robust. (+30% HP)
                  | [Jiyva's grace]
265910 | Pan      | Found an exit through the horrors of the Abyss.
266974 | Pan      | Found a runed translucent door.
266978 | Pan      | Found a runed translucent door.
266981 | Pan      | Noticed Tovuzag the pandemonium lord
267084 | Pan      | Found an exit through the horrors of the Abyss.
267364 | Pan      | Noticed Ynwonor the pandemonium lord
267367 | Pan      | Killed Ynwonor the pandemonium lord
267663 | Pan      | Took an exit into the Abyss.
267663 | Abyss:5  | Escaped into the Abyss
267679 | Abyss:5  | Found a corrupted altar of Lugonu.
267709 | Depths:2 | Escaped the Abyss
267966 | Temple   | Fell from the grace of Jiyva
267966 | Temple   | Became a worshipper of Zin the Law-Giver
267967 | Temple   | Donated 25821 gold pieces to Zin
268011 | Temple   | Reached * piety under Zin
268126 | Temple   | Reached ** piety under Zin
268239 | Temple   | Reached *** piety under Zin
268352 | Temple   | Reached **** piety under Zin
268516 | Temple   | Reached ***** piety under Zin
268973 | Temple   | Reached ****** piety under Zin
269485 | Pan      | Entered Pandemonium
269518 | Pan      | Lost mutation: Your translucent skin reduces your foes'
                  | accuracy. (Stealth+) [the all-consuming vengeance of Jiyva]
269597 | Pan      | Lost mutation: Armour fits poorly on your large pseudopods.
                  | [the all-consuming vengeance of Jiyva]
269750 | Pan      | Found an exit through the horrors of the Abyss.
270909 | Pan      | Lost mutation: Your translucent skin slightly reduces your
                  | foes' accuracy. (Stealth+) [the all-consuming vengeance of
                  | Jiyva]
271031 | Pan      | Noticed Uzyekad the pandemonium lord
271033 | Pan      | Killed Uzyekad the pandemonium lord
271293 | Pan      | Identified the +1 quarterstaff of Teloitz {freeze, rC+
                  | Will+}
271373 | Pan      | Upgraded the game from 0.31-a0-1040-g97aaa37 to
                  | 0.31-a0-1042-ga9834b3
271412 | Pan      | Found a huge runed translucent gate.
271501 | Pan      | Lost mutation: Armour fits poorly on your pseudopods. [the
                  | all-consuming vengeance of Jiyva]
271999 | Pan      | Found an exit through the horrors of the Abyss.
272261 | Pan      | Found a huge runed translucent gate.
272261 | Pan      | Found a huge runed translucent gate.
272395 | Pan      | Found a huge runed translucent gate.
272395 | Pan      | Found a huge runed translucent gate.
272498 | Pan      | Identified the +0 long sword "Dolaukal" {freeze, rN++ Int+6
                  | Dex-5}
272849 | Pan      | Found a huge runed translucent gate.
273105 | Pan      | Found an exit through the horrors of the Abyss.
273794 | Pan      | Noticed Mudujoug the pandemonium lord
273795 | Pan      | Killed Mudujoug the pandemonium lord
276084 | Pan      | Noticed Uchougy the pandemonium lord
276092 | Pan      | Killed Uchougy the pandemonium lord
276520 | Pan      | Was forgiven by Jiyva
277091 | Pan      | Found an exit through the horrors of the Abyss.
279516 | Depths:2 | Escaped Pandemonium
279561 | Depths:1 | Upgraded the game from 0.31-a0-1042-ga9834b3 to
                  | 0.31-a0-1057-g70f3316
280052 | Temple   | Fell from the grace of Zin
280052 | Temple   | Became a worshipper of Elyvilon the Healer
280444 | Coc:1    | Entered Level 1 of Cocytus
280891 | Geh:1    | Entered Level 1 of Gehenna
282087 | Geh:3    | You fall into a shaft and drop 3 floors!
282595 | Geh:7    | Entered Level 7 of Gehenna
284337 | Geh:7    | Found the +13 sceptre of Asmodeus
284337 | Geh:7    | Noticed Asmodeus
284342 | Geh:7    | Killed Asmodeus
284355 | Geh:7    | Got an obsidian rune of Zot
285315 | Dis:1    | Entered Level 1 of the Iron City of Dis
286919 | Dis:7    | Entered Level 7 of the Iron City of Dis
287398 | Dis:7    | Noticed a juggernaut
287403 | Dis:7    | Killed a juggernaut
287977 | Dis:7    | Noticed the Serpent of Hell
287985 | Dis:7    | Killed the Serpent of Hell
289725 | Dis:7    | Noticed a juggernaut
289729 | Dis:7    | Killed a juggernaut
289956 | Dis:7    | Identified the staff of Luxury {rPois Int-4 Dex+6 Conj}
290143 | Dis:7    | Noticed a juggernaut
290145 | Dis:7    | Killed a juggernaut
290335 | Dis:7    | Noticed Dispater
290336 | Dis:7    | Found the +15 Maxwell's patent armour {-Cast -Tele rElec
                  | Will+ rCorr}
290340 | Dis:7    | Identified the ring of the Messenger {Wiz Fly Will++ Dex-2
                  | SInv}
290343 | Dis:7    | Killed Dispater
290347 | Dis:7    | Got an iron rune of Zot
290826 | Zot:5    | Got the Orb of Zot
290982 | Depths:4 | Noticed Ymang the pandemonium lord
290984 | Depths:4 | Killed Ymang the pandemonium lord
291413 | D:$      | Escaped with the Orb!

Illustrated notes

Levels and vault maps discovered:
D:1:      erik_arrival_triangle_large, layout_loops_corners, hex_medium
D:2:      layout_loops_ring
D:3:      layout_loops_corners, minmay_misc_feat_columns, minmay_distorted
D:4:      layout_basic, lemuel_crystal_altar, uniq_duvessa, uniq_eustachio
D:5:      layout_basic, minmay_misc_feat_rows, nicolae_nh_ransacked_shop
D:6:      layout_rooms, minmay_temple_entry_mini_moons,
          roadster_capsule_ark_zombie
D:7:      layout_cave_pods, uniq_menkaure
D:8:      layout_basic
D:9:      layout_rooms, uniq_prince_ribbit1, uniq_joseph
D:10:     layout_basic, grunt_dithmenos_smoke, due_lair_maze_entry_diamond
D:11:     layout_loops_corners, minmay_orc_entry_guard_dogs
D:12:     layout_basic
D:13:     layout_roguey, hellmonk_vaults_attempted_burglary, serial_rivers,
          chequers_serial_rivers_room_a, chequers_serial_rivers_micro_a,
          chequers_serial_rivers_micro_b, chequers_serial_rivers_micro_e,
          chequers_serial_rivers_small_b, st_stairs_3, minmay_strange_pillars
D:14:     layout_big_octagon, nicolae_uskayaw_dance_hall, serial_shops, shop,
          st_stairs_4, nicolae_elevator_lobby_plus
D:15:     hellmonk_depths_entry_around_the_bend, layout_basic
Temple:   mainiacjoe_temple_cubbyholes
Lair:1:   layout_hall_layers, uniq_amaemon
Lair:2:   layout_layer_cave, palyth_hydra_swamp_entry,
          spider_nest_entry_funnel_web, gammafunk_ghost_icy
Lair:3:   layout_misc_corridors, grunt_megastairs_5
Lair:4:   layout_roguey, minmay_slime_entry_pillars, gauntlet_entry_generic,
          grunt_forest_small_clearing_treed
Lair:5:   evilmike_catoblepas_cave, layout_hall_layers,
          chequers_serial_rivers_small_a, serial_bayou_shore_a
Swamp:1:  cheibrodos_swamp_monstrosity, layout_basic_swamp,
          evilmike_swamp_ruin_wall
Swamp:2:  layout_falls_marsh, nicolae_swamp_small_spring, swamp_pool4,
          uniq_frances
Swamp:3:  layout_basic_swamp, hangedman_swamp_ruin_hall,
          infiniplex_staircase_pool_2
Swamp:4:  swamp_old_school, layout_basic_swamp, swamp_pool1,
          infiniplex_staircase_pool, uniq_kirke, uniq_mara
Spider:1: layout_chambers, nicolae_spider_nooks_and_crannies
Spider:2: layout_chambers, nicolae_spider_twisty_arc_passages
Spider:3: layout_spider_delve, hangedman_spider_tarantella_strand
Spider:4: spider_rune_water, portal_ice_cave_entry_dragon, drop_trap,
          nicolae_spider_circle_web, nicolae_spider_paper_wasps, uniq_louise
Slime:1:  layout_caves
Slime:2:  layout_caves
Slime:3:  layout_caves
Slime:4:  layout_caves, nicolae_slime_getting_an_eyeful
Slime:5:  slime_pit
Orc:1:    layout_caves, gammafunk_ghost_berserking_beasts, abandoned_shop,
          uniq_josephine
Orc:2:    grunt_orc_tribal_feast, layout_caves, elves_outpost_lemuel,
          uniq_snorg, uniq_sonja, uniq_urug
Elf:1:    nicolae_elf_arrival_aired_out, layout_loops_corners, serial_shops,
          shop, minivault_28, minmay_shop_grid_forest
Elf:2:    nicolae_elf_blades_crystal_corner, layout_loops_ring, uniq_aizul
Elf:3:    minmay_elf_hall_x, layout_geoelf_octagon, serial_shops, shop,
          serial_sigils, serial_sigils_hangedman_clutch,
          serial_sigils_hangedman_etch, serial_sigils_hangedman_scratch,
          serial_sigils_hangedman_shear, serial_sigils_hangedman_shear
Vaults:1: nicolae_vaults_trapezoid_1, ontoclasm_vaults_chip,
          grunt_vaults_funnel, nicolae_vaults_trapezoid_lopsided_3,
          nicolae_vaults_spaceships, hangedman_vaults_corner,
          nicolae_vaults_wrenched, nicolae_vaults_storage_room_water,
          v_pattern_2, nicolae_vaults_house_2,
          nicolae_vaults_shipping_containers_2, hangedman_vaults_corner_blocks,
          nicolae_vaults_oval_intersection, nicolae_vaults_layer_cake_slice,
          layout_vaults_maze, serial_shops, nicolae_shop_advertising_works
          [nicolae_subvault_shop_adworks], uniq_norris
Vaults:2: mu_enter_wizlab_5, hangedman_vaults_trim,
          nicolae_vaults_little_squares_1, nicolae_vaults_trapezoid_2,
          nicolae_vaults_frosty_reception, vaults_room_ringed_pool,
          vaults_room_door_hall, nicolae_vaults_twisting_passages,
          nicolae_vaults_closet_pinwheel_4, nicolae_vaults_wine_cellar,
          nicolae_vaults_house_1, minmay_crypt_entry_nasty_monster,
          vaults_dpeg_encased_lava, layout_vaults_omnibox, serial_shops,
          nicolae_lakefront_shop
Vaults:3: nicolae_vaults_yaktaur_gun_rack, hangedman_vaults_trim,
          hangedman_vaults_stretched_pinwheel, hangedman_vaults_snaps,
          nicolae_vaults_rhombus_6, vaults_room_fours, vaults_room_door_ring,
          nicolae_vaults_display_case, nicolae_vaults_sealed_display,
          vaults_mumra_hex, nicolae_vaults_little_squares_3,
          nicolae_vaults_little_squares_4, layout_vaults_ring, serial_shops,
          shop, shop
Vaults:4: nicolae_vaults_shipping_containers_7, nicolae_vaults_trapezoid_1,
          nicolae_vaults_offset_grid_hallway_3, hangedman_vaults_stagger,
          nicolae_vaults_arrows, serial_ice_m, v_misc_3, v_pattern_4,
          layout_vaults_omnigrid, serial_shops, shop, uniq_jory, uniq_frederick
Vaults:5: serial_shops
Crypt:1:  gammafunk_dig_for_victory, layout_basic, uniq_xtahua
Crypt:2:  layout_catacombs, st_stairs_12, uniq_khufu, uniq_margery, uniq_vv
Crypt:3:  quadcrypt_mu
Depths:1: cheibrodos_tormentor_scu, layout_long_grid, good_gods_mini_temple,
          hellmouth_1, hallowed_hall
Depths:2: minmay_outward_triangles, layout_basic, enter_ziggurat_c, pan_entry,
          lemuel_tele_altar, hangedman_geh_valley,
          chequers_serial_rivers_micro_c, minmay_shop_star,
          serial_bayou_shore_b, uniq_bai_suzhen
Depths:3: grunt_forest_end_winery, layout_cave_shapes, nrook_campfire,
          abyss_entry, hell_entry, grunt_pan_entry_spiral, minmay_shop_grove
Depths:4: evilmike_zot_entry_round, layout_honeycomb, pan_entry,
          grunt_mini_vestibule
Hell
Dis:1:    layout_regular_city, minmay_strange_pillars
Dis:2:    layout_regular_city
Dis:3:    layout_subdivisions
Dis:4:    layout_regular_city
Dis:5:    layout_regular_city
Dis:6:    nicolae_dis_circle_tower, layout_gridville
Dis:7:    dis_hangedman
Geh:1:    layout_gehenna_lava_caves
Geh:2:    layout_gehenna_pools_triple
Geh:3:    layout_gehenna_pools_box
Geh:6:    layout_gehenna_pools_basic
Geh:7:    geh_grunt
Coc:1:    layout_cocytus_delve
Coc:2:    layout_ice_bergs
Zot:1:    kennysheep_ambush_hall, layout_onion_interference,
          regret_index_zotdec_iron_s, uniq_parghit
Zot:2:    layout_onion_interference, grunt_ministairs_4,
          regret_index_zotdec_silver_v_v_loose, bh_zot_levy_curve
Zot:3:    hellmonk_paralyzer, layout_misc_corridors
Zot:4:    lemuel_draconian_sentries_small, layout_misc_corridors,
          regret_index_zotdec_misc_clamp, grunt_ministairs_4,
          st_large_dragon_hoard_4
Zot:5:    layout_cathedral_of_symmetry

Skill      XL: |  1  2  3  4  5  6  7  8  9 10 11 12 13 14 15 16 17 18 19 20 21 22 23 24 25 26 27 |
---------------+----------------------------------------------------------------------------------+-----
Transmutations | 1 27 | 27.0
Earth Magic    | 3 4 5 7 8 10 11 12 14 15 16 19 20 21 24 26 27 | 27.0
Spellcasting   | 3 4 6 8 10 15 18 27 | 27.0
Fighting       | 1 2 3 8 12 14 17 18 21 24 27 | 27.0
Conjurations   | 2 4 5 6 8 10 11 12 14 15 18 20 27 | 27.0
Invocations    | 5 6 12 27 | 27.0
Evocations     | 3 4 7 8 27 | 27.0
Shields        | 4 10 12 13 15 27 | 27.0
Shapeshifting  | 27 | 27.0
Fire Magic     | 27 | 27.0
Dodging        | 27 | 27.0
Translocations | 27 | 27.0
Air Magic      | 27 | 27.0
Armour         | 27 | 27.0
Throwing       | 27 | 27.0
Stealth        | 27 | 27.0
Necromancy     | 27 | 27.0
Poison Magic   | 27 | 27.0
Short Blades   | 27 | 27.0
Ice Magic      | 27 | 27.0
Maces & Flails | 27 | 27.0
Polearms       | 27 | 27.0
Staves         | 27 | 27.0
Unarmed Combat | 27 | 27.0
Long Blades    | 27 | 27.0
Axes           | 27 | 27.0
Hexes          | 27 | 27.0
Summonings     | 27 | 27.0
Ranged Weapons | 27 | 27.0

Action                     |  1- 3 |  4- 6 |  7- 9 | 10-12 | 13-15 | 16-18 | 19-21 | 22-24 | 25-27 || total
---------------------------+-------+-------+-------+-------+-------+-------+-------+-------+-------++-------
  Melee: Whip              |     5 |       |     1 |       |       |       |       |       |       ||     6
         Staff             |       |       |     3 |     3 |       |    35 |       |    31 |   807 ||   879
         Hand axe          |       |       |       |       |    21 |       |       |       |       ||    21
         Mace              |       |       |       |       |       |     8 |    16 |    23 |       ||    47
         Kick              |       |       |       |       |       |     1 |     9 |    19 |    83 ||   112
         Headbutt          |       |       |       |       |       |       |       |       |    87 ||    87
         Pseudopods        |       |       |       |       |       |       |       |       |    63 ||    63
         Bite              |       |       |       |       |       |       |       |       |     2 ||     2
  Throw: Dart              |       |       |       |     3 |     2 |     1 |       |       |       ||     6
   Cast: Sandblast         |    57 |    64 |     6 |       |       |       |       |       |       ||   127
         Stone Arrow       |       |    15 |   160 |   317 |   893 |  1162 |   585 |    15 |       ||  3147
         Brom's Barrelling |       |       |     5 |     7 |    20 |       |    19 |       |       ||    51
         Flame Wave        |       |       |       |       |     1 |       |       |       |       ||     1
         Orb of Destructio |       |       |       |       |       |       |   480 |   582 |   240 ||  1302
         Passwall          |       |       |       |       |       |       |     2 |       |       ||     2
         Apportation       |       |       |       |       |       |       |       |     8 |     3 ||    11
         Bombard           |       |       |       |       |       |       |       |   316 |   270 ||   586
         Shatter           |       |       |       |       |       |       |       |       |  1340 ||  1340
         Chain Lightning   |       |       |       |       |       |       |       |       |  4954 ||  4954
         Sublimation of Bl |       |       |       |       |       |       |       |       |  1428 ||  1428
         Fire Storm        |       |       |       |       |       |       |       |       |   369 ||   369
         Ignition          |       |       |       |       |       |       |       |       |   218 ||   218
         Vhi's Electric Ch |       |       |       |       |       |       |       |       |   198 ||   198
         Death's Door      |       |       |       |       |       |       |       |       |     1 ||     1
         Blink             |       |       |       |       |       |       |       |       |     1 ||     1
 Invoke: Heal Other        |       |       |       |    12 |     7 |    88 |    30 |    13 |     5 ||   155
         Divine Vigour     |       |       |       |       |     5 |       |       |     4 |     1 ||    10
         Heal Self         |       |       |       |       |     1 |     1 |       |     3 |     2 ||     7
         Purification      |       |       |       |       |       |     3 |       |     1 |     3 ||     7
         Potion Petition   |       |       |       |       |       |       |       |       |   314 ||   314
         Donate Gold       |       |       |       |       |       |       |       |       |     1 ||     1
Ability: Evoke the Staff o |       |       |       |    10 |     1 |     1 |       |       |       ||    12
         Evoke Blink       |       |       |       |       |    48 |       |    20 |    30 |     4 ||   102
         Begin Untransform |       |       |       |       |       |       |       |       |     1 ||     1
  Evoke: Wand              |       |     1 |       |     4 |    12 |    27 |    33 |    30 |    21 ||   128
         Sack of spiders   |       |       |       |       |     2 |     1 |     2 |     2 |     1 ||     8
         Lightning rod     |       |       |       |       |       |       |       |       |    11 ||    11
         Tin of tremorston |       |       |       |       |       |       |       |       |    11 ||    11
         Figurine of a zig |       |       |       |       |       |       |       |       |     6 ||     6
    Use: Scroll            |       |       |    10 |     7 |    25 |    18 |    15 |    14 |    73 ||   162
         Potion            |       |       |       |       |       |    10 |     2 |    11 |   141 ||   164
   Stab: Paralysed         |       |       |       |       |       |       |       |     6 |       ||     6
         Invisible         |       |       |       |       |       |       |       |       |     6 ||     6
         Confused          |       |       |       |       |       |       |       |       |     5 ||     5
         Distracted        |       |       |       |       |       |       |       |       |     4 ||     4
 Armour: Robe              |     9 |    45 |    88 |    53 |       |       |       |       |       ||   195
         Acid dragon scale |       |       |       |    88 |   275 |   829 |   358 |   250 |  1727 ||  3527
         Troll leather arm |       |       |       |       |       |       |   289 |   151 |       ||   440
         Gold dragon scale |       |       |       |       |       |       |       |       |  1459 ||  1459
         Skin              |       |       |       |       |       |       |       |       |   146 ||   146
  Dodge: Dodged            |    17 |    28 |    57 |    64 |    56 |   153 |   119 |    78 |   796 ||  1368
  Block: Tower shield      |       |       |       |    22 |   294 |   940 |   770 |   468 |  2278 ||  4772
   Form: Death             |       |       |       |       |       |       |       |       |     5 ||     5
                           |       |       |       |       |       |       |       |       |     4 ||     4
         Statue            |       |       |       |       |       |       |       |       |     1 ||     1

Table legend: (Time is in decaauts)
 A = Elapsed time spent in this place.
 B = Non-inter-level travel time spent in this place.
 C = Inter-level travel time spent in this place.
 D = Time resting spent in this place.
 E = Time spent auto-exploring this place.
 F = Levels seen in this place.
 G = Mean time per level.
                   A        B        C        D        E       F      G
               +--------+--------+--------+--------+--------+-----+--------+
         Total | 290408 | 275475 |  14933 |  64067 | 148415 | 387 |  750.4 |
       Dungeon |  33690 |  27571 |   6119 |  10810 |  11553 |  15 | 2246.0 |
        Temple |   1355 |   1110 |    245 |   1091 |      0 |   1 | 1355.0 |
          Lair |  12655 |  11400 |   1255 |   3029 |   5960 |   5 | 2531.0 |
         Swamp |  11511 |  11106 |    405 |   6415 |   3119 |   4 | 2877.8 |
   Spider Nest |  13740 |  13310 |    430 |   5605 |   5839 |   4 | 3435.0 |
    Slime Pits |   2343 |   2185 |    158 |    940 |    893 |   5 |  468.6 |
  Orcish Mines |   5479 |   5146 |    333 |   2271 |   1795 |   2 | 2739.5 |
   Elven Halls |   8938 |   8455 |    483 |   3952 |   2843 |   3 | 2979.3 |
        Vaults |  19025 |  17248 |   1777 |   4257 |   7172 |   5 | 3805.0 |
         Crypt |   6792 |   6655 |    137 |   2447 |   3308 |   3 | 2264.0 |
        Depths |  14888 |  12372 |   2516 |   3921 |   5760 |   4 | 3722.0 |
          Hell |   1300 |   1140 |    160 |    236 |    740 |   1 | 1300.0 |
           Dis |   5313 |   5268 |     45 |   2574 |   1828 |   7 |  759.0 |
       Gehenna |   4074 |   3944 |    130 |   1715 |   1551 |   5 |  814.8 |
       Cocytus |    242 |    242 |      0 |    185 |      4 |   2 |  121.0 |
           Zot |  10328 |   9595 |    733 |   4005 |   3018 |   5 | 2065.6 |
         Abyss |   4419 |   4419 |      0 |    367 |     32 |  12 |  368.2 |
   Pandemonium |  74704 |  74704 |      0 |   5975 |  52373 | 113 |  661.1 |
      Ziggurat |  57457 |  57457 |      0 |   3479 |  40181 | 189 |  304.0 |
        Wizlab |   1291 |   1291 |      0 |    373 |    346 |   1 | 1291.0 |
      Gauntlet |    855 |    855 |      0 |    416 |     99 |   1 |  855.0 |
               +--------+--------+--------+--------+--------+-----+--------+

Top non-repeatable levels by time:
  Zig:25: 4968 daAuts
Depths:4: 4633 daAuts
Vaults:1: 4524 daAuts
Vaults:2: 4483 daAuts
  Zig:26: 4398 daAuts
Depths:2: 4133 daAuts
Vaults:5: 4025 daAuts
Spider:3: 4007 daAuts
 Swamp:3: 3781 daAuts
   Dis:7: 3728 daAuts
  Lair:2: 3697 daAuts
Spider:2: 3666 daAuts
    D:13: 3595 daAuts
  Zig:23: 3556 daAuts
Vaults:4: 3547 daAuts
